Workbook
Name \s: 'ADM-COMP'!#REF!
Name \s: 'CLI-COMP'!#REF!
Name \s: 'EST-COMP'!#REF!
Name \s: 'GAS-COMP'!#REF!
Name \s: 'HID-COMP'!#REF!
Name \s: 'IMPER-COMP'!#REF!
Name \s: 'IMPL-COMP'!#REF!
Name \s: 'INC-COMP'!#REF!
Name \s: 'SCE-COMP'!#REF!
Name \s: 'SEG-COMP'!#REF!
Name \s: 'SPDA-COMP'!#REF!
Name \s: #REF!
Name \t: 'ADM-COMP'!#REF!
Name \t: 'CLI-COMP'!#REF!
Name \t: 'EST-COMP'!#REF!
Name \t: 'GAS-COMP'!#REF!
Name \t: 'HID-COMP'!#REF!
Name \t: 'IMPER-COMP'!#REF!
Name \t: 'IMPL-COMP'!#REF!
Name \t: 'INC-COMP'!#REF!
Name \t: 'SCE-COMP'!#REF!
Name \t: 'SEG-COMP'!#REF!
Name \t: 'SPDA-COMP'!#REF!
Name \t: #REF!
Name __6Excel_BuiltIn_Print_Area_3_1_1_1_1_1: 'ADM-COMP'!#REF!
Name __6Excel_BuiltIn_Print_Area_3_1_1_1_1_1: 'CLI-COMP'!#REF!
Name __6Excel_BuiltIn_Print_Area_3_1_1_1_1_1: 'EST-COMP'!#REF!
Name __6Excel_BuiltIn_Print_Area_3_1_1_1_1_1: 'GAS-COMP'!#REF!
Name __6Excel_BuiltIn_Print_Area_3_1_1_1_1_1: 'HID-COMP'!#REF!
Name __6Excel_BuiltIn_Print_Area_3_1_1_1_1_1: 'IMPER-COMP'!#REF!
Name __6Excel_BuiltIn_Print_Area_3_1_1_1_1_1: 'IMPL-COMP'!#REF!
Name __6Excel_BuiltIn_Print_Area_3_1_1_1_1_1: 'INC-COMP'!#REF!
Name __6Excel_BuiltIn_Print_Area_3_1_1_1_1_1: 'SCE-COMP'!#REF!
Name __6Excel_BuiltIn_Print_Area_3_1_1_1_1_1: 'SEG-COMP'!#REF!
Name __6Excel_BuiltIn_Print_Area_3_1_1_1_1_1: 'SPDA-COMP'!#REF!
Name __6Excel_BuiltIn_Print_Area_3_1_1_1_1_1: #REF!
Name _10Excel_BuiltIn_Print_Area_5_1: 'ADM-COMP'!#REF!
Name _10Excel_BuiltIn_Print_Area_5_1: 'CLI-COMP'!#REF!
Name _10Excel_BuiltIn_Print_Area_5_1: 'EST-COMP'!#REF!
Name _10Excel_BuiltIn_Print_Area_5_1: 'GAS-COMP'!#REF!
Name _10Excel_BuiltIn_Print_Area_5_1: 'HID-COMP'!#REF!
Name _10Excel_BuiltIn_Print_Area_5_1: 'IMPER-COMP'!#REF!
Name _10Excel_BuiltIn_Print_Area_5_1: 'IMPL-COMP'!#REF!
Name _10Excel_BuiltIn_Print_Area_5_1: 'INC-COMP'!#REF!
Name _10Excel_BuiltIn_Print_Area_5_1: 'SCE-COMP'!#REF!
Name _10Excel_BuiltIn_Print_Area_5_1: 'SEG-COMP'!#REF!
Name _10Excel_BuiltIn_Print_Area_5_1: 'SPDA-COMP'!#REF!
Name _10Excel_BuiltIn_Print_Area_5_1: #REF!
Name _10Excel_BuiltIn_Print_Area_7_1: 'ADM-COMP'!#REF!
Name _10Excel_BuiltIn_Print_Area_7_1: 'CLI-COMP'!#REF!
Name _10Excel_BuiltIn_Print_Area_7_1: 'EST-COMP'!#REF!
Name _10Excel_BuiltIn_Print_Area_7_1: 'GAS-COMP'!#REF!
Name _10Excel_BuiltIn_Print_Area_7_1: 'HID-COMP'!#REF!
Name _10Excel_BuiltIn_Print_Area_7_1: 'IMPER-COMP'!#REF!
Name _10Excel_BuiltIn_Print_Area_7_1: 'IMPL-COMP'!#REF!
Name _10Excel_BuiltIn_Print_Area_7_1: 'INC-COMP'!#REF!
Name _10Excel_BuiltIn_Print_Area_7_1: 'SCE-COMP'!#REF!
Name _10Excel_BuiltIn_Print_Area_7_1: 'SEG-COMP'!#REF!
Name _10Excel_BuiltIn_Print_Area_7_1: 'SPDA-COMP'!#REF!
Name _10Excel_BuiltIn_Print_Area_7_1: #REF!

Sheet RESUMO
B1: RESUMO
B3: CONSTRUÇÃO CÂMARA MUNICIPAL DE CARIACICA | D3: LS: 116,15%
D4: BDI: 31,01% - Serviços DATA BASE: mai/2025 | H4: =D7+D8+D9+D10 -> 5735663.7
B5: RESUMO DO ORÇAMENTO
B6: ITEM | C6: SERVIÇO | D6: TOTAL | E6: %
B7: 01 | C7: =UPPER(VLOOKUP($B7,GLOBAL!A:H,4,0)) -> SERVIÇOS PRELIMINARES | D7: =K7 -> 752352.15 | E7: =D7/$D$25 -> 0.043989721 | G7: SUBTOTAL 01 | K7: =GLOBAL!H44 -> 752352.15 | L7: =D7-K7 -> 0
B8: 02 | C8: =UPPER(VLOOKUP($B8,GLOBAL!A:H,4,0)) -> MOVIMENTO DE TERRA | D8: =K8 -> 423072.55 | E8: =D8/$D$25 -> 0.024736878 | G8: SUBTOTAL 02 | K8: =GLOBAL!H57 -> 423072.55 | L8: =D8-K8 -> 0
A9: 2 | B9: 03 | C9: =UPPER(VLOOKUP($B9,GLOBAL!A:H,4,0)) -> ESTRUTURAS | D9: =K9 -> 3617688.8 | E9: =D9/$D$25 -> 0.21152478 | G9: SUBTOTAL 03 | K9: =GLOBAL!H80 -> 3617688.8 | L9: =D9-K9 -> 0
B10: 04 | C10: =UPPER(VLOOKUP($B10,GLOBAL!A:H,4,0)) -> PAREDES E PAINÉIS | D10: =K10 -> 942550.15 | E10: =D10/$D$25 -> 0.05511052 | G10: SUBTOTAL 04 | K10: =GLOBAL!H91 -> 942550.15 | L10: =D10-K10 -> 0
B11: 05 | C11: =UPPER(VLOOKUP($B11,GLOBAL!A:H,4,0)) -> ESQUADRIAS | D11: =K11 -> 2131051.9 | E11: =D11/$D$25 -> 0.12460173 | G11: SUBTOTAL 05 | K11: =GLOBAL!H109 -> 2131051.9 | L11: =D11-K11 -> 0
B12: 06 | C12: =UPPER(VLOOKUP($B12,GLOBAL!A:H,4,0)) -> COBERTURA | D12: =K12 -> 735515.09 | E12: =D12/$D$25 -> 0.043005265 | G12: SUBTOTAL 06 | K12: =GLOBAL!H123 -> 735515.09 | L12: =D12-K12 -> 0
A13: 2 | B13: 07 | C13: =UPPER(VLOOKUP($B13,GLOBAL!A:H,4,0)) -> IMPERMEABILIZAÇÃO | D13: =K13 -> 49810.73 | E13: =D13/$D$25 -> 0.0029124129 | G13: SUBTOTAL 07 | K13: =GLOBAL!H129 -> 49810.73 | L13: =D13-K13 -> 0
B14: 08 | C14: =UPPER(VLOOKUP($B14,GLOBAL!A:H,4,0)) -> TETOS E FORROS | D14: =K14 -> 284878.05 | E14: =D14/$D$25 -> 0.016656703 | G14: SUBTOTAL 08 | K14: =GLOBAL!H134 -> 284878.05 | L14: =D14-K14 -> 0
B15: 09 | C15: =UPPER(VLOOKUP($B15,GLOBAL!A:H,4,0)) -> REVESTIMENTOS DE PAREDE | D15: =K15 -> 638743.24 | E15: =D15/$D$25 -> 0.037347055 | G15: SUBTOTAL 09 | K15: =GLOBAL!H144 -> 638743.24 | L15: =D15-K15 -> 0
B16: 10 | C16: =UPPER(VLOOKUP($B16,GLOBAL!A:H,4,0)) -> PISOS INTERNOS E EXTERNOS | D16: =K16 -> 877584.21 | E16: =D16/$D$25 -> 0.051311988 | G16: SUBTOTAL 10 | K16: =GLOBAL!H156 -> 877584.21 | L16: =D16-K16 -> 0
A17: 2 | B17: 11 | C17: =UPPER(VLOOKUP($B17,GLOBAL!A:H,4,0)) -> INSTALAÇÕES HIDROSSANITÁRIAS | D17: =K17 -> 602791.09 | E17: =D17/$D$25 -> 0.035244948 | G17: SUBTOTAL 11 | K17: =GLOBAL!H208 -> 602791.09 | L17: =D17-K17 -> 0
B18: 12 | C18: =UPPER(VLOOKUP($B18,GLOBAL!A:H,4,0)) -> INSTALAÇÕES ELÉTRICAS | D18: =K18 -> 2317824.5 | E18: =D18/$D$25 -> 0.13552225 | G18: SUBTOTAL 12 | K18: =GLOBAL!H277 -> 2317824.5 | L18: =D18-K18 -> 0
B19: 13 | C19: =UPPER(VLOOKUP($B19,GLOBAL!A:H,4,0)) -> OUTRAS INSTALAÇÕES | D19: =K19 -> 787987.22 | E19: =D19/$D$25 -> 0.046073289 | G19: SUBTOTAL 13 | K19: =GLOBAL!H351 -> 787987.22 | L19: =D19-K19 -> 0
B20: 14 | C20: =UPPER(VLOOKUP($B20,GLOBAL!A:H,4,0)) -> APARELHOS HIDRO-SANITÁRIOS | D20: =K20 -> 395284.72 | E20: =D20/$D$25 -> 0.023112135 | G20: SUBTOTAL 14 | K20: =GLOBAL!H378 -> 395284.72 | L20: =D20-K20 -> 0
A21: 2 | B21: 15 | C21: =UPPER(VLOOKUP($B21,GLOBAL!A:H,4,0)) -> APARELHOS ELÉTRICOS | D21: =K21 -> 143955.66 | E21: =D21/$D$25 -> 0.0084170283 | G21: SUBTOTAL 15 | K21: =GLOBAL!H386 -> 143955.66 | L21: =D21-K21 -> 0
B22: 16 | C22: =UPPER(VLOOKUP($B22,GLOBAL!A:H,4,0)) -> PINTURA | D22: =K22 -> 378968.24 | E22: =D22/$D$25 -> 0.022158117 | G22: SUBTOTAL 16 | K22: =GLOBAL!H405 -> 378968.24 | L22: =D22-K22 -> 0
B23: 17 | C23: =UPPER(VLOOKUP($B23,GLOBAL!A:H,4,0)) -> SERVIÇOS COMPLEMENTARES EXTERNOS | D23: =K23 -> 1731020.7 | E23: =D23/$D$25 -> 0.10121207 | G23: SUBTOTAL 17 | K23: =GLOBAL!H431 -> 1731020.7 | L23: =D23-K23 -> 0
B24: 18 | C24: =UPPER(VLOOKUP($B24,GLOBAL!A:H,4,0)) -> REVESTIMENTO EXTERNO | D24: =K24 -> 291828.89 | E24: =D24/$D$25 -> 0.017063115 | G24: SUBTOTAL 18 | K24: =GLOBAL!H439 -> 291828.89 | L24: =D24-K24 -> 0
B25: TOTAL GERAL | D25: =SUM(D7:D24) -> 17102908 | E25: =SUM(E7:E24) -> 1
K26: =SUM(K7:K25) -> 17102908
D28: 901787.27 | E28: =D28-D25 -> -16201121 | G28: =D25*0.05 -> 855145.39
D29: 465 | G29: =G28/8 -> 106893.17 | I29: =D25*0.04 -> 684116.31
D30: =D25/D29 -> 36780.447 | K30: =D25/K26 -> 1
D32: 3500
D33: =D30/D32 -> 10.508699
D34: 910330.37 | E34: =D25-D34 -> 16192577
H38: =D8+D7 -> 1175424.7
D39: 261443.53

Sheet GLOBAL
M1: BDI DIF
G2: LS: 116,15% | K2: 0.3325 | M2: 0.1557
G3: BDI: 33,25% - Serviços DATA BASE: IOPES JUN2023
A4: PLANILHA ORÇAMENTÁRIA | K4: 0.3101 | M4: 0.1557
A5: ITEM | B5: FONTE DE REFERÊNCIA | C5: CÓDIGO | D5: DESCRIÇÃO DOS SERVIÇOS | E5: UNID. | F5: QUANT. | G5: PREÇO UNIT (R$) - C/ BDI | H5: PREÇO TOTAL (R$) | I5: %
A6: 01 | D6: SERVIÇOS PRELIMINARES
A7: 01.01 | D7: LIMPEZA DO TERRENO
A8: 01.01.01 | B8: IOPES | C8: =10401 -> 10401 | D8: =IF(B8="IOPES",VLOOKUP(C8,'LABOR-SERVIÇOS'!A:H,5,FALSE),IF(B8="SINAPI",VLOOKUP(C8,'SINAPI-SERVIÇOS'!A:D,2,FALSE),IF(LEFT(C8,3)="ARQ",VLOOKUP(VALUE(RIGHT(C8,3)),'ARQ-COMP'!B:J,4,FALSE),IF(LEFT(C8,3)="SCI",VLOOKUP(VALUE(RIGHT(C8,3)),'GAS-COMP'!#REF!,4,FALSE),IF(LEFT(C8,3)="SCE",VLOOKUP(VALUE(RIGHT(C8,3)),'SCE-COMP'!B:J,4,FALSE),IF(LEFT(C8,3)="EST",VLOOKUP(VALUE(RIGHT(C8,3)),'EST-COMP'!B:J,4,FALSE),IF(LEFT(C8,3)="HID",VLOOKUP(VALUE(RIGHT(C8,3)),'HID-COMP'!B:J,4,FALSE),IF(LEFT(C8,3)="INC",VLOOKUP(VALUE(RIGHT(C8,3)),'INC-COMP'!B:J,4,FALSE),IF(LEFT(C8,3)="ELE",VLOOKUP(VALUE(RIGHT(C8,3)),#REF!,4,FALSE),IF(LEFT(C8,3)="CAB",VLOOKUP(VALUE(RIGHT(C8,3)),#REF!,4,FALSE),IF(LEFT(C8,3)="SEG",VLOOKUP(VALUE(RIGHT(C8,3)),'SEG-COMP'!B:J,4,FALSE),IF(LEFT(C8,3)="CLI",VLOOKUP(VALUE(RIGHT(C8,3)),'CLI-COMP'!B:J,4,FALSE),IF(LEFT(C8,4)="IMPL",VLOOKUP(VALUE(RIGHT(C8,3)),'IMPL-COMP'!B:J,4,FALSE),IF(LEFT(C8,4)="SPDA",VLOOKUP(VALUE(RIGHT(C8,3)),'SPDA-COMP'!B:J,4,FALSE),IF(LEFT(C8,4)="SDAI",VLOOKUP(VALUE(RIGHT(C8,3)),'ADM-COMP'!B:J,4,FALSE),IF(LEFT(C8,5)="IMPER",VLOOKUP(VALUE(RIGHT(C8,3)),'IMPER-COMP'!B:J,4,FALSE),"")))))))))))))))) -> CORTE DE CAPOEIRA FINA, A FOICE (MANUAL) | E8: =IF(B8="IOPES",VLOOKUP(C8,'LABOR-SERVIÇOS'!A:H,6,FALSE),IF(B8="SINAPI",VLOOKUP(C8,'SINAPI-SERVIÇOS'!A:D,3,FALSE),IF(LEFT(C8,3)="ARQ",VLOOKUP(VALUE(RIGHT(C8,3)),'ARQ-COMP'!B:J,5,FALSE),IF(LEFT(C8,3)="SCI",VLOOKUP(VALUE(RIGHT(C8,3)),'GAS-COMP'!#REF!,5,FALSE),IF(LEFT(C8,3)="SCE",VLOOKUP(VALUE(RIGHT(C8,3)),'SCE-COMP'!B:J,5,FALSE),IF(LEFT(C8,3)="EST",VLOOKUP(VALUE(RIGHT(C8,3)),'EST-COMP'!B:J,5,FALSE),IF(LEFT(C8,3)="HID",VLOOKUP(VALUE(RIGHT(C8,3)),'HID-COMP'!B:J,5,FALSE),IF(LEFT(C8,3)="INC",VLOOKUP(VALUE(RIGHT(C8,3)),'INC-COMP'!B:J,5,FALSE),IF(LEFT(C8,3)="ELE",VLOOKUP(VALUE(RIGHT(C8,3)),#REF!,5,FALSE),IF(LEFT(C8,3)="CAB",VLOOKUP(VALUE(RIGHT(C8,3)),#REF!,5,FALSE),IF(LEFT(C8,3)="SEG",VLOOKUP(VALUE(RIGHT(C8,3)),'SEG-COMP'!B:J,5,FALSE),IF(LEFT(C8,3)="CLI",VLOOKUP(VALUE(RIGHT(C8,3)),'CLI-COMP'!B:J,5,FALSE),IF(LEFT(C8,4)="IMPL",VLOOKUP(VALUE(RIGHT(C8,3)),'IMPL-COMP'!B:J,5,FALSE),IF(LEFT(C8,4)="SPDA",VLOOKUP(VALUE(RIGHT(C8,3)),'SPDA-COMP'!B:J,5,FALSE),IF(LEFT(C8,4)="SDAI",VLOOKUP(VALUE(RIGHT(C8,3)),'ADM-COMP'!B:J,5,FALSE),IF(LEFT(C8,5)="IMPER",VLOOKUP(VALUE(RIGHT(C8,3)),'IMPER-COMP'!B:J,5,FALSE),"")))))))))))))))) -> M2 | F8: =ROUND(VLOOKUP(A8,'MEM-LEVANT'!A6:I2475,9,FALSE),2) -> 5355.9 | G8: =IF(B8="IOPES",VLOOKUP(C8,'LABOR-SERVIÇOS'!A:H,7,FALSE),IF(B8="SINAPI",VLOOKUP(C8,'SINAPI-SERVIÇOS'!A:H,8,FALSE),IF(LEFT(C8,3)="ARQ",VLOOKUP(VALUE(RIGHT(C8,3)),'ARQ-COMP'!B:J,9,FALSE),IF(LEFT(C8,3)="SCI",VLOOKUP(VALUE(RIGHT(C8,3)),'GAS-COMP'!#REF!,9,FALSE),IF(LEFT(C8,3)="SCE",VLOOKUP(VALUE(RIGHT(C8,3)),'SCE-COMP'!B:J,9,FALSE),IF(LEFT(C8,3)="EST",VLOOKUP(VALUE(RIGHT(C8,3)),'EST-COMP'!B:J,9,FALSE),IF(LEFT(C8,3)="HID",VLOOKUP(VALUE(RIGHT(C8,3)),'HID-COMP'!B:J,9,FALSE),IF(LEFT(C8,3)="INC",VLOOKUP(VALUE(RIGHT(C8,3)),'INC-COMP'!B:J,9,FALSE),IF(LEFT(C8,3)="ELE",VLOOKUP(VALUE(RIGHT(C8,3)),#REF!,9,FALSE),IF(LEFT(C8,3)="CAB",VLOOKUP(VALUE(RIGHT(C8,3)),#REF!,9,FALSE),IF(LEFT(C8,3)="SEG",VLOOKUP(VALUE(RIGHT(C8,3)),'SEG-COMP'!B:J,9,FALSE),IF(LEFT(C8,3)="CLI",VLOOKUP(VALUE(RIGHT(C8,3)),'CLI-COMP'!B:J,9,FALSE),IF(LEFT(C8,4)="IMPL",VLOOKUP(VALUE(RIGHT(C8,3)),'IMPL-COMP'!B:J,9,FALSE),IF(LEFT(C8,4)="SPDA",VLOOKUP(VALUE(RIGHT(C8,3)),'SPDA-COMP'!B:J,9,FALSE),IF(LEFT(C8,4)="SDAI",VLOOKUP(VALUE(RIGHT(C8,3)),'ADM-COMP'!B:J,9,FALSE),IF(LEFT(C8,5)="IMPER",VLOOKUP(VALUE(RIGHT(C8,3)),'IMPER-COMP'!B:J,9,FALSE),"")))))))))))))))) -> 2.03 | H8: =ROUND(F8*G8,2) -> 10872.48 | I8: =H8/$H$441 -> 0.00063570944
A9: 01.01.02 | B9: IOPES | C9: =10403 -> 10403 | D9: =IF(B9="IOPES",VLOOKUP(C9,'LABOR-SERVIÇOS'!A:H,5,FALSE),IF(B9="SINAPI",VLOOKUP(C9,'SINAPI-SERVIÇOS'!A:D,2,FALSE),IF(LEFT(C9,3)="ARQ",VLOOKUP(VALUE(RIGHT(C9,3)),'ARQ-COMP'!B:J,4,FALSE),IF(LEFT(C9,3)="SCI",VLOOKUP(VALUE(RIGHT(C9,3)),'GAS-COMP'!#REF!,4,FALSE),IF(LEFT(C9,3)="SCE",VLOOKUP(VALUE(RIGHT(C9,3)),'SCE-COMP'!B:J,4,FALSE),IF(LEFT(C9,3)="EST",VLOOKUP(VALUE(RIGHT(C9,3)),'EST-COMP'!B:J,4,FALSE),IF(LEFT(C9,3)="HID",VLOOKUP(VALUE(RIGHT(C9,3)),'HID-COMP'!B:J,4,FALSE),IF(LEFT(C9,3)="INC",VLOOKUP(VALUE(RIGHT(C9,3)),'INC-COMP'!B:J,4,FALSE),IF(LEFT(C9,3)="ELE",VLOOKUP(VALUE(RIGHT(C9,3)),#REF!,4,FALSE),IF(LEFT(C9,3)="CAB",VLOOKUP(VALUE(RIGHT(C9,3)),#REF!,4,FALSE),IF(LEFT(C9,3)="SEG",VLOOKUP(VALUE(RIGHT(C9,3)),'SEG-COMP'!B:J,4,FALSE),IF(LEFT(C9,3)="CLI",VLOOKUP(VALUE(RIGHT(C9,3)),'CLI-COMP'!B:J,4,FALSE),IF(LEFT(C9,4)="IMPL",VLOOKUP(VALUE(RIGHT(C9,3)),'IMPL-COMP'!B:J,4,FALSE),IF(LEFT(C9,4)="SPDA",VLOOKUP(VALUE(RIGHT(C9,3)),'SPDA-COMP'!B:J,4,FALSE),IF(LEFT(C9,4)="SDAI",VLOOKUP(VALUE(RIGHT(C9,3)),'ADM-COMP'!B:J,4,FALSE),IF(LEFT(C9,5)="IMPER",VLOOKUP(VALUE(RIGHT(C9,3)),'IMPER-COMP'!B:J,4,FALSE),"")))))))))))))))) -> CORTE E DESTOCAMENTO DE ÁRVORES COM DIÂMETRO DE ATÉ 15 CM | E9: =IF(B9="IOPES",VLOOKUP(C9,'LABOR-SERVIÇOS'!A:H,6,FALSE),IF(B9="SINAPI",VLOOKUP(C9,'SINAPI-SERVIÇOS'!A:D,3,FALSE),IF(LEFT(C9,3)="ARQ",VLOOKUP(VALUE(RIGHT(C9,3)),'ARQ-COMP'!B:J,5,FALSE),IF(LEFT(C9,3)="SCI",VLOOKUP(VALUE(RIGHT(C9,3)),'GAS-COMP'!#REF!,5,FALSE),IF(LEFT(C9,3)="SCE",VLOOKUP(VALUE(RIGHT(C9,3)),'SCE-COMP'!B:J,5,FALSE),IF(LEFT(C9,3)="EST",VLOOKUP(VALUE(RIGHT(C9,3)),'EST-COMP'!B:J,5,FALSE),IF(LEFT(C9,3)="HID",VLOOKUP(VALUE(RIGHT(C9,3)),'HID-COMP'!B:J,5,FALSE),IF(LEFT(C9,3)="INC",VLOOKUP(VALUE(RIGHT(C9,3)),'INC-COMP'!B:J,5,FALSE),IF(LEFT(C9,3)="ELE",VLOOKUP(VALUE(RIGHT(C9,3)),#REF!,5,FALSE),IF(LEFT(C9,3)="CAB",VLOOKUP(VALUE(RIGHT(C9,3)),#REF!,5,FALSE),IF(LEFT(C9,3)="SEG",VLOOKUP(VALUE(RIGHT(C9,3)),'SEG-COMP'!B:J,5,FALSE),IF(LEFT(C9,3)="CLI",VLOOKUP(VALUE(RIGHT(C9,3)),'CLI-COMP'!B:J,5,FALSE),IF(LEFT(C9,4)="IMPL",VLOOKUP(VALUE(RIGHT(C9,3)),'IMPL-COMP'!B:J,5,FALSE),IF(LEFT(C9,4)="SPDA",VLOOKUP(VALUE(RIGHT(C9,3)),'SPDA-COMP'!B:J,5,FALSE),IF(LEFT(C9,4)="SDAI",VLOOKUP(VALUE(RIGHT(C9,3)),'ADM-COMP'!B:J,5,FALSE),IF(LEFT(C9,5)="IMPER",VLOOKUP(VALUE(RIGHT(C9,3)),'IMPER-COMP'!B:J,5,FALSE),"")))))))))))))))) -> UND | F9: =ROUND(VLOOKUP(A9,'MEM-LEVANT'!A7:I2610,9,FALSE),2) -> 5 | G9: =IF(B9="IOPES",VLOOKUP(C9,'LABOR-SERVIÇOS'!A:H,7,FALSE),IF(B9="SINAPI",VLOOKUP(C9,'SINAPI-SERVIÇOS'!A:H,8,FALSE),IF(LEFT(C9,3)="ARQ",VLOOKUP(VALUE(RIGHT(C9,3)),'ARQ-COMP'!B:J,9,FALSE),IF(LEFT(C9,3)="SCI",VLOOKUP(VALUE(RIGHT(C9,3)),'GAS-COMP'!#REF!,9,FALSE),IF(LEFT(C9,3)="SCE",VLOOKUP(VALUE(RIGHT(C9,3)),'SCE-COMP'!B:J,9,FALSE),IF(LEFT(C9,3)="EST",VLOOKUP(VALUE(RIGHT(C9,3)),'EST-COMP'!B:J,9,FALSE),IF(LEFT(C9,3)="HID",VLOOKUP(VALUE(RIGHT(C9,3)),'HID-COMP'!B:J,9,FALSE),IF(LEFT(C9,3)="INC",VLOOKUP(VALUE(RIGHT(C9,3)),'INC-COMP'!B:J,9,FALSE),IF(LEFT(C9,3)="ELE",VLOOKUP(VALUE(RIGHT(C9,3)),#REF!,9,FALSE),IF(LEFT(C9,3)="CAB",VLOOKUP(VALUE(RIGHT(C9,3)),#REF!,9,FALSE),IF(LEFT(C9,3)="SEG",VLOOKUP(VALUE(RIGHT(C9,3)),'SEG-COMP'!B:J,9,FALSE),IF(LEFT(C9,3)="CLI",VLOOKUP(VALUE(RIGHT(C9,3)),'CLI-COMP'!B:J,9,FALSE),IF(LEFT(C9,4)="IMPL",VLOOKUP(VALUE(RIGHT(C9,3)),'IMPL-COMP'!B:J,9,FALSE),IF(LEFT(C9,4)="SPDA",VLOOKUP(VALUE(RIGHT(C9,3)),'SPDA-COMP'!B:J,9,FALSE),IF(LEFT(C9,4)="SDAI",VLOOKUP(VALUE(RIGHT(C9,3)),'ADM-COMP'!B:J,9,FALSE),IF(LEFT(C9,5)="IMPER",VLOOKUP(VALUE(RIGHT(C9,3)),'IMPER-COMP'!B:J,9,FALSE),"")))))))))))))))) -> 78.67 | H9: =ROUND(F9*G9,2) -> 393.35 | I9: =H9/$H$441 -> 2.2999013e-05
A10: 01.01.03 | B10: IOPES | C10: =10404 -> 10404 | D10: =IF(B10="IOPES",VLOOKUP(C10,'LABOR-SERVIÇOS'!A:H,5,FALSE),IF(B10="SINAPI",VLOOKUP(C10,'SINAPI-SERVIÇOS'!A:D,2,FALSE),IF(LEFT(C10,3)="ARQ",VLOOKUP(VALUE(RIGHT(C10,3)),'ARQ-COMP'!B:J,4,FALSE),IF(LEFT(C10,3)="SCI",VLOOKUP(VALUE(RIGHT(C10,3)),'GAS-COMP'!#REF!,4,FALSE),IF(LEFT(C10,3)="SCE",VLOOKUP(VALUE(RIGHT(C10,3)),'SCE-COMP'!B:J,4,FALSE),IF(LEFT(C10,3)="EST",VLOOKUP(VALUE(RIGHT(C10,3)),'EST-COMP'!B:J,4,FALSE),IF(LEFT(C10,3)="HID",VLOOKUP(VALUE(RIGHT(C10,3)),'HID-COMP'!B:J,4,FALSE),IF(LEFT(C10,3)="INC",VLOOKUP(VALUE(RIGHT(C10,3)),'INC-COMP'!B:J,4,FALSE),IF(LEFT(C10,3)="ELE",VLOOKUP(VALUE(RIGHT(C10,3)),#REF!,4,FALSE),IF(LEFT(C10,3)="CAB",VLOOKUP(VALUE(RIGHT(C10,3)),#REF!,4,FALSE),IF(LEFT(C10,3)="SEG",VLOOKUP(VALUE(RIGHT(C10,3)),'SEG-COMP'!B:J,4,FALSE),IF(LEFT(C10,3)="CLI",VLOOKUP(VALUE(RIGHT(C10,3)),'CLI-COMP'!B:J,4,FALSE),IF(LEFT(C10,4)="IMPL",VLOOKUP(VALUE(RIGHT(C10,3)),'IMPL-COMP'!B:J,4,FALSE),IF(LEFT(C10,4)="SPDA",VLOOKUP(VALUE(RIGHT(C10,3)),'SPDA-COMP'!B:J,4,FALSE),IF(LEFT(C10,4)="SDAI",VLOOKUP(VALUE(RIGHT(C10,3)),'ADM-COMP'!B:J,4,FALSE),IF(LEFT(C10,5)="IMPER",VLOOKUP(VALUE(RIGHT(C10,3)),'IMPER-COMP'!B:J,4,FALSE),"")))))))))))))))) -> CORTE E DESTOCAMENTO DE ÁRVORES COM DIÂMETRO SUPERIOR A 30 CM | E10: =IF(B10="IOPES",VLOOKUP(C10,'LABOR-SERVIÇOS'!A:H,6,FALSE),IF(B10="SINAPI",VLOOKUP(C10,'SINAPI-SERVIÇOS'!A:D,3,FALSE),IF(LEFT(C10,3)="ARQ",VLOOKUP(VALUE(RIGHT(C10,3)),'ARQ-COMP'!B:J,5,FALSE),IF(LEFT(C10,3)="SCI",VLOOKUP(VALUE(RIGHT(C10,3)),'GAS-COMP'!#REF!,5,FALSE),IF(LEFT(C10,3)="SCE",VLOOKUP(VALUE(RIGHT(C10,3)),'SCE-COMP'!B:J,5,FALSE),IF(LEFT(C10,3)="EST",VLOOKUP(VALUE(RIGHT(C10,3)),'EST-COMP'!B:J,5,FALSE),IF(LEFT(C10,3)="HID",VLOOKUP(VALUE(RIGHT(C10,3)),'HID-COMP'!B:J,5,FALSE),IF(LEFT(C10,3)="INC",VLOOKUP(VALUE(RIGHT(C10,3)),'INC-COMP'!B:J,5,FALSE),IF(LEFT(C10,3)="ELE",VLOOKUP(VALUE(RIGHT(C10,3)),#REF!,5,FALSE),IF(LEFT(C10,3)="CAB",VLOOKUP(VALUE(RIGHT(C10,3)),#REF!,5,FALSE),IF(LEFT(C10,3)="SEG",VLOOKUP(VALUE(RIGHT(C10,3)),'SEG-COMP'!B:J,5,FALSE),IF(LEFT(C10,3)="CLI",VLOOKUP(VALUE(RIGHT(C10,3)),'CLI-COMP'!B:J,5,FALSE),IF(LEFT(C10,4)="IMPL",VLOOKUP(VALUE(RIGHT(C10,3)),'IMPL-COMP'!B:J,5,FALSE),IF(LEFT(C10,4)="SPDA",VLOOKUP(VALUE(RIGHT(C10,3)),'SPDA-COMP'!B:J,5,FALSE),IF(LEFT(C10,4)="SDAI",VLOOKUP(VALUE(RIGHT(C10,3)),'ADM-COMP'!B:J,5,FALSE),IF(LEFT(C10,5)="IMPER",VLOOKUP(VALUE(RIGHT(C10,3)),'IMPER-COMP'!B:J,5,FALSE),"")))))))))))))))) -> UND | F10: =ROUND(VLOOKUP(A10,'MEM-LEVANT'!A8:I2611,9,FALSE),2) -> 1 | G10: =IF(B10="IOPES",VLOOKUP(C10,'LABOR-SERVIÇOS'!A:H,7,FALSE),IF(B10="SINAPI",VLOOKUP(C10,'SINAPI-SERVIÇOS'!A:H,8,FALSE),IF(LEFT(C10,3)="ARQ",VLOOKUP(VALUE(RIGHT(C10,3)),'ARQ-COMP'!B:J,9,FALSE),IF(LEFT(C10,3)="SCI",VLOOKUP(VALUE(RIGHT(C10,3)),'GAS-COMP'!#REF!,9,FALSE),IF(LEFT(C10,3)="SCE",VLOOKUP(VALUE(RIGHT(C10,3)),'SCE-COMP'!B:J,9,FALSE),IF(LEFT(C10,3)="EST",VLOOKUP(VALUE(RIGHT(C10,3)),'EST-COMP'!B:J,9,FALSE),IF(LEFT(C10,3)="HID",VLOOKUP(VALUE(RIGHT(C10,3)),'HID-COMP'!B:J,9,FALSE),IF(LEFT(C10,3)="INC",VLOOKUP(VALUE(RIGHT(C10,3)),'INC-COMP'!B:J,9,FALSE),IF(LEFT(C10,3)="ELE",VLOOKUP(VALUE(RIGHT(C10,3)),#REF!,9,FALSE),IF(LEFT(C10,3)="CAB",VLOOKUP(VALUE(RIGHT(C10,3)),#REF!,9,FALSE),IF(LEFT(C10,3)="SEG",VLOOKUP(VALUE(RIGHT(C10,3)),'SEG-COMP'!B:J,9,FALSE),IF(LEFT(C10,3)="CLI",VLOOKUP(VALUE(RIGHT(C10,3)),'CLI-COMP'!B:J,9,FALSE),IF(LEFT(C10,4)="IMPL",VLOOKUP(VALUE(RIGHT(C10,3)),'IMPL-COMP'!B:J,9,FALSE),IF(LEFT(C10,4)="SPDA",VLOOKUP(VALUE(RIGHT(C10,3)),'SPDA-COMP'!B:J,9,FALSE),IF(LEFT(C10,4)="SDAI",VLOOKUP(VALUE(RIGHT(C10,3)),'ADM-COMP'!B:J,9,FALSE),IF(LEFT(C10,5)="IMPER",VLOOKUP(VALUE(RIGHT(C10,3)),'IMPER-COMP'!B:J,9,FALSE),"")))))))))))))))) -> 195.62 | H10: =ROUND(F10*G10,2) -> 195.62 | I10: =H10/$H$441 -> 1.1437821e-05
A11: 01.01.04 | B11: SINAPI | C11: 100575 | D11: =IF(B11="IOPES",VLOOKUP(C11,'LABOR-SERVIÇOS'!A:H,5,FALSE),IF(B11="SINAPI",VLOOKUP(C11,'SINAPI-SERVIÇOS'!A:D,2,FALSE),IF(LEFT(C11,3)="ARQ",VLOOKUP(VALUE(RIGHT(C11,3)),'ARQ-COMP'!B:J,4,FALSE),IF(LEFT(C11,3)="SCI",VLOOKUP(VALUE(RIGHT(C11,3)),'GAS-COMP'!#REF!,4,FALSE),IF(LEFT(C11,3)="SCE",VLOOKUP(VALUE(RIGHT(C11,3)),'SCE-COMP'!B:J,4,FALSE),IF(LEFT(C11,3)="EST",VLOOKUP(VALUE(RIGHT(C11,3)),'EST-COMP'!B:J,4,FALSE),IF(LEFT(C11,3)="HID",VLOOKUP(VALUE(RIGHT(C11,3)),'HID-COMP'!B:J,4,FALSE),IF(LEFT(C11,3)="INC",VLOOKUP(VALUE(RIGHT(C11,3)),'INC-COMP'!B:J,4,FALSE),IF(LEFT(C11,3)="ELE",VLOOKUP(VALUE(RIGHT(C11,3)),#REF!,4,FALSE),IF(LEFT(C11,3)="CAB",VLOOKUP(VALUE(RIGHT(C11,3)),#REF!,4,FALSE),IF(LEFT(C11,3)="SEG",VLOOKUP(VALUE(RIGHT(C11,3)),'SEG-COMP'!B:J,4,FALSE),IF(LEFT(C11,3)="CLI",VLOOKUP(VALUE(RIGHT(C11,3)),'CLI-COMP'!B:J,4,FALSE),IF(LEFT(C11,4)="IMPL",VLOOKUP(VALUE(RIGHT(C11,3)),'IMPL-COMP'!B:J,4,FALSE),IF(LEFT(C11,4)="SPDA",VLOOKUP(VALUE(RIGHT(C11,3)),'SPDA-COMP'!B:J,4,FALSE),IF(LEFT(C11,4)="SDAI",VLOOKUP(VALUE(RIGHT(C11,3)),'ADM-COMP'!B:J,4,FALSE),IF(LEFT(C11,5)="IMPER",VLOOKUP(VALUE(RIGHT(C11,3)),'IMPER-COMP'!B:J,4,FALSE),"")))))))))))))))) -> REGULARIZAÇÃO DE SUPERFÍCIES COM MOTONIVELADORA. AF_09/2024 | E11: =IF(B11="IOPES",VLOOKUP(C11,'LABOR-SERVIÇOS'!A:H,6,FALSE),IF(B11="SINAPI",VLOOKUP(C11,'SINAPI-SERVIÇOS'!A:D,3,FALSE),IF(LEFT(C11,3)="ARQ",VLOOKUP(VALUE(RIGHT(C11,3)),'ARQ-COMP'!B:J,5,FALSE),IF(LEFT(C11,3)="SCI",VLOOKUP(VALUE(RIGHT(C11,3)),'GAS-COMP'!#REF!,5,FALSE),IF(LEFT(C11,3)="SCE",VLOOKUP(VALUE(RIGHT(C11,3)),'SCE-COMP'!B:J,5,FALSE),IF(LEFT(C11,3)="EST",VLOOKUP(VALUE(RIGHT(C11,3)),'EST-COMP'!B:J,5,FALSE),IF(LEFT(C11,3)="HID",VLOOKUP(VALUE(RIGHT(C11,3)),'HID-COMP'!B:J,5,FALSE),IF(LEFT(C11,3)="INC",VLOOKUP(VALUE(RIGHT(C11,3)),'INC-COMP'!B:J,5,FALSE),IF(LEFT(C11,3)="ELE",VLOOKUP(VALUE(RIGHT(C11,3)),#REF!,5,FALSE),IF(LEFT(C11,3)="CAB",VLOOKUP(VALUE(RIGHT(C11,3)),#REF!,5,FALSE),IF(LEFT(C11,3)="SEG",VLOOKUP(VALUE(RIGHT(C11,3)),'SEG-COMP'!B:J,5,FALSE),IF(LEFT(C11,3)="CLI",VLOOKUP(VALUE(RIGHT(C11,3)),'CLI-COMP'!B:J,5,FALSE),IF(LEFT(C11,4)="IMPL",VLOOKUP(VALUE(RIGHT(C11,3)),'IMPL-COMP'!B:J,5,FALSE),IF(LEFT(C11,4)="SPDA",VLOOKUP(VALUE(RIGHT(C11,3)),'SPDA-COMP'!B:J,5,FALSE),IF(LEFT(C11,4)="SDAI",VLOOKUP(VALUE(RIGHT(C11,3)),'ADM-COMP'!B:J,5,FALSE),IF(LEFT(C11,5)="IMPER",VLOOKUP(VALUE(RIGHT(C11,3)),'IMPER-COMP'!B:J,5,FALSE),"")))))))))))))))) -> M2 | F11: =ROUND(VLOOKUP(A11,'MEM-LEVANT'!A9:I2612,9,FALSE),2) -> 5355.9 | G11: =IF(B11="IOPES",VLOOKUP(C11,'LABOR-SERVIÇOS'!A:H,7,FALSE),IF(B11="SINAPI",VLOOKUP(C11,'SINAPI-SERVIÇOS'!A:H,8,FALSE),IF(LEFT(C11,3)="ARQ",VLOOKUP(VALUE(RIGHT(C11,3)),'ARQ-COMP'!B:J,9,FALSE),IF(LEFT(C11,3)="SCI",VLOOKUP(VALUE(RIGHT(C11,3)),'GAS-COMP'!#REF!,9,FALSE),IF(LEFT(C11,3)="SCE",VLOOKUP(VALUE(RIGHT(C11,3)),'SCE-COMP'!B:J,9,FALSE),IF(LEFT(C11,3)="EST",VLOOKUP(VALUE(RIGHT(C11,3)),'EST-COMP'!B:J,9,FALSE),IF(LEFT(C11,3)="HID",VLOOKUP(VALUE(RIGHT(C11,3)),'HID-COMP'!B:J,9,FALSE),IF(LEFT(C11,3)="INC",VLOOKUP(VALUE(RIGHT(C11,3)),'INC-COMP'!B:J,9,FALSE),IF(LEFT(C11,3)="ELE",VLOOKUP(VALUE(RIGHT(C11,3)),#REF!,9,FALSE),IF(LEFT(C11,3)="CAB",VLOOKUP(VALUE(RIGHT(C11,3)),#REF!,9,FALSE),IF(LEFT(C11,3)="SEG",VLOOKUP(VALUE(RIGHT(C11,3)),'SEG-COMP'!B:J,9,FALSE),IF(LEFT(C11,3)="CLI",VLOOKUP(VALUE(RIGHT(C11,3)),'CLI-COMP'!B:J,9,FALSE),IF(LEFT(C11,4)="IMPL",VLOOKUP(VALUE(RIGHT(C11,3)),'IMPL-COMP'!B:J,9,FALSE),IF(LEFT(C11,4)="SPDA",VLOOKUP(VALUE(RIGHT(C11,3)),'SPDA-COMP'!B:J,9,FALSE),IF(LEFT(C11,4)="SDAI",VLOOKUP(VALUE(RIGHT(C11,3)),'ADM-COMP'!B:J,9,FALSE),IF(LEFT(C11,5)="IMPER",VLOOKUP(VALUE(RIGHT(C11,3)),'IMPER-COMP'!B:J,9,FALSE),"")))))))))))))))) -> 2.59 | H11: =ROUND(F11*G11,2) -> 13871.78 | I11: =H11/$H$441 -> 0.00081107728
A12: 01.02 | D12: LOCAÇÃO
A13: 01.02.01 | B13: IOPES | C13: =10501 -> 10501 | D13: =IF(B13="IOPES",VLOOKUP(C13,'LABOR-SERVIÇOS'!A:H,5,FALSE),IF(B13="SINAPI",VLOOKUP(C13,'SINAPI-SERVIÇOS'!A:D,2,FALSE),IF(LEFT(C13,3)="ARQ",VLOOKUP(VALUE(RIGHT(C13,3)),'ARQ-COMP'!B:J,4,FALSE),IF(LEFT(C13,3)="SCI",VLOOKUP(VALUE(RIGHT(C13,3)),'GAS-COMP'!#REF!,4,FALSE),IF(LEFT(C13,3)="SCE",VLOOKUP(VALUE(RIGHT(C13,3)),'SCE-COMP'!B:J,4,FALSE),IF(LEFT(C13,3)="EST",VLOOKUP(VALUE(RIGHT(C13,3)),'EST-COMP'!B:J,4,FALSE),IF(LEFT(C13,3)="HID",VLOOKUP(VALUE(RIGHT(C13,3)),'HID-COMP'!B:J,4,FALSE),IF(LEFT(C13,3)="INC",VLOOKUP(VALUE(RIGHT(C13,3)),'INC-COMP'!B:J,4,FALSE),IF(LEFT(C13,3)="ELE",VLOOKUP(VALUE(RIGHT(C13,3)),#REF!,4,FALSE),IF(LEFT(C13,3)="CAB",VLOOKUP(VALUE(RIGHT(C13,3)),#REF!,4,FALSE),IF(LEFT(C13,3)="SEG",VLOOKUP(VALUE(RIGHT(C13,3)),'SEG-COMP'!B:J,4,FALSE),IF(LEFT(C13,3)="CLI",VLOOKUP(VALUE(RIGHT(C13,3)),'CLI-COMP'!B:J,4,FALSE),IF(LEFT(C13,4)="IMPL",VLOOKUP(VALUE(RIGHT(C13,3)),'IMPL-COMP'!B:J,4,FALSE),IF(LEFT(C13,4)="SPDA",VLOOKUP(VALUE(RIGHT(C13,3)),'SPDA-COMP'!B:J,4,FALSE),IF(LEFT(C13,4)="SDAI",VLOOKUP(VALUE(RIGHT(C13,3)),'ADM-COMP'!B:J,4,FALSE),IF(LEFT(C13,5)="IMPER",VLOOKUP(VALUE(RIGHT(C13,3)),'IMPER-COMP'!B:J,4,FALSE),"")))))))))))))))) -> LOCAÇÃO DE OBRA COM GABARITO DE MADEIRA | E13: =IF(B13="IOPES",VLOOKUP(C13,'LABOR-SERVIÇOS'!A:H,6,FALSE),IF(B13="SINAPI",VLOOKUP(C13,'SINAPI-SERVIÇOS'!A:D,3,FALSE),IF(LEFT(C13,3)="ARQ",VLOOKUP(VALUE(RIGHT(C13,3)),'ARQ-COMP'!B:J,5,FALSE),IF(LEFT(C13,3)="SCI",VLOOKUP(VALUE(RIGHT(C13,3)),'GAS-COMP'!#REF!,5,FALSE),IF(LEFT(C13,3)="SCE",VLOOKUP(VALUE(RIGHT(C13,3)),'SCE-COMP'!B:J,5,FALSE),IF(LEFT(C13,3)="EST",VLOOKUP(VALUE(RIGHT(C13,3)),'EST-COMP'!B:J,5,FALSE),IF(LEFT(C13,3)="HID",VLOOKUP(VALUE(RIGHT(C13,3)),'HID-COMP'!B:J,5,FALSE),IF(LEFT(C13,3)="INC",VLOOKUP(VALUE(RIGHT(C13,3)),'INC-COMP'!B:J,5,FALSE),IF(LEFT(C13,3)="ELE",VLOOKUP(VALUE(RIGHT(C13,3)),#REF!,5,FALSE),IF(LEFT(C13,3)="CAB",VLOOKUP(VALUE(RIGHT(C13,3)),#REF!,5,FALSE),IF(LEFT(C13,3)="SEG",VLOOKUP(VALUE(RIGHT(C13,3)),'SEG-COMP'!B:J,5,FALSE),IF(LEFT(C13,3)="CLI",VLOOKUP(VALUE(RIGHT(C13,3)),'CLI-COMP'!B:J,5,FALSE),IF(LEFT(C13,4)="IMPL",VLOOKUP(VALUE(RIGHT(C13,3)),'IMPL-COMP'!B:J,5,FALSE),IF(LEFT(C13,4)="SPDA",VLOOKUP(VALUE(RIGHT(C13,3)),'SPDA-COMP'!B:J,5,FALSE),IF(LEFT(C13,4)="SDAI",VLOOKUP(VALUE(RIGHT(C13,3)),'ADM-COMP'!B:J,5,FALSE),IF(LEFT(C13,5)="IMPER",VLOOKUP(VALUE(RIGHT(C13,3)),'IMPER-COMP'!B:J,5,FALSE),"")))))))))))))))) -> M2 | F13: =ROUND(VLOOKUP(A13,'MEM-LEVANT'!A8:I2611,9,FALSE),2) -> 1502.79 | G13: =IF(B13="IOPES",VLOOKUP(C13,'LABOR-SERVIÇOS'!A:H,7,FALSE),IF(B13="SINAPI",VLOOKUP(C13,'SINAPI-SERVIÇOS'!A:H,8,FALSE),IF(LEFT(C13,3)="ARQ",VLOOKUP(VALUE(RIGHT(C13,3)),'ARQ-COMP'!B:J,9,FALSE),IF(LEFT(C13,3)="SCI",VLOOKUP(VALUE(RIGHT(C13,3)),'GAS-COMP'!#REF!,9,FALSE),IF(LEFT(C13,3)="SCE",VLOOKUP(VALUE(RIGHT(C13,3)),'SCE-COMP'!B:J,9,FALSE),IF(LEFT(C13,3)="EST",VLOOKUP(VALUE(RIGHT(C13,3)),'EST-COMP'!B:J,9,FALSE),IF(LEFT(C13,3)="HID",VLOOKUP(VALUE(RIGHT(C13,3)),'HID-COMP'!B:J,9,FALSE),IF(LEFT(C13,3)="INC",VLOOKUP(VALUE(RIGHT(C13,3)),'INC-COMP'!B:J,9,FALSE),IF(LEFT(C13,3)="ELE",VLOOKUP(VALUE(RIGHT(C13,3)),#REF!,9,FALSE),IF(LEFT(C13,3)="CAB",VLOOKUP(VALUE(RIGHT(C13,3)),#REF!,9,FALSE),IF(LEFT(C13,3)="SEG",VLOOKUP(VALUE(RIGHT(C13,3)),'SEG-COMP'!B:J,9,FALSE),IF(LEFT(C13,3)="CLI",VLOOKUP(VALUE(RIGHT(C13,3)),'CLI-COMP'!B:J,9,FALSE),IF(LEFT(C13,4)="IMPL",VLOOKUP(VALUE(RIGHT(C13,3)),'IMPL-COMP'!B:J,9,FALSE),IF(LEFT(C13,4)="SPDA",VLOOKUP(VALUE(RIGHT(C13,3)),'SPDA-COMP'!B:J,9,FALSE),IF(LEFT(C13,4)="SDAI",VLOOKUP(VALUE(RIGHT(C13,3)),'ADM-COMP'!B:J,9,FALSE),IF(LEFT(C13,5)="IMPER",VLOOKUP(VALUE(RIGHT(C13,3)),'IMPER-COMP'!B:J,9,FALSE),"")))))))))))))))) -> 14.8 | H13: =ROUND(F13*G13,2) -> 22241.29 | I13: =H13/$H$441 -> 0.0013004391
A14: 01.02.02 | B14: IOPES | C14: =10512 -> 10512 | D14: =IF(B14="IOPES",VLOOKUP(C14,'LABOR-SERVIÇOS'!A:H,5,FALSE),IF(B14="SINAPI",VLOOKUP(C14,'SINAPI-SERVIÇOS'!A:D,2,FALSE),IF(LEFT(C14,3)="ARQ",VLOOKUP(VALUE(RIGHT(C14,3)),'ARQ-COMP'!B:J,4,FALSE),IF(LEFT(C14,3)="SCI",VLOOKUP(VALUE(RIGHT(C14,3)),'GAS-COMP'!#REF!,4,FALSE),IF(LEFT(C14,3)="SCE",VLOOKUP(VALUE(RIGHT(C14,3)),'SCE-COMP'!B:J,4,FALSE),IF(LEFT(C14,3)="EST",VLOOKUP(VALUE(RIGHT(C14,3)),'EST-COMP'!B:J,4,FALSE),IF(LEFT(C14,3)="HID",VLOOKUP(VALUE(RIGHT(C14,3)),'HID-COMP'!B:J,4,FALSE),IF(LEFT(C14,3)="INC",VLOOKUP(VALUE(RIGHT(C14,3)),'INC-COMP'!B:J,4,FALSE),IF(LEFT(C14,3)="ELE",VLOOKUP(VALUE(RIGHT(C14,3)),#REF!,4,FALSE),IF(LEFT(C14,3)="CAB",VLOOKUP(VALUE(RIGHT(C14,3)),#REF!,4,FALSE),IF(LEFT(C14,3)="SEG",VLOOKUP(VALUE(RIGHT(C14,3)),'SEG-COMP'!B:J,4,FALSE),IF(LEFT(C14,3)="CLI",VLOOKUP(VALUE(RIGHT(C14,3)),'CLI-COMP'!B:J,4,FALSE),IF(LEFT(C14,4)="IMPL",VLOOKUP(VALUE(RIGHT(C14,3)),'IMPL-COMP'!B:J,4,FALSE),IF(LEFT(C14,4)="SPDA",VLOOKUP(VALUE(RIGHT(C14,3)),'SPDA-COMP'!B:J,4,FALSE),IF(LEFT(C14,4)="SDAI",VLOOKUP(VALUE(RIGHT(C14,3)),'ADM-COMP'!B:J,4,FALSE),IF(LEFT(C14,5)="IMPER",VLOOKUP(VALUE(RIGHT(C14,3)),'IMPER-COMP'!B:J,4,FALSE),"")))))))))))))))) -> EQUIPE TOPOGRÁFICA PARA SERVIÇOS SIMPLES DE LOCAÇÃO E NIVELAMENTO (INCLUINDO EQUIPAMENTO, TRANSPORTE E PROFISSIONAIS NIVEL MÉDIO) | E14: =IF(B14="IOPES",VLOOKUP(C14,'LABOR-SERVIÇOS'!A:H,6,FALSE),IF(B14="SINAPI",VLOOKUP(C14,'SINAPI-SERVIÇOS'!A:D,3,FALSE),IF(LEFT(C14,3)="ARQ",VLOOKUP(VALUE(RIGHT(C14,3)),'ARQ-COMP'!B:J,5,FALSE),IF(LEFT(C14,3)="SCI",VLOOKUP(VALUE(RIGHT(C14,3)),'GAS-COMP'!#REF!,5,FALSE),IF(LEFT(C14,3)="SCE",VLOOKUP(VALUE(RIGHT(C14,3)),'SCE-COMP'!B:J,5,FALSE),IF(LEFT(C14,3)="EST",VLOOKUP(VALUE(RIGHT(C14,3)),'EST-COMP'!B:J,5,FALSE),IF(LEFT(C14,3)="HID",VLOOKUP(VALUE(RIGHT(C14,3)),'HID-COMP'!B:J,5,FALSE),IF(LEFT(C14,3)="INC",VLOOKUP(VALUE(RIGHT(C14,3)),'INC-COMP'!B:J,5,FALSE),IF(LEFT(C14,3)="ELE",VLOOKUP(VALUE(RIGHT(C14,3)),#REF!,5,FALSE),IF(LEFT(C14,3)="CAB",VLOOKUP(VALUE(RIGHT(C14,3)),#REF!,5,FALSE),IF(LEFT(C14,3)="SEG",VLOOKUP(VALUE(RIGHT(C14,3)),'SEG-COMP'!B:J,5,FALSE),IF(LEFT(C14,3)="CLI",VLOOKUP(VALUE(RIGHT(C14,3)),'CLI-COMP'!B:J,5,FALSE),IF(LEFT(C14,4)="IMPL",VLOOKUP(VALUE(RIGHT(C14,3)),'IMPL-COMP'!B:J,5,FALSE),IF(LEFT(C14,4)="SPDA",VLOOKUP(VALUE(RIGHT(C14,3)),'SPDA-COMP'!B:J,5,FALSE),IF(LEFT(C14,4)="SDAI",VLOOKUP(VALUE(RIGHT(C14,3)),'ADM-COMP'!B:J,5,FALSE),IF(LEFT(C14,5)="IMPER",VLOOKUP(VALUE(RIGHT(C14,3)),'IMPER-COMP'!B:J,5,FALSE),"")))))))))))))))) -> MÊS | F14: =ROUND(VLOOKUP(A14,'MEM-LEVANT'!A9:I2612,9,FALSE),2) -> 0.35 | G14: =IF(B14="IOPES",VLOOKUP(C14,'LABOR-SERVIÇOS'!A:H,7,FALSE),IF(B14="SINAPI",VLOOKUP(C14,'SINAPI-SERVIÇOS'!A:H,8,FALSE),IF(LEFT(C14,3)="ARQ",VLOOKUP(VALUE(RIGHT(C14,3)),'ARQ-COMP'!B:J,9,FALSE),IF(LEFT(C14,3)="SCI",VLOOKUP(VALUE(RIGHT(C14,3)),'GAS-COMP'!#REF!,9,FALSE),IF(LEFT(C14,3)="SCE",VLOOKUP(VALUE(RIGHT(C14,3)),'SCE-COMP'!B:J,9,FALSE),IF(LEFT(C14,3)="EST",VLOOKUP(VALUE(RIGHT(C14,3)),'EST-COMP'!B:J,9,FALSE),IF(LEFT(C14,3)="HID",VLOOKUP(VALUE(RIGHT(C14,3)),'HID-COMP'!B:J,9,FALSE),IF(LEFT(C14,3)="INC",VLOOKUP(VALUE(RIGHT(C14,3)),'INC-COMP'!B:J,9,FALSE),IF(LEFT(C14,3)="ELE",VLOOKUP(VALUE(RIGHT(C14,3)),#REF!,9,FALSE),IF(LEFT(C14,3)="CAB",VLOOKUP(VALUE(RIGHT(C14,3)),#REF!,9,FALSE),IF(LEFT(C14,3)="SEG",VLOOKUP(VALUE(RIGHT(C14,3)),'SEG-COMP'!B:J,9,FALSE),IF(LEFT(C14,3)="CLI",VLOOKUP(VALUE(RIGHT(C14,3)),'CLI-COMP'!B:J,9,FALSE),IF(LEFT(C14,4)="IMPL",VLOOKUP(VALUE(RIGHT(C14,3)),'IMPL-COMP'!B:J,9,FALSE),IF(LEFT(C14,4)="SPDA",VLOOKUP(VALUE(RIGHT(C14,3)),'SPDA-COMP'!B:J,9,FALSE),IF(LEFT(C14,4)="SDAI",VLOOKUP(VALUE(RIGHT(C14,3)),'ADM-COMP'!B:J,9,FALSE),IF(LEFT(C14,5)="IMPER",VLOOKUP(VALUE(RIGHT(C14,3)),'IMPER-COMP'!B:J,9,FALSE),"")))))))))))))))) -> 31160.37 | H14: =ROUND(F14*G14,2) -> 10906.13 | I14: =H14/$H$441 -> 0.00063767694
A15: 01.03 | D15: INSTALAÇÃO DO CANTEIRO DE OBRAS
A16: 01.03.01 | B16: IOPES | C16: =20305 -> 20305 | D16: =IF(B16="IOPES",VLOOKUP(C16,'LABOR-SERVIÇOS'!A:H,5,FALSE),IF(B16="SINAPI",VLOOKUP(C16,'SINAPI-SERVIÇOS'!A:D,2,FALSE),IF(LEFT(C16,3)="ARQ",VLOOKUP(VALUE(RIGHT(C16,3)),'ARQ-COMP'!B:J,4,FALSE),IF(LEFT(C16,3)="SCI",VLOOKUP(VALUE(RIGHT(C16,3)),'GAS-COMP'!#REF!,4,FALSE),IF(LEFT(C16,3)="SCE",VLOOKUP(VALUE(RIGHT(C16,3)),'SCE-COMP'!B:J,4,FALSE),IF(LEFT(C16,3)="EST",VLOOKUP(VALUE(RIGHT(C16,3)),'EST-COMP'!B:J,4,FALSE),IF(LEFT(C16,3)="HID",VLOOKUP(VALUE(RIGHT(C16,3)),'HID-COMP'!B:J,4,FALSE),IF(LEFT(C16,3)="INC",VLOOKUP(VALUE(RIGHT(C16,3)),'INC-COMP'!B:J,4,FALSE),IF(LEFT(C16,3)="ELE",VLOOKUP(VALUE(RIGHT(C16,3)),#REF!,4,FALSE),IF(LEFT(C16,3)="CAB",VLOOKUP(VALUE(RIGHT(C16,3)),#REF!,4,FALSE),IF(LEFT(C16,3)="SEG",VLOOKUP(VALUE(RIGHT(C16,3)),'SEG-COMP'!B:J,4,FALSE),IF(LEFT(C16,3)="CLI",VLOOKUP(VALUE(RIGHT(C16,3)),'CLI-COMP'!B:J,4,FALSE),IF(LEFT(C16,4)="IMPL",VLOOKUP(VALUE(RIGHT(C16,3)),'IMPL-COMP'!B:J,4,FALSE),IF(LEFT(C16,4)="SPDA",VLOOKUP(VALUE(RIGHT(C16,3)),'SPDA-COMP'!B:J,4,FALSE),IF(LEFT(C16,4)="SDAI",VLOOKUP(VALUE(RIGHT(C16,3)),'ADM-COMP'!B:J,4,FALSE),IF(LEFT(C16,5)="IMPER",VLOOKUP(VALUE(RIGHT(C16,3)),'IMPER-COMP'!B:J,4,FALSE),"")))))))))))))))) -> PLACA DE OBRA NAS DIMENSÕES DE 2.0 X 4.0 M, PADRÃO DER | E16: =IF(B16="IOPES",VLOOKUP(C16,'LABOR-SERVIÇOS'!A:H,6,FALSE),IF(B16="SINAPI",VLOOKUP(C16,'SINAPI-SERVIÇOS'!A:D,3,FALSE),IF(LEFT(C16,3)="ARQ",VLOOKUP(VALUE(RIGHT(C16,3)),'ARQ-COMP'!B:J,5,FALSE),IF(LEFT(C16,3)="SCI",VLOOKUP(VALUE(RIGHT(C16,3)),'GAS-COMP'!#REF!,5,FALSE),IF(LEFT(C16,3)="SCE",VLOOKUP(VALUE(RIGHT(C16,3)),'SCE-COMP'!B:J,5,FALSE),IF(LEFT(C16,3)="EST",VLOOKUP(VALUE(RIGHT(C16,3)),'EST-COMP'!B:J,5,FALSE),IF(LEFT(C16,3)="HID",VLOOKUP(VALUE(RIGHT(C16,3)),'HID-COMP'!B:J,5,FALSE),IF(LEFT(C16,3)="INC",VLOOKUP(VALUE(RIGHT(C16,3)),'INC-COMP'!B:J,5,FALSE),IF(LEFT(C16,3)="ELE",VLOOKUP(VALUE(RIGHT(C16,3)),#REF!,5,FALSE),IF(LEFT(C16,3)="CAB",VLOOKUP(VALUE(RIGHT(C16,3)),#REF!,5,FALSE),IF(LEFT(C16,3)="SEG",VLOOKUP(VALUE(RIGHT(C16,3)),'SEG-COMP'!B:J,5,FALSE),IF(LEFT(C16,3)="CLI",VLOOKUP(VALUE(RIGHT(C16,3)),'CLI-COMP'!B:J,5,FALSE),IF(LEFT(C16,4)="IMPL",VLOOKUP(VALUE(RIGHT(C16,3)),'IMPL-COMP'!B:J,5,FALSE),IF(LEFT(C16,4)="SPDA",VLOOKUP(VALUE(RIGHT(C16,3)),'SPDA-COMP'!B:J,5,FALSE),IF(LEFT(C16,4)="SDAI",VLOOKUP(VALUE(RIGHT(C16,3)),'ADM-COMP'!B:J,5,FALSE),IF(LEFT(C16,5)="IMPER",VLOOKUP(VALUE(RIGHT(C16,3)),'IMPER-COMP'!B:J,5,FALSE),"")))))))))))))))) -> M2 | F16: =ROUND(VLOOKUP(A16,'MEM-LEVANT'!A11:I2614,9,FALSE),2) -> 8 | G16: =IF(B16="IOPES",VLOOKUP(C16,'LABOR-SERVIÇOS'!A:H,7,FALSE),IF(B16="SINAPI",VLOOKUP(C16,'SINAPI-SERVIÇOS'!A:H,8,FALSE),IF(LEFT(C16,3)="ARQ",VLOOKUP(VALUE(RIGHT(C16,3)),'ARQ-COMP'!B:J,9,FALSE),IF(LEFT(C16,3)="SCI",VLOOKUP(VALUE(RIGHT(C16,3)),'GAS-COMP'!#REF!,9,FALSE),IF(LEFT(C16,3)="SCE",VLOOKUP(VALUE(RIGHT(C16,3)),'SCE-COMP'!B:J,9,FALSE),IF(LEFT(C16,3)="EST",VLOOKUP(VALUE(RIGHT(C16,3)),'EST-COMP'!B:J,9,FALSE),IF(LEFT(C16,3)="HID",VLOOKUP(VALUE(RIGHT(C16,3)),'HID-COMP'!B:J,9,FALSE),IF(LEFT(C16,3)="INC",VLOOKUP(VALUE(RIGHT(C16,3)),'INC-COMP'!B:J,9,FALSE),IF(LEFT(C16,3)="ELE",VLOOKUP(VALUE(RIGHT(C16,3)),#REF!,9,FALSE),IF(LEFT(C16,3)="CAB",VLOOKUP(VALUE(RIGHT(C16,3)),#REF!,9,FALSE),IF(LEFT(C16,3)="SEG",VLOOKUP(VALUE(RIGHT(C16,3)),'SEG-COMP'!B:J,9,FALSE),IF(LEFT(C16,3)="CLI",VLOOKUP(VALUE(RIGHT(C16,3)),'CLI-COMP'!B:J,9,FALSE),IF(LEFT(C16,4)="IMPL",VLOOKUP(VALUE(RIGHT(C16,3)),'IMPL-COMP'!B:J,9,FALSE),IF(LEFT(C16,4)="SPDA",VLOOKUP(VALUE(RIGHT(C16,3)),'SPDA-COMP'!B:J,9,FALSE),IF(LEFT(C16,4)="SDAI",VLOOKUP(VALUE(RIGHT(C16,3)),'ADM-COMP'!B:J,9,FALSE),IF(LEFT(C16,5)="IMPER",VLOOKUP(VALUE(RIGHT(C16,3)),'IMPER-COMP'!B:J,9,FALSE),"")))))))))))))))) -> 392.81 | H16: =ROUND(F16*G16,2) -> 3142.48 | I16: =H16/$H$441 -> 0.00018373952
A17: 01.03.02 | B17: IOPES | C17: =20350 -> 20350 | D17: =IF(B17="IOPES",VLOOKUP(C17,'LABOR-SERVIÇOS'!A:H,5,FALSE),IF(B17="SINAPI",VLOOKUP(C17,'SINAPI-SERVIÇOS'!A:D,2,FALSE),IF(LEFT(C17,3)="ARQ",VLOOKUP(VALUE(RIGHT(C17,3)),'ARQ-COMP'!B:J,4,FALSE),IF(LEFT(C17,3)="SCI",VLOOKUP(VALUE(RIGHT(C17,3)),'GAS-COMP'!#REF!,4,FALSE),IF(LEFT(C17,3)="SCE",VLOOKUP(VALUE(RIGHT(C17,3)),'SCE-COMP'!B:J,4,FALSE),IF(LEFT(C17,3)="EST",VLOOKUP(VALUE(RIGHT(C17,3)),'EST-COMP'!B:J,4,FALSE),IF(LEFT(C17,3)="HID",VLOOKUP(VALUE(RIGHT(C17,3)),'HID-COMP'!B:J,4,FALSE),IF(LEFT(C17,3)="INC",VLOOKUP(VALUE(RIGHT(C17,3)),'INC-COMP'!B:J,4,FALSE),IF(LEFT(C17,3)="ELE",VLOOKUP(VALUE(RIGHT(C17,3)),#REF!,4,FALSE),IF(LEFT(C17,3)="CAB",VLOOKUP(VALUE(RIGHT(C17,3)),#REF!,4,FALSE),IF(LEFT(C17,3)="SEG",VLOOKUP(VALUE(RIGHT(C17,3)),'SEG-COMP'!B:J,4,FALSE),IF(LEFT(C17,3)="CLI",VLOOKUP(VALUE(RIGHT(C17,3)),'CLI-COMP'!B:J,4,FALSE),IF(LEFT(C17,4)="IMPL",VLOOKUP(VALUE(RIGHT(C17,3)),'IMPL-COMP'!B:J,4,FALSE),IF(LEFT(C17,4)="SPDA",VLOOKUP(VALUE(RIGHT(C17,3)),'SPDA-COMP'!B:J,4,FALSE),IF(LEFT(C17,4)="SDAI",VLOOKUP(VALUE(RIGHT(C17,3)),'ADM-COMP'!B:J,4,FALSE),IF(LEFT(C17,5)="IMPER",VLOOKUP(VALUE(RIGHT(C17,3)),'IMPER-COMP'!B:J,4,FALSE),"")))))))))))))))) -> TAPUME TELHA METÁLICA ONDULADA EM AÇO GALVALUME 0,50MM BRANCA H=2,20M, INCL. MONTAGEM ESTR. MAD. 8"X8", C/ADESIVO "DER-ES" 60X60CM A CADA 10M, INCL. FAIXAS PINT. ESMALTE SINT. CORES AZUL C/ H=30CM E ROSA C/ H=10CM (REAPROVEITAMENTO 2X) | E17: =IF(B17="IOPES",VLOOKUP(C17,'LABOR-SERVIÇOS'!A:H,6,FALSE),IF(B17="SINAPI",VLOOKUP(C17,'SINAPI-SERVIÇOS'!A:D,3,FALSE),IF(LEFT(C17,3)="ARQ",VLOOKUP(VALUE(RIGHT(C17,3)),'ARQ-COMP'!B:J,5,FALSE),IF(LEFT(C17,3)="SCI",VLOOKUP(VALUE(RIGHT(C17,3)),'GAS-COMP'!#REF!,5,FALSE),IF(LEFT(C17,3)="SCE",VLOOKUP(VALUE(RIGHT(C17,3)),'SCE-COMP'!B:J,5,FALSE),IF(LEFT(C17,3)="EST",VLOOKUP(VALUE(RIGHT(C17,3)),'EST-COMP'!B:J,5,FALSE),IF(LEFT(C17,3)="HID",VLOOKUP(VALUE(RIGHT(C17,3)),'HID-COMP'!B:J,5,FALSE),IF(LEFT(C17,3)="INC",VLOOKUP(VALUE(RIGHT(C17,3)),'INC-COMP'!B:J,5,FALSE),IF(LEFT(C17,3)="ELE",VLOOKUP(VALUE(RIGHT(C17,3)),#REF!,5,FALSE),IF(LEFT(C17,3)="CAB",VLOOKUP(VALUE(RIGHT(C17,3)),#REF!,5,FALSE),IF(LEFT(C17,3)="SEG",VLOOKUP(VALUE(RIGHT(C17,3)),'SEG-COMP'!B:J,5,FALSE),IF(LEFT(C17,3)="CLI",VLOOKUP(VALUE(RIGHT(C17,3)),'CLI-COMP'!B:J,5,FALSE),IF(LEFT(C17,4)="IMPL",VLOOKUP(VALUE(RIGHT(C17,3)),'IMPL-COMP'!B:J,5,FALSE),IF(LEFT(C17,4)="SPDA",VLOOKUP(VALUE(RIGHT(C17,3)),'SPDA-COMP'!B:J,5,FALSE),IF(LEFT(C17,4)="SDAI",VLOOKUP(VALUE(RIGHT(C17,3)),'ADM-COMP'!B:J,5,FALSE),IF(LEFT(C17,5)="IMPER",VLOOKUP(VALUE(RIGHT(C17,3)),'IMPER-COMP'!B:J,5,FALSE),"")))))))))))))))) -> M | F17: =ROUND(VLOOKUP(A17,'MEM-LEVANT'!A12:I2615,9,FALSE),2) -> 335 | G17: =IF(B17="IOPES",VLOOKUP(C17,'LABOR-SERVIÇOS'!A:H,7,FALSE),IF(B17="SINAPI",VLOOKUP(C17,'SINAPI-SERVIÇOS'!A:H,8,FALSE),IF(LEFT(C17,3)="ARQ",VLOOKUP(VALUE(RIGHT(C17,3)),'ARQ-COMP'!B:J,9,FALSE),IF(LEFT(C17,3)="SCI",VLOOKUP(VALUE(RIGHT(C17,3)),'GAS-COMP'!#REF!,9,FALSE),IF(LEFT(C17,3)="SCE",VLOOKUP(VALUE(RIGHT(C17,3)),'SCE-COMP'!B:J,9,FALSE),IF(LEFT(C17,3)="EST",VLOOKUP(VALUE(RIGHT(C17,3)),'EST-COMP'!B:J,9,FALSE),IF(LEFT(C17,3)="HID",VLOOKUP(VALUE(RIGHT(C17,3)),'HID-COMP'!B:J,9,FALSE),IF(LEFT(C17,3)="INC",VLOOKUP(VALUE(RIGHT(C17,3)),'INC-COMP'!B:J,9,FALSE),IF(LEFT(C17,3)="ELE",VLOOKUP(VALUE(RIGHT(C17,3)),#REF!,9,FALSE),IF(LEFT(C17,3)="CAB",VLOOKUP(VALUE(RIGHT(C17,3)),#REF!,9,FALSE),IF(LEFT(C17,3)="SEG",VLOOKUP(VALUE(RIGHT(C17,3)),'SEG-COMP'!B:J,9,FALSE),IF(LEFT(C17,3)="CLI",VLOOKUP(VALUE(RIGHT(C17,3)),'CLI-COMP'!B:J,9,FALSE),IF(LEFT(C17,4)="IMPL",VLOOKUP(VALUE(RIGHT(C17,3)),'IMPL-COMP'!B:J,9,FALSE),IF(LEFT(C17,4)="SPDA",VLOOKUP(VALUE(RIGHT(C17,3)),'SPDA-COMP'!B:J,9,FALSE),IF(LEFT(C17,4)="SDAI",VLOOKUP(VALUE(RIGHT(C17,3)),'ADM-COMP'!B:J,9,FALSE),IF(LEFT(C17,5)="IMPER",VLOOKUP(VALUE(RIGHT(C17,3)),'IMPER-COMP'!B:J,9,FALSE),"")))))))))))))))) -> 197.24 | H17: =ROUND(F17*G17,2) -> 66075.4 | I17: =H17/$H$441 -> 0.0038634015
A18: 01.03.03 | B18: IOPES | C18: =20339 -> 20339 | D18: =IF(B18="IOPES",VLOOKUP(C18,'LABOR-SERVIÇOS'!A:H,5,FALSE),IF(B18="SINAPI",VLOOKUP(C18,'SINAPI-SERVIÇOS'!A:D,2,FALSE),IF(LEFT(C18,3)="ARQ",VLOOKUP(VALUE(RIGHT(C18,3)),'ARQ-COMP'!B:J,4,FALSE),IF(LEFT(C18,3)="SCI",VLOOKUP(VALUE(RIGHT(C18,3)),'GAS-COMP'!#REF!,4,FALSE),IF(LEFT(C18,3)="SCE",VLOOKUP(VALUE(RIGHT(C18,3)),'SCE-COMP'!B:J,4,FALSE),IF(LEFT(C18,3)="EST",VLOOKUP(VALUE(RIGHT(C18,3)),'EST-COMP'!B:J,4,FALSE),IF(LEFT(C18,3)="HID",VLOOKUP(VALUE(RIGHT(C18,3)),'HID-COMP'!B:J,4,FALSE),IF(LEFT(C18,3)="INC",VLOOKUP(VALUE(RIGHT(C18,3)),'INC-COMP'!B:J,4,FALSE),IF(LEFT(C18,3)="ELE",VLOOKUP(VALUE(RIGHT(C18,3)),#REF!,4,FALSE),IF(LEFT(C18,3)="CAB",VLOOKUP(VALUE(RIGHT(C18,3)),#REF!,4,FALSE),IF(LEFT(C18,3)="SEG",VLOOKUP(VALUE(RIGHT(C18,3)),'SEG-COMP'!B:J,4,FALSE),IF(LEFT(C18,3)="CLI",VLOOKUP(VALUE(RIGHT(C18,3)),'CLI-COMP'!B:J,4,FALSE),IF(LEFT(C18,4)="IMPL",VLOOKUP(VALUE(RIGHT(C18,3)),'IMPL-COMP'!B:J,4,FALSE),IF(LEFT(C18,4)="SPDA",VLOOKUP(VALUE(RIGHT(C18,3)),'SPDA-COMP'!B:J,4,FALSE),IF(LEFT(C18,4)="SDAI",VLOOKUP(VALUE(RIGHT(C18,3)),'ADM-COMP'!B:J,4,FALSE),IF(LEFT(C18,5)="IMPER",VLOOKUP(VALUE(RIGHT(C18,3)),'IMPER-COMP'!B:J,4,FALSE),"")))))))))))))))) -> LOCAÇÃO DE ANDAIME METÁLICO PARA TRABALHO EM FACHADA DE EDIFÍCO (ALUGUEL DE 1 M² POR 1 MÊS) INCLUSIVE FRETE, MONTAGEM E DESMONTAGEM | E18: =IF(B18="IOPES",VLOOKUP(C18,'LABOR-SERVIÇOS'!A:H,6,FALSE),IF(B18="SINAPI",VLOOKUP(C18,'SINAPI-SERVIÇOS'!A:D,3,FALSE),IF(LEFT(C18,3)="ARQ",VLOOKUP(VALUE(RIGHT(C18,3)),'ARQ-COMP'!B:J,5,FALSE),IF(LEFT(C18,3)="SCI",VLOOKUP(VALUE(RIGHT(C18,3)),'GAS-COMP'!#REF!,5,FALSE),IF(LEFT(C18,3)="SCE",VLOOKUP(VALUE(RIGHT(C18,3)),'SCE-COMP'!B:J,5,FALSE),IF(LEFT(C18,3)="EST",VLOOKUP(VALUE(RIGHT(C18,3)),'EST-COMP'!B:J,5,FALSE),IF(LEFT(C18,3)="HID",VLOOKUP(VALUE(RIGHT(C18,3)),'HID-COMP'!B:J,5,FALSE),IF(LEFT(C18,3)="INC",VLOOKUP(VALUE(RIGHT(C18,3)),'INC-COMP'!B:J,5,FALSE),IF(LEFT(C18,3)="ELE",VLOOKUP(VALUE(RIGHT(C18,3)),#REF!,5,FALSE),IF(LEFT(C18,3)="CAB",VLOOKUP(VALUE(RIGHT(C18,3)),#REF!,5,FALSE),IF(LEFT(C18,3)="SEG",VLOOKUP(VALUE(RIGHT(C18,3)),'SEG-COMP'!B:J,5,FALSE),IF(LEFT(C18,3)="CLI",VLOOKUP(VALUE(RIGHT(C18,3)),'CLI-COMP'!B:J,5,FALSE),IF(LEFT(C18,4)="IMPL",VLOOKUP(VALUE(RIGHT(C18,3)),'IMPL-COMP'!B:J,5,FALSE),IF(LEFT(C18,4)="SPDA",VLOOKUP(VALUE(RIGHT(C18,3)),'SPDA-COMP'!B:J,5,FALSE),IF(LEFT(C18,4)="SDAI",VLOOKUP(VALUE(RIGHT(C18,3)),'ADM-COMP'!B:J,5,FALSE),IF(LEFT(C18,5)="IMPER",VLOOKUP(VALUE(RIGHT(C18,3)),'IMPER-COMP'!B:J,5,FALSE),"")))))))))))))))) -> M2 | F18: =ROUND(VLOOKUP(A18,'MEM-LEVANT'!A13:I2616,9,FALSE),2) -> 3000 | G18: =IF(B18="IOPES",VLOOKUP(C18,'LABOR-SERVIÇOS'!A:H,7,FALSE),IF(B18="SINAPI",VLOOKUP(C18,'SINAPI-SERVIÇOS'!A:H,8,FALSE),IF(LEFT(C18,3)="ARQ",VLOOKUP(VALUE(RIGHT(C18,3)),'ARQ-COMP'!B:J,9,FALSE),IF(LEFT(C18,3)="SCI",VLOOKUP(VALUE(RIGHT(C18,3)),'GAS-COMP'!#REF!,9,FALSE),IF(LEFT(C18,3)="SCE",VLOOKUP(VALUE(RIGHT(C18,3)),'SCE-COMP'!B:J,9,FALSE),IF(LEFT(C18,3)="EST",VLOOKUP(VALUE(RIGHT(C18,3)),'EST-COMP'!B:J,9,FALSE),IF(LEFT(C18,3)="HID",VLOOKUP(VALUE(RIGHT(C18,3)),'HID-COMP'!B:J,9,FALSE),IF(LEFT(C18,3)="INC",VLOOKUP(VALUE(RIGHT(C18,3)),'INC-COMP'!B:J,9,FALSE),IF(LEFT(C18,3)="ELE",VLOOKUP(VALUE(RIGHT(C18,3)),#REF!,9,FALSE),IF(LEFT(C18,3)="CAB",VLOOKUP(VALUE(RIGHT(C18,3)),#REF!,9,FALSE),IF(LEFT(C18,3)="SEG",VLOOKUP(VALUE(RIGHT(C18,3)),'SEG-COMP'!B:J,9,FALSE),IF(LEFT(C18,3)="CLI",VLOOKUP(VALUE(RIGHT(C18,3)),'CLI-COMP'!B:J,9,FALSE),IF(LEFT(C18,4)="IMPL",VLOOKUP(VALUE(RIGHT(C18,3)),'IMPL-COMP'!B:J,9,FALSE),IF(LEFT(C18,4)="SPDA",VLOOKUP(VALUE(RIGHT(C18,3)),'SPDA-COMP'!B:J,9,FALSE),IF(LEFT(C18,4)="SDAI",VLOOKUP(VALUE(RIGHT(C18,3)),'ADM-COMP'!B:J,9,FALSE),IF(LEFT(C18,5)="IMPER",VLOOKUP(VALUE(RIGHT(C18,3)),'IMPER-COMP'!B:J,9,FALSE),"")))))))))))))))) -> 28.53 | H18: =ROUND(F18*G18,2) -> 85590 | I18: =H18/$H$441 -> 0.0050044122
A19: 01.03.04 | B19: IOPES | C19: 20701 | D19: =IF(B19="IOPES",VLOOKUP(C19,'LABOR-SERVIÇOS'!A:H,5,FALSE),IF(B19="SINAPI",VLOOKUP(C19,'SINAPI-SERVIÇOS'!A:D,2,FALSE),IF(LEFT(C19,3)="ARQ",VLOOKUP(VALUE(RIGHT(C19,3)),'ARQ-COMP'!B:J,4,FALSE),IF(LEFT(C19,3)="SCI",VLOOKUP(VALUE(RIGHT(C19,3)),'GAS-COMP'!#REF!,4,FALSE),IF(LEFT(C19,3)="SCE",VLOOKUP(VALUE(RIGHT(C19,3)),'SCE-COMP'!B:J,4,FALSE),IF(LEFT(C19,3)="EST",VLOOKUP(VALUE(RIGHT(C19,3)),'EST-COMP'!B:J,4,FALSE),IF(LEFT(C19,3)="HID",VLOOKUP(VALUE(RIGHT(C19,3)),'HID-COMP'!B:J,4,FALSE),IF(LEFT(C19,3)="INC",VLOOKUP(VALUE(RIGHT(C19,3)),'INC-COMP'!B:J,4,FALSE),IF(LEFT(C19,3)="ELE",VLOOKUP(VALUE(RIGHT(C19,3)),#REF!,4,FALSE),IF(LEFT(C19,3)="CAB",VLOOKUP(VALUE(RIGHT(C19,3)),#REF!,4,FALSE),IF(LEFT(C19,3)="SEG",VLOOKUP(VALUE(RIGHT(C19,3)),'SEG-COMP'!B:J,4,FALSE),IF(LEFT(C19,3)="CLI",VLOOKUP(VALUE(RIGHT(C19,3)),'CLI-COMP'!B:J,4,FALSE),IF(LEFT(C19,4)="IMPL",VLOOKUP(VALUE(RIGHT(C19,3)),'IMPL-COMP'!B:J,4,FALSE),IF(LEFT(C19,4)="SPDA",VLOOKUP(VALUE(RIGHT(C19,3)),'SPDA-COMP'!B:J,4,FALSE),IF(LEFT(C19,4)="SDAI",VLOOKUP(VALUE(RIGHT(C19,3)),'ADM-COMP'!B:J,4,FALSE),IF(LEFT(C19,5)="IMPER",VLOOKUP(VALUE(RIGHT(C19,3)),'IMPER-COMP'!B:J,4,FALSE),"")))))))))))))))) -> BARRACÃO PARA ESCRITÓRIO COM SANITÁRIO ÁREA DE 14.50 M2, DE CHAPA DE COMPENS. 12MM E PONTALETE 8X8CM, PISO CIMENTADO E COBERTURA DE TELHA DE FIBROC. 6MM, INCL. PONTO DE LUZ E CX. DE INSPEÇÃO, CONF. PROJETO (1 UTILIZAÇÃO) | E19: =IF(B19="IOPES",VLOOKUP(C19,'LABOR-SERVIÇOS'!A:H,6,FALSE),IF(B19="SINAPI",VLOOKUP(C19,'SINAPI-SERVIÇOS'!A:D,3,FALSE),IF(LEFT(C19,3)="ARQ",VLOOKUP(VALUE(RIGHT(C19,3)),'ARQ-COMP'!B:J,5,FALSE),IF(LEFT(C19,3)="SCI",VLOOKUP(VALUE(RIGHT(C19,3)),'GAS-COMP'!#REF!,5,FALSE),IF(LEFT(C19,3)="SCE",VLOOKUP(VALUE(RIGHT(C19,3)),'SCE-COMP'!B:J,5,FALSE),IF(LEFT(C19,3)="EST",VLOOKUP(VALUE(RIGHT(C19,3)),'EST-COMP'!B:J,5,FALSE),IF(LEFT(C19,3)="HID",VLOOKUP(VALUE(RIGHT(C19,3)),'HID-COMP'!B:J,5,FALSE),IF(LEFT(C19,3)="INC",VLOOKUP(VALUE(RIGHT(C19,3)),'INC-COMP'!B:J,5,FALSE),IF(LEFT(C19,3)="ELE",VLOOKUP(VALUE(RIGHT(C19,3)),#REF!,5,FALSE),IF(LEFT(C19,3)="CAB",VLOOKUP(VALUE(RIGHT(C19,3)),#REF!,5,FALSE),IF(LEFT(C19,3)="SEG",VLOOKUP(VALUE(RIGHT(C19,3)),'SEG-COMP'!B:J,5,FALSE),IF(LEFT(C19,3)="CLI",VLOOKUP(VALUE(RIGHT(C19,3)),'CLI-COMP'!B:J,5,FALSE),IF(LEFT(C19,4)="IMPL",VLOOKUP(VALUE(RIGHT(C19,3)),'IMPL-COMP'!B:J,5,FALSE),IF(LEFT(C19,4)="SPDA",VLOOKUP(VALUE(RIGHT(C19,3)),'SPDA-COMP'!B:J,5,FALSE),IF(LEFT(C19,4)="SDAI",VLOOKUP(VALUE(RIGHT(C19,3)),'ADM-COMP'!B:J,5,FALSE),IF(LEFT(C19,5)="IMPER",VLOOKUP(VALUE(RIGHT(C19,3)),'IMPER-COMP'!B:J,5,FALSE),"")))))))))))))))) -> M2 | F19: =ROUND(VLOOKUP(A19,'MEM-LEVANT'!A14:I2617,9,FALSE),2) -> 14.5 | G19: =IF(B19="IOPES",VLOOKUP(C19,'LABOR-SERVIÇOS'!A:H,7,FALSE),IF(B19="SINAPI",VLOOKUP(C19,'SINAPI-SERVIÇOS'!A:H,8,FALSE),IF(LEFT(C19,3)="ARQ",VLOOKUP(VALUE(RIGHT(C19,3)),'ARQ-COMP'!B:J,9,FALSE),IF(LEFT(C19,3)="SCI",VLOOKUP(VALUE(RIGHT(C19,3)),'GAS-COMP'!#REF!,9,FALSE),IF(LEFT(C19,3)="SCE",VLOOKUP(VALUE(RIGHT(C19,3)),'SCE-COMP'!B:J,9,FALSE),IF(LEFT(C19,3)="EST",VLOOKUP(VALUE(RIGHT(C19,3)),'EST-COMP'!B:J,9,FALSE),IF(LEFT(C19,3)="HID",VLOOKUP(VALUE(RIGHT(C19,3)),'HID-COMP'!B:J,9,FALSE),IF(LEFT(C19,3)="INC",VLOOKUP(VALUE(RIGHT(C19,3)),'INC-COMP'!B:J,9,FALSE),IF(LEFT(C19,3)="ELE",VLOOKUP(VALUE(RIGHT(C19,3)),#REF!,9,FALSE),IF(LEFT(C19,3)="CAB",VLOOKUP(VALUE(RIGHT(C19,3)),#REF!,9,FALSE),IF(LEFT(C19,3)="SEG",VLOOKUP(VALUE(RIGHT(C19,3)),'SEG-COMP'!B:J,9,FALSE),IF(LEFT(C19,3)="CLI",VLOOKUP(VALUE(RIGHT(C19,3)),'CLI-COMP'!B:J,9,FALSE),IF(LEFT(C19,4)="IMPL",VLOOKUP(VALUE(RIGHT(C19,3)),'IMPL-COMP'!B:J,9,FALSE),IF(LEFT(C19,4)="SPDA",VLOOKUP(VALUE(RIGHT(C19,3)),'SPDA-COMP'!B:J,9,FALSE),IF(LEFT(C19,4)="SDAI",VLOOKUP(VALUE(RIGHT(C19,3)),'ADM-COMP'!B:J,9,FALSE),IF(LEFT(C19,5)="IMPER",VLOOKUP(VALUE(RIGHT(C19,3)),'IMPER-COMP'!B:J,9,FALSE),"")))))))))))))))) -> 1147.28 | H19: =ROUND(F19*G19,2) -> 16635.56 | I19: =H19/$H$441 -> 0.00097267436
A20: 01.03.05 | B20: IOPES | C20: =20344 -> 20344 | D20: =IF(B20="IOPES",VLOOKUP(C20,'LABOR-SERVIÇOS'!A:H,5,FALSE),IF(B20="SINAPI",VLOOKUP(C20,'SINAPI-SERVIÇOS'!A:D,2,FALSE),IF(LEFT(C20,3)="ARQ",VLOOKUP(VALUE(RIGHT(C20,3)),'ARQ-COMP'!B:J,4,FALSE),IF(LEFT(C20,3)="SCI",VLOOKUP(VALUE(RIGHT(C20,3)),'GAS-COMP'!#REF!,4,FALSE),IF(LEFT(C20,3)="SCE",VLOOKUP(VALUE(RIGHT(C20,3)),'SCE-COMP'!B:J,4,FALSE),IF(LEFT(C20,3)="EST",VLOOKUP(VALUE(RIGHT(C20,3)),'EST-COMP'!B:J,4,FALSE),IF(LEFT(C20,3)="HID",VLOOKUP(VALUE(RIGHT(C20,3)),'HID-COMP'!B:J,4,FALSE),IF(LEFT(C20,3)="INC",VLOOKUP(VALUE(RIGHT(C20,3)),'INC-COMP'!B:J,4,FALSE),IF(LEFT(C20,3)="ELE",VLOOKUP(VALUE(RIGHT(C20,3)),#REF!,4,FALSE),IF(LEFT(C20,3)="CAB",VLOOKUP(VALUE(RIGHT(C20,3)),#REF!,4,FALSE),IF(LEFT(C20,3)="SEG",VLOOKUP(VALUE(RIGHT(C20,3)),'SEG-COMP'!B:J,4,FALSE),IF(LEFT(C20,3)="CLI",VLOOKUP(VALUE(RIGHT(C20,3)),'CLI-COMP'!B:J,4,FALSE),IF(LEFT(C20,4)="IMPL",VLOOKUP(VALUE(RIGHT(C20,3)),'IMPL-COMP'!B:J,4,FALSE),IF(LEFT(C20,4)="SPDA",VLOOKUP(VALUE(RIGHT(C20,3)),'SPDA-COMP'!B:J,4,FALSE),IF(LEFT(C20,4)="SDAI",VLOOKUP(VALUE(RIGHT(C20,3)),'ADM-COMP'!B:J,4,FALSE),IF(LEFT(C20,5)="IMPER",VLOOKUP(VALUE(RIGHT(C20,3)),'IMPER-COMP'!B:J,4,FALSE),"")))))))))))))))) -> MOBILIZAÇÃO E DESMOBILIZAÇÃO DE CONTEINER LOCADO PARA BARRACÃO DE OBRA | E20: =IF(B20="IOPES",VLOOKUP(C20,'LABOR-SERVIÇOS'!A:H,6,FALSE),IF(B20="SINAPI",VLOOKUP(C20,'SINAPI-SERVIÇOS'!A:D,3,FALSE),IF(LEFT(C20,3)="ARQ",VLOOKUP(VALUE(RIGHT(C20,3)),'ARQ-COMP'!B:J,5,FALSE),IF(LEFT(C20,3)="SCI",VLOOKUP(VALUE(RIGHT(C20,3)),'GAS-COMP'!#REF!,5,FALSE),IF(LEFT(C20,3)="SCE",VLOOKUP(VALUE(RIGHT(C20,3)),'SCE-COMP'!B:J,5,FALSE),IF(LEFT(C20,3)="EST",VLOOKUP(VALUE(RIGHT(C20,3)),'EST-COMP'!B:J,5,FALSE),IF(LEFT(C20,3)="HID",VLOOKUP(VALUE(RIGHT(C20,3)),'HID-COMP'!B:J,5,FALSE),IF(LEFT(C20,3)="INC",VLOOKUP(VALUE(RIGHT(C20,3)),'INC-COMP'!B:J,5,FALSE),IF(LEFT(C20,3)="ELE",VLOOKUP(VALUE(RIGHT(C20,3)),#REF!,5,FALSE),IF(LEFT(C20,3)="CAB",VLOOKUP(VALUE(RIGHT(C20,3)),#REF!,5,FALSE),IF(LEFT(C20,3)="SEG",VLOOKUP(VALUE(RIGHT(C20,3)),'SEG-COMP'!B:J,5,FALSE),IF(LEFT(C20,3)="CLI",VLOOKUP(VALUE(RIGHT(C20,3)),'CLI-COMP'!B:J,5,FALSE),IF(LEFT(C20,4)="IMPL",VLOOKUP(VALUE(RIGHT(C20,3)),'IMPL-COMP'!B:J,5,FALSE),IF(LEFT(C20,4)="SPDA",VLOOKUP(VALUE(RIGHT(C20,3)),'SPDA-COMP'!B:J,5,FALSE),IF(LEFT(C20,4)="SDAI",VLOOKUP(VALUE(RIGHT(C20,3)),'ADM-COMP'!B:J,5,FALSE),IF(LEFT(C20,5)="IMPER",VLOOKUP(VALUE(RIGHT(C20,3)),'IMPER-COMP'!B:J,5,FALSE),"")))))))))))))))) -> UND | F20: =ROUND(VLOOKUP(A20,'MEM-LEVANT'!A15:I2618,9,FALSE),2) -> 3 | G20: =IF(B20="IOPES",VLOOKUP(C20,'LABOR-SERVIÇOS'!A:H,7,FALSE),IF(B20="SINAPI",VLOOKUP(C20,'SINAPI-SERVIÇOS'!A:H,8,FALSE),IF(LEFT(C20,3)="ARQ",VLOOKUP(VALUE(RIGHT(C20,3)),'ARQ-COMP'!B:J,9,FALSE),IF(LEFT(C20,3)="SCI",VLOOKUP(VALUE(RIGHT(C20,3)),'GAS-COMP'!#REF!,9,FALSE),IF(LEFT(C20,3)="SCE",VLOOKUP(VALUE(RIGHT(C20,3)),'SCE-COMP'!B:J,9,FALSE),IF(LEFT(C20,3)="EST",VLOOKUP(VALUE(RIGHT(C20,3)),'EST-COMP'!B:J,9,FALSE),IF(LEFT(C20,3)="HID",VLOOKUP(VALUE(RIGHT(C20,3)),'HID-COMP'!B:J,9,FALSE),IF(LEFT(C20,3)="INC",VLOOKUP(VALUE(RIGHT(C20,3)),'INC-COMP'!B:J,9,FALSE),IF(LEFT(C20,3)="ELE",VLOOKUP(VALUE(RIGHT(C20,3)),#REF!,9,FALSE),IF(LEFT(C20,3)="CAB",VLOOKUP(VALUE(RIGHT(C20,3)),#REF!,9,FALSE),IF(LEFT(C20,3)="SEG",VLOOKUP(VALUE(RIGHT(C20,3)),'SEG-COMP'!B:J,9,FALSE),IF(LEFT(C20,3)="CLI",VLOOKUP(VALUE(RIGHT(C20,3)),'CLI-COMP'!B:J,9,FALSE),IF(LEFT(C20,4)="IMPL",VLOOKUP(VALUE(RIGHT(C20,3)),'IMPL-COMP'!B:J,9,FALSE),IF(LEFT(C20,4)="SPDA",VLOOKUP(VALUE(RIGHT(C20,3)),'SPDA-COMP'!B:J,9,FALSE),IF(LEFT(C20,4)="SDAI",VLOOKUP(VALUE(RIGHT(C20,3)),'ADM-COMP'!B:J,9,FALSE),IF(LEFT(C20,5)="IMPER",VLOOKUP(VALUE(RIGHT(C20,3)),'IMPER-COMP'!B:J,9,FALSE),"")))))))))))))))) -> 2220.84 | H20: =ROUND(F20*G20,2) -> 6662.52 | I20: =H20/$H$441 -> 0.00038955481
A21: 01.03.06 | B21: IOPES | C21: =20713 -> 20713 | D21: =IF(B21="IOPES",VLOOKUP(C21,'LABOR-SERVIÇOS'!A:H,5,FALSE),IF(B21="SINAPI",VLOOKUP(C21,'SINAPI-SERVIÇOS'!A:D,2,FALSE),IF(LEFT(C21,3)="ARQ",VLOOKUP(VALUE(RIGHT(C21,3)),'ARQ-COMP'!B:J,4,FALSE),IF(LEFT(C21,3)="SCI",VLOOKUP(VALUE(RIGHT(C21,3)),'GAS-COMP'!#REF!,4,FALSE),IF(LEFT(C21,3)="SCE",VLOOKUP(VALUE(RIGHT(C21,3)),'SCE-COMP'!B:J,4,FALSE),IF(LEFT(C21,3)="EST",VLOOKUP(VALUE(RIGHT(C21,3)),'EST-COMP'!B:J,4,FALSE),IF(LEFT(C21,3)="HID",VLOOKUP(VALUE(RIGHT(C21,3)),'HID-COMP'!B:J,4,FALSE),IF(LEFT(C21,3)="INC",VLOOKUP(VALUE(RIGHT(C21,3)),'INC-COMP'!B:J,4,FALSE),IF(LEFT(C21,3)="ELE",VLOOKUP(VALUE(RIGHT(C21,3)),#REF!,4,FALSE),IF(LEFT(C21,3)="CAB",VLOOKUP(VALUE(RIGHT(C21,3)),#REF!,4,FALSE),IF(LEFT(C21,3)="SEG",VLOOKUP(VALUE(RIGHT(C21,3)),'SEG-COMP'!B:J,4,FALSE),IF(LEFT(C21,3)="CLI",VLOOKUP(VALUE(RIGHT(C21,3)),'CLI-COMP'!B:J,4,FALSE),IF(LEFT(C21,4)="IMPL",VLOOKUP(VALUE(RIGHT(C21,3)),'IMPL-COMP'!B:J,4,FALSE),IF(LEFT(C21,4)="SPDA",VLOOKUP(VALUE(RIGHT(C21,3)),'SPDA-COMP'!B:J,4,FALSE),IF(LEFT(C21,4)="SDAI",VLOOKUP(VALUE(RIGHT(C21,3)),'ADM-COMP'!B:J,4,FALSE),IF(LEFT(C21,5)="IMPER",VLOOKUP(VALUE(RIGHT(C21,3)),'IMPER-COMP'!B:J,4,FALSE),"")))))))))))))))) -> REDE DE LUZ, INCL. PADRÃO ENTRADA DE ENERGIA TRIFÁS., CABO DE LIGAÇÃO ATÉ BARRACÕES, QUADRO DE DISTRIB., DISJ. E CHAVE DE FORÇA (QUANDO NECESSÁRIO), CONS. 20M ENTRE PADRÃO ENTRADA E QDG, CONF. PROJETO (1 UTILIZAÇÃO) | E21: =IF(B21="IOPES",VLOOKUP(C21,'LABOR-SERVIÇOS'!A:H,6,FALSE),IF(B21="SINAPI",VLOOKUP(C21,'SINAPI-SERVIÇOS'!A:D,3,FALSE),IF(LEFT(C21,3)="ARQ",VLOOKUP(VALUE(RIGHT(C21,3)),'ARQ-COMP'!B:J,5,FALSE),IF(LEFT(C21,3)="SCI",VLOOKUP(VALUE(RIGHT(C21,3)),'GAS-COMP'!#REF!,5,FALSE),IF(LEFT(C21,3)="SCE",VLOOKUP(VALUE(RIGHT(C21,3)),'SCE-COMP'!B:J,5,FALSE),IF(LEFT(C21,3)="EST",VLOOKUP(VALUE(RIGHT(C21,3)),'EST-COMP'!B:J,5,FALSE),IF(LEFT(C21,3)="HID",VLOOKUP(VALUE(RIGHT(C21,3)),'HID-COMP'!B:J,5,FALSE),IF(LEFT(C21,3)="INC",VLOOKUP(VALUE(RIGHT(C21,3)),'INC-COMP'!B:J,5,FALSE),IF(LEFT(C21,3)="ELE",VLOOKUP(VALUE(RIGHT(C21,3)),#REF!,5,FALSE),IF(LEFT(C21,3)="CAB",VLOOKUP(VALUE(RIGHT(C21,3)),#REF!,5,FALSE),IF(LEFT(C21,3)="SEG",VLOOKUP(VALUE(RIGHT(C21,3)),'SEG-COMP'!B:J,5,FALSE),IF(LEFT(C21,3)="CLI",VLOOKUP(VALUE(RIGHT(C21,3)),'CLI-COMP'!B:J,5,FALSE),IF(LEFT(C21,4)="IMPL",VLOOKUP(VALUE(RIGHT(C21,3)),'IMPL-COMP'!B:J,5,FALSE),IF(LEFT(C21,4)="SPDA",VLOOKUP(VALUE(RIGHT(C21,3)),'SPDA-COMP'!B:J,5,FALSE),IF(LEFT(C21,4)="SDAI",VLOOKUP(VALUE(RIGHT(C21,3)),'ADM-COMP'!B:J,5,FALSE),IF(LEFT(C21,5)="IMPER",VLOOKUP(VALUE(RIGHT(C21,3)),'IMPER-COMP'!B:J,5,FALSE),"")))))))))))))))) -> M | F21: =ROUND(VLOOKUP(A21,'MEM-LEVANT'!A18:I2621,9,FALSE),2) -> 20 | G21: =IF(B21="IOPES",VLOOKUP(C21,'LABOR-SERVIÇOS'!A:H,7,FALSE),IF(B21="SINAPI",VLOOKUP(C21,'SINAPI-SERVIÇOS'!A:H,8,FALSE),IF(LEFT(C21,3)="ARQ",VLOOKUP(VALUE(RIGHT(C21,3)),'ARQ-COMP'!B:J,9,FALSE),IF(LEFT(C21,3)="SCI",VLOOKUP(VALUE(RIGHT(C21,3)),'GAS-COMP'!#REF!,9,FALSE),IF(LEFT(C21,3)="SCE",VLOOKUP(VALUE(RIGHT(C21,3)),'SCE-COMP'!B:J,9,FALSE),IF(LEFT(C21,3)="EST",VLOOKUP(VALUE(RIGHT(C21,3)),'EST-COMP'!B:J,9,FALSE),IF(LEFT(C21,3)="HID",VLOOKUP(VALUE(RIGHT(C21,3)),'HID-COMP'!B:J,9,FALSE),IF(LEFT(C21,3)="INC",VLOOKUP(VALUE(RIGHT(C21,3)),'INC-COMP'!B:J,9,FALSE),IF(LEFT(C21,3)="ELE",VLOOKUP(VALUE(RIGHT(C21,3)),#REF!,9,FALSE),IF(LEFT(C21,3)="CAB",VLOOKUP(VALUE(RIGHT(C21,3)),#REF!,9,FALSE),IF(LEFT(C21,3)="SEG",VLOOKUP(VALUE(RIGHT(C21,3)),'SEG-COMP'!B:J,9,FALSE),IF(LEFT(C21,3)="CLI",VLOOKUP(VALUE(RIGHT(C21,3)),'CLI-COMP'!B:J,9,FALSE),IF(LEFT(C21,4)="IMPL",VLOOKUP(VALUE(RIGHT(C21,3)),'IMPL-COMP'!B:J,9,FALSE),IF(LEFT(C21,4)="SPDA",VLOOKUP(VALUE(RIGHT(C21,3)),'SPDA-COMP'!B:J,9,FALSE),IF(LEFT(C21,4)="SDAI",VLOOKUP(VALUE(RIGHT(C21,3)),'ADM-COMP'!B:J,9,FALSE),IF(LEFT(C21,5)="IMPER",VLOOKUP(VALUE(RIGHT(C21,3)),'IMPER-COMP'!B:J,9,FALSE),"")))))))))))))))) -> 669.17 | H21: =ROUND(F21*G21,2) -> 13383.4 | I21: =H21/$H$441 -> 0.0007825219
A22: 01.03.07 | B22: IOPES | C22: ='LABOR-SERVIÇOS'!A129 -> 20804 | D22: =IF(B22="IOPES",VLOOKUP(C22,'LABOR-SERVIÇOS'!A:H,5,FALSE),IF(B22="SINAPI",VLOOKUP(C22,'SINAPI-SERVIÇOS'!A:D,2,FALSE),IF(LEFT(C22,3)="ARQ",VLOOKUP(VALUE(RIGHT(C22,3)),'ARQ-COMP'!B:J,4,FALSE),IF(LEFT(C22,3)="SCI",VLOOKUP(VALUE(RIGHT(C22,3)),'GAS-COMP'!#REF!,4,FALSE),IF(LEFT(C22,3)="SCE",VLOOKUP(VALUE(RIGHT(C22,3)),'SCE-COMP'!B:J,4,FALSE),IF(LEFT(C22,3)="EST",VLOOKUP(VALUE(RIGHT(C22,3)),'EST-COMP'!B:J,4,FALSE),IF(LEFT(C22,3)="HID",VLOOKUP(VALUE(RIGHT(C22,3)),'HID-COMP'!B:J,4,FALSE),IF(LEFT(C22,3)="INC",VLOOKUP(VALUE(RIGHT(C22,3)),'INC-COMP'!B:J,4,FALSE),IF(LEFT(C22,3)="ELE",VLOOKUP(VALUE(RIGHT(C22,3)),#REF!,4,FALSE),IF(LEFT(C22,3)="CAB",VLOOKUP(VALUE(RIGHT(C22,3)),#REF!,4,FALSE),IF(LEFT(C22,3)="SEG",VLOOKUP(VALUE(RIGHT(C22,3)),'SEG-COMP'!B:J,4,FALSE),IF(LEFT(C22,3)="CLI",VLOOKUP(VALUE(RIGHT(C22,3)),'CLI-COMP'!B:J,4,FALSE),IF(LEFT(C22,4)="IMPL",VLOOKUP(VALUE(RIGHT(C22,3)),'IMPL-COMP'!B:J,4,FALSE),IF(LEFT(C22,4)="SPDA",VLOOKUP(VALUE(RIGHT(C22,3)),'SPDA-COMP'!B:J,4,FALSE),IF(LEFT(C22,4)="SDAI",VLOOKUP(VALUE(RIGHT(C22,3)),'ADM-COMP'!B:J,4,FALSE),IF(LEFT(C22,5)="IMPER",VLOOKUP(VALUE(RIGHT(C22,3)),'IMPER-COMP'!B:J,4,FALSE),"")))))))))))))))) -> REFEITÓRIO COM PAREDES DE CHAPA DE COMPENS. 12MM E PONTALETES 8X8CM, PISO CIMENT. E COBERT. DE TELHAS FIBROC. 6MM, INCL. PONTO DE LUZ E CX. DE INSPEÇÃO (CONS. 1.21M2/FUNC./TURNO), CONF. PROJETO (2 UTILIZAÇÃO) | E22: =IF(B22="IOPES",VLOOKUP(C22,'LABOR-SERVIÇOS'!A:H,6,FALSE),IF(B22="SINAPI",VLOOKUP(C22,'SINAPI-SERVIÇOS'!A:D,3,FALSE),IF(LEFT(C22,3)="ARQ",VLOOKUP(VALUE(RIGHT(C22,3)),'ARQ-COMP'!B:J,5,FALSE),IF(LEFT(C22,3)="SCI",VLOOKUP(VALUE(RIGHT(C22,3)),'GAS-COMP'!#REF!,5,FALSE),IF(LEFT(C22,3)="SCE",VLOOKUP(VALUE(RIGHT(C22,3)),'SCE-COMP'!B:J,5,FALSE),IF(LEFT(C22,3)="EST",VLOOKUP(VALUE(RIGHT(C22,3)),'EST-COMP'!B:J,5,FALSE),IF(LEFT(C22,3)="HID",VLOOKUP(VALUE(RIGHT(C22,3)),'HID-COMP'!B:J,5,FALSE),IF(LEFT(C22,3)="INC",VLOOKUP(VALUE(RIGHT(C22,3)),'INC-COMP'!B:J,5,FALSE),IF(LEFT(C22,3)="ELE",VLOOKUP(VALUE(RIGHT(C22,3)),#REF!,5,FALSE),IF(LEFT(C22,3)="CAB",VLOOKUP(VALUE(RIGHT(C22,3)),#REF!,5,FALSE),IF(LEFT(C22,3)="SEG",VLOOKUP(VALUE(RIGHT(C22,3)),'SEG-COMP'!B:J,5,FALSE),IF(LEFT(C22,3)="CLI",VLOOKUP(VALUE(RIGHT(C22,3)),'CLI-COMP'!B:J,5,FALSE),IF(LEFT(C22,4)="IMPL",VLOOKUP(VALUE(RIGHT(C22,3)),'IMPL-COMP'!B:J,5,FALSE),IF(LEFT(C22,4)="SPDA",VLOOKUP(VALUE(RIGHT(C22,3)),'SPDA-COMP'!B:J,5,FALSE),IF(LEFT(C22,4)="SDAI",VLOOKUP(VALUE(RIGHT(C22,3)),'ADM-COMP'!B:J,5,FALSE),IF(LEFT(C22,5)="IMPER",VLOOKUP(VALUE(RIGHT(C22,3)),'IMPER-COMP'!B:J,5,FALSE),"")))))))))))))))) -> M2 | F22: =ROUND(VLOOKUP(A22,'MEM-LEVANT'!A19:I2622,9,FALSE),2) -> 36.3 | G22: =IF(B22="IOPES",VLOOKUP(C22,'LABOR-SERVIÇOS'!A:H,7,FALSE),IF(B22="SINAPI",VLOOKUP(C22,'SINAPI-SERVIÇOS'!A:H,8,FALSE),IF(LEFT(C22,3)="ARQ",VLOOKUP(VALUE(RIGHT(C22,3)),'ARQ-COMP'!B:J,9,FALSE),IF(LEFT(C22,3)="SCI",VLOOKUP(VALUE(RIGHT(C22,3)),'GAS-COMP'!#REF!,9,FALSE),IF(LEFT(C22,3)="SCE",VLOOKUP(VALUE(RIGHT(C22,3)),'SCE-COMP'!B:J,9,FALSE),IF(LEFT(C22,3)="EST",VLOOKUP(VALUE(RIGHT(C22,3)),'EST-COMP'!B:J,9,FALSE),IF(LEFT(C22,3)="HID",VLOOKUP(VALUE(RIGHT(C22,3)),'HID-COMP'!B:J,9,FALSE),IF(LEFT(C22,3)="INC",VLOOKUP(VALUE(RIGHT(C22,3)),'INC-COMP'!B:J,9,FALSE),IF(LEFT(C22,3)="ELE",VLOOKUP(VALUE(RIGHT(C22,3)),#REF!,9,FALSE),IF(LEFT(C22,3)="CAB",VLOOKUP(VALUE(RIGHT(C22,3)),#REF!,9,FALSE),IF(LEFT(C22,3)="SEG",VLOOKUP(VALUE(RIGHT(C22,3)),'SEG-COMP'!B:J,9,FALSE),IF(LEFT(C22,3)="CLI",VLOOKUP(VALUE(RIGHT(C22,3)),'CLI-COMP'!B:J,9,FALSE),IF(LEFT(C22,4)="IMPL",VLOOKUP(VALUE(RIGHT(C22,3)),'IMPL-COMP'!B:J,9,FALSE),IF(LEFT(C22,4)="SPDA",VLOOKUP(VALUE(RIGHT(C22,3)),'SPDA-COMP'!B:J,9,FALSE),IF(LEFT(C22,4)="SDAI",VLOOKUP(VALUE(RIGHT(C22,3)),'ADM-COMP'!B:J,9,FALSE),IF(LEFT(C22,5)="IMPER",VLOOKUP(VALUE(RIGHT(C22,3)),'IMPER-COMP'!B:J,9,FALSE),"")))))))))))))))) -> 535.37 | H22: =ROUND(F22*G22,2) -> 19433.93 | I22: =H22/$H$441 -> 0.0011362939
A23: 01.03.08 | B23: IOPES | C23: =20354 -> 20354 | D23: =IF(B23="IOPES",VLOOKUP(C23,'LABOR-SERVIÇOS'!A:H,5,FALSE),IF(B23="SINAPI",VLOOKUP(C23,'SINAPI-SERVIÇOS'!A:D,2,FALSE),IF(LEFT(C23,3)="ARQ",VLOOKUP(VALUE(RIGHT(C23,3)),'ARQ-COMP'!B:J,4,FALSE),IF(LEFT(C23,3)="SCI",VLOOKUP(VALUE(RIGHT(C23,3)),'GAS-COMP'!#REF!,4,FALSE),IF(LEFT(C23,3)="SCE",VLOOKUP(VALUE(RIGHT(C23,3)),'SCE-COMP'!B:J,4,FALSE),IF(LEFT(C23,3)="EST",VLOOKUP(VALUE(RIGHT(C23,3)),'EST-COMP'!B:J,4,FALSE),IF(LEFT(C23,3)="HID",VLOOKUP(VALUE(RIGHT(C23,3)),'HID-COMP'!B:J,4,FALSE),IF(LEFT(C23,3)="INC",VLOOKUP(VALUE(RIGHT(C23,3)),'INC-COMP'!B:J,4,FALSE),IF(LEFT(C23,3)="ELE",VLOOKUP(VALUE(RIGHT(C23,3)),#REF!,4,FALSE),IF(LEFT(C23,3)="CAB",VLOOKUP(VALUE(RIGHT(C23,3)),#REF!,4,FALSE),IF(LEFT(C23,3)="SEG",VLOOKUP(VALUE(RIGHT(C23,3)),'SEG-COMP'!B:J,4,FALSE),IF(LEFT(C23,3)="CLI",VLOOKUP(VALUE(RIGHT(C23,3)),'CLI-COMP'!B:J,4,FALSE),IF(LEFT(C23,4)="IMPL",VLOOKUP(VALUE(RIGHT(C23,3)),'IMPL-COMP'!B:J,4,FALSE),IF(LEFT(C23,4)="SPDA",VLOOKUP(VALUE(RIGHT(C23,3)),'SPDA-COMP'!B:J,4,FALSE),IF(LEFT(C23,4)="SDAI",VLOOKUP(VALUE(RIGHT(C23,3)),'ADM-COMP'!B:J,4,FALSE),IF(LEFT(C23,5)="IMPER",VLOOKUP(VALUE(RIGHT(C23,3)),'IMPER-COMP'!B:J,4,FALSE),"")))))))))))))))) -> ALUGUEL MENSAL CONTAINER PARA VESTIÁRIO, INCL. PORTA, VENEZIANAS DE CIRCULAÇÃO, 1 PT ILUMINAÇÃO, ISOLAMENTO TÉRMICO (TETO), PISO EM COMP. NAVAL PINTADO, CERT. NR18, INCL. LAUDO DESCONTAMINAÇÃO. | E23: =IF(B23="IOPES",VLOOKUP(C23,'LABOR-SERVIÇOS'!A:H,6,FALSE),IF(B23="SINAPI",VLOOKUP(C23,'SINAPI-SERVIÇOS'!A:D,3,FALSE),IF(LEFT(C23,3)="ARQ",VLOOKUP(VALUE(RIGHT(C23,3)),'ARQ-COMP'!B:J,5,FALSE),IF(LEFT(C23,3)="SCI",VLOOKUP(VALUE(RIGHT(C23,3)),'GAS-COMP'!#REF!,5,FALSE),IF(LEFT(C23,3)="SCE",VLOOKUP(VALUE(RIGHT(C23,3)),'SCE-COMP'!B:J,5,FALSE),IF(LEFT(C23,3)="EST",VLOOKUP(VALUE(RIGHT(C23,3)),'EST-COMP'!B:J,5,FALSE),IF(LEFT(C23,3)="HID",VLOOKUP(VALUE(RIGHT(C23,3)),'HID-COMP'!B:J,5,FALSE),IF(LEFT(C23,3)="INC",VLOOKUP(VALUE(RIGHT(C23,3)),'INC-COMP'!B:J,5,FALSE),IF(LEFT(C23,3)="ELE",VLOOKUP(VALUE(RIGHT(C23,3)),#REF!,5,FALSE),IF(LEFT(C23,3)="CAB",VLOOKUP(VALUE(RIGHT(C23,3)),#REF!,5,FALSE),IF(LEFT(C23,3)="SEG",VLOOKUP(VALUE(RIGHT(C23,3)),'SEG-COMP'!B:J,5,FALSE),IF(LEFT(C23,3)="CLI",VLOOKUP(VALUE(RIGHT(C23,3)),'CLI-COMP'!B:J,5,FALSE),IF(LEFT(C23,4)="IMPL",VLOOKUP(VALUE(RIGHT(C23,3)),'IMPL-COMP'!B:J,5,FALSE),IF(LEFT(C23,4)="SPDA",VLOOKUP(VALUE(RIGHT(C23,3)),'SPDA-COMP'!B:J,5,FALSE),IF(LEFT(C23,4)="SDAI",VLOOKUP(VALUE(RIGHT(C23,3)),'ADM-COMP'!B:J,5,FALSE),IF(LEFT(C23,5)="IMPER",VLOOKUP(VALUE(RIGHT(C23,3)),'IMPER-COMP'!B:J,5,FALSE),"")))))))))))))))) -> MS | F23: =ROUND(VLOOKUP(A23,'MEM-LEVANT'!A17:I2620,9,FALSE),2) -> 18 | G23: =IF(B23="IOPES",VLOOKUP(C23,'LABOR-SERVIÇOS'!A:H,7,FALSE),IF(B23="SINAPI",VLOOKUP(C23,'SINAPI-SERVIÇOS'!A:H,8,FALSE),IF(LEFT(C23,3)="ARQ",VLOOKUP(VALUE(RIGHT(C23,3)),'ARQ-COMP'!B:J,9,FALSE),IF(LEFT(C23,3)="SCI",VLOOKUP(VALUE(RIGHT(C23,3)),'GAS-COMP'!#REF!,9,FALSE),IF(LEFT(C23,3)="SCE",VLOOKUP(VALUE(RIGHT(C23,3)),'SCE-COMP'!B:J,9,FALSE),IF(LEFT(C23,3)="EST",VLOOKUP(VALUE(RIGHT(C23,3)),'EST-COMP'!B:J,9,FALSE),IF(LEFT(C23,3)="HID",VLOOKUP(VALUE(RIGHT(C23,3)),'HID-COMP'!B:J,9,FALSE),IF(LEFT(C23,3)="INC",VLOOKUP(VALUE(RIGHT(C23,3)),'INC-COMP'!B:J,9,FALSE),IF(LEFT(C23,3)="ELE",VLOOKUP(VALUE(RIGHT(C23,3)),#REF!,9,FALSE),IF(LEFT(C23,3)="CAB",VLOOKUP(VALUE(RIGHT(C23,3)),#REF!,9,FALSE),IF(LEFT(C23,3)="SEG",VLOOKUP(VALUE(RIGHT(C23,3)),'SEG-COMP'!B:J,9,FALSE),IF(LEFT(C23,3)="CLI",VLOOKUP(VALUE(RIGHT(C23,3)),'CLI-COMP'!B:J,9,FALSE),IF(LEFT(C23,4)="IMPL",VLOOKUP(VALUE(RIGHT(C23,3)),'IMPL-COMP'!B:J,9,FALSE),IF(LEFT(C23,4)="SPDA",VLOOKUP(VALUE(RIGHT(C23,3)),'SPDA-COMP'!B:J,9,FALSE),IF(LEFT(C23,4)="SDAI",VLOOKUP(VALUE(RIGHT(C23,3)),'ADM-COMP'!B:J,9,FALSE),IF(LEFT(C23,5)="IMPER",VLOOKUP(VALUE(RIGHT(C23,3)),'IMPER-COMP'!B:J,9,FALSE),"")))))))))))))))) -> 1025.03 | H23: =ROUND(F23*G23,2) -> 18450.54 | I23: =H23/$H$441 -> 0.0010787955
A24: 01.03.09 | B24: IOPES | C24: =20355 -> 20355 | D24: =IF(B24="IOPES",VLOOKUP(C24,'LABOR-SERVIÇOS'!A:H,5,FALSE),IF(B24="SINAPI",VLOOKUP(C24,'SINAPI-SERVIÇOS'!A:D,2,FALSE),IF(LEFT(C24,3)="ARQ",VLOOKUP(VALUE(RIGHT(C24,3)),'ARQ-COMP'!B:J,4,FALSE),IF(LEFT(C24,3)="SCI",VLOOKUP(VALUE(RIGHT(C24,3)),'GAS-COMP'!#REF!,4,FALSE),IF(LEFT(C24,3)="SCE",VLOOKUP(VALUE(RIGHT(C24,3)),'SCE-COMP'!B:J,4,FALSE),IF(LEFT(C24,3)="EST",VLOOKUP(VALUE(RIGHT(C24,3)),'EST-COMP'!B:J,4,FALSE),IF(LEFT(C24,3)="HID",VLOOKUP(VALUE(RIGHT(C24,3)),'HID-COMP'!B:J,4,FALSE),IF(LEFT(C24,3)="INC",VLOOKUP(VALUE(RIGHT(C24,3)),'INC-COMP'!B:J,4,FALSE),IF(LEFT(C24,3)="ELE",VLOOKUP(VALUE(RIGHT(C24,3)),#REF!,4,FALSE),IF(LEFT(C24,3)="CAB",VLOOKUP(VALUE(RIGHT(C24,3)),#REF!,4,FALSE),IF(LEFT(C24,3)="SEG",VLOOKUP(VALUE(RIGHT(C24,3)),'SEG-COMP'!B:J,4,FALSE),IF(LEFT(C24,3)="CLI",VLOOKUP(VALUE(RIGHT(C24,3)),'CLI-COMP'!B:J,4,FALSE),IF(LEFT(C24,4)="IMPL",VLOOKUP(VALUE(RIGHT(C24,3)),'IMPL-COMP'!B:J,4,FALSE),IF(LEFT(C24,4)="SPDA",VLOOKUP(VALUE(RIGHT(C24,3)),'SPDA-COMP'!B:J,4,FALSE),IF(LEFT(C24,4)="SDAI",VLOOKUP(VALUE(RIGHT(C24,3)),'ADM-COMP'!B:J,4,FALSE),IF(LEFT(C24,5)="IMPER",VLOOKUP(VALUE(RIGHT(C24,3)),'IMPER-COMP'!B:J,4,FALSE),"")))))))))))))))) -> ALUGUEL MENSAL CONTAINER SANITÁRIO, INCL PORTA, BÁSC, 2 PTOS LUZ, 1 PTO ATERRAM., 3VASOS, 3LAVATÓRIOS, CALHA MICTÓRIO, 6 CHUVEIROS (1 ELETRICO), TORN.,REGISTROS, PISO COMP. NAVAL PINTADO, CERT NR18 E LAUDO DESCONTAMINAÇÃO | E24: =IF(B24="IOPES",VLOOKUP(C24,'LABOR-SERVIÇOS'!A:H,6,FALSE),IF(B24="SINAPI",VLOOKUP(C24,'SINAPI-SERVIÇOS'!A:D,3,FALSE),IF(LEFT(C24,3)="ARQ",VLOOKUP(VALUE(RIGHT(C24,3)),'ARQ-COMP'!B:J,5,FALSE),IF(LEFT(C24,3)="SCI",VLOOKUP(VALUE(RIGHT(C24,3)),'GAS-COMP'!#REF!,5,FALSE),IF(LEFT(C24,3)="SCE",VLOOKUP(VALUE(RIGHT(C24,3)),'SCE-COMP'!B:J,5,FALSE),IF(LEFT(C24,3)="EST",VLOOKUP(VALUE(RIGHT(C24,3)),'EST-COMP'!B:J,5,FALSE),IF(LEFT(C24,3)="HID",VLOOKUP(VALUE(RIGHT(C24,3)),'HID-COMP'!B:J,5,FALSE),IF(LEFT(C24,3)="INC",VLOOKUP(VALUE(RIGHT(C24,3)),'INC-COMP'!B:J,5,FALSE),IF(LEFT(C24,3)="ELE",VLOOKUP(VALUE(RIGHT(C24,3)),#REF!,5,FALSE),IF(LEFT(C24,3)="CAB",VLOOKUP(VALUE(RIGHT(C24,3)),#REF!,5,FALSE),IF(LEFT(C24,3)="SEG",VLOOKUP(VALUE(RIGHT(C24,3)),'SEG-COMP'!B:J,5,FALSE),IF(LEFT(C24,3)="CLI",VLOOKUP(VALUE(RIGHT(C24,3)),'CLI-COMP'!B:J,5,FALSE),IF(LEFT(C24,4)="IMPL",VLOOKUP(VALUE(RIGHT(C24,3)),'IMPL-COMP'!B:J,5,FALSE),IF(LEFT(C24,4)="SPDA",VLOOKUP(VALUE(RIGHT(C24,3)),'SPDA-COMP'!B:J,5,FALSE),IF(LEFT(C24,4)="SDAI",VLOOKUP(VALUE(RIGHT(C24,3)),'ADM-COMP'!B:J,5,FALSE),IF(LEFT(C24,5)="IMPER",VLOOKUP(VALUE(RIGHT(C24,3)),'IMPER-COMP'!B:J,5,FALSE),"")))))))))))))))) -> MS | F24: =ROUND(VLOOKUP(A24,'MEM-LEVANT'!A18:I2621,9,FALSE),2) -> 18 | G24: =IF(B24="IOPES",VLOOKUP(C24,'LABOR-SERVIÇOS'!A:H,7,FALSE),IF(B24="SINAPI",VLOOKUP(C24,'SINAPI-SERVIÇOS'!A:H,8,FALSE),IF(LEFT(C24,3)="ARQ",VLOOKUP(VALUE(RIGHT(C24,3)),'ARQ-COMP'!B:J,9,FALSE),IF(LEFT(C24,3)="SCI",VLOOKUP(VALUE(RIGHT(C24,3)),'GAS-COMP'!#REF!,9,FALSE),IF(LEFT(C24,3)="SCE",VLOOKUP(VALUE(RIGHT(C24,3)),'SCE-COMP'!B:J,9,FALSE),IF(LEFT(C24,3)="EST",VLOOKUP(VALUE(RIGHT(C24,3)),'EST-COMP'!B:J,9,FALSE),IF(LEFT(C24,3)="HID",VLOOKUP(VALUE(RIGHT(C24,3)),'HID-COMP'!B:J,9,FALSE),IF(LEFT(C24,3)="INC",VLOOKUP(VALUE(RIGHT(C24,3)),'INC-COMP'!B:J,9,FALSE),IF(LEFT(C24,3)="ELE",VLOOKUP(VALUE(RIGHT(C24,3)),#REF!,9,FALSE),IF(LEFT(C24,3)="CAB",VLOOKUP(VALUE(RIGHT(C24,3)),#REF!,9,FALSE),IF(LEFT(C24,3)="SEG",VLOOKUP(VALUE(RIGHT(C24,3)),'SEG-COMP'!B:J,9,FALSE),IF(LEFT(C24,3)="CLI",VLOOKUP(VALUE(RIGHT(C24,3)),'CLI-COMP'!B:J,9,FALSE),IF(LEFT(C24,4)="IMPL",VLOOKUP(VALUE(RIGHT(C24,3)),'IMPL-COMP'!B:J,9,FALSE),IF(LEFT(C24,4)="SPDA",VLOOKUP(VALUE(RIGHT(C24,3)),'SPDA-COMP'!B:J,9,FALSE),IF(LEFT(C24,4)="SDAI",VLOOKUP(VALUE(RIGHT(C24,3)),'ADM-COMP'!B:J,9,FALSE),IF(LEFT(C24,5)="IMPER",VLOOKUP(VALUE(RIGHT(C24,3)),'IMPER-COMP'!B:J,9,FALSE),"")))))))))))))))) -> 1664.83 | H24: =ROUND(F24*G24,2) -> 29966.94 | I24: =H24/$H$441 -> 0.0017521547
A25: 01.03.10 | B25: IOPES | C25: 20702 | D25: =IF(B25="IOPES",VLOOKUP(C25,'LABOR-SERVIÇOS'!A:H,5,FALSE),IF(B25="SINAPI",VLOOKUP(C25,'SINAPI-SERVIÇOS'!A:D,2,FALSE),IF(LEFT(C25,3)="ARQ",VLOOKUP(VALUE(RIGHT(C25,3)),'ARQ-COMP'!B:J,4,FALSE),IF(LEFT(C25,3)="SCI",VLOOKUP(VALUE(RIGHT(C25,3)),'GAS-COMP'!#REF!,4,FALSE),IF(LEFT(C25,3)="SCE",VLOOKUP(VALUE(RIGHT(C25,3)),'SCE-COMP'!B:J,4,FALSE),IF(LEFT(C25,3)="EST",VLOOKUP(VALUE(RIGHT(C25,3)),'EST-COMP'!B:J,4,FALSE),IF(LEFT(C25,3)="HID",VLOOKUP(VALUE(RIGHT(C25,3)),'HID-COMP'!B:J,4,FALSE),IF(LEFT(C25,3)="INC",VLOOKUP(VALUE(RIGHT(C25,3)),'INC-COMP'!B:J,4,FALSE),IF(LEFT(C25,3)="ELE",VLOOKUP(VALUE(RIGHT(C25,3)),#REF!,4,FALSE),IF(LEFT(C25,3)="CAB",VLOOKUP(VALUE(RIGHT(C25,3)),#REF!,4,FALSE),IF(LEFT(C25,3)="SEG",VLOOKUP(VALUE(RIGHT(C25,3)),'SEG-COMP'!B:J,4,FALSE),IF(LEFT(C25,3)="CLI",VLOOKUP(VALUE(RIGHT(C25,3)),'CLI-COMP'!B:J,4,FALSE),IF(LEFT(C25,4)="IMPL",VLOOKUP(VALUE(RIGHT(C25,3)),'IMPL-COMP'!B:J,4,FALSE),IF(LEFT(C25,4)="SPDA",VLOOKUP(VALUE(RIGHT(C25,3)),'SPDA-COMP'!B:J,4,FALSE),IF(LEFT(C25,4)="SDAI",VLOOKUP(VALUE(RIGHT(C25,3)),'ADM-COMP'!B:J,4,FALSE),IF(LEFT(C25,5)="IMPER",VLOOKUP(VALUE(RIGHT(C25,3)),'IMPER-COMP'!B:J,4,FALSE),"")))))))))))))))) -> BARRACÃO PARA ALMOXARIFADO ÁREA DE 10.90M2, DE CHAPA DE COMPENSADO DE 12MM E PONTALETE 8X8CM, PISO CIMENTADO E COBERTURA DE TELHAS DE FIBROCIMENTO DE 6MM, INCL. PONTO DE LUZ, CONF. PROJETO (1 UTILIZAÇÃO) | E25: =IF(B25="IOPES",VLOOKUP(C25,'LABOR-SERVIÇOS'!A:H,6,FALSE),IF(B25="SINAPI",VLOOKUP(C25,'SINAPI-SERVIÇOS'!A:D,3,FALSE),IF(LEFT(C25,3)="ARQ",VLOOKUP(VALUE(RIGHT(C25,3)),'ARQ-COMP'!B:J,5,FALSE),IF(LEFT(C25,3)="SCI",VLOOKUP(VALUE(RIGHT(C25,3)),'GAS-COMP'!#REF!,5,FALSE),IF(LEFT(C25,3)="SCE",VLOOKUP(VALUE(RIGHT(C25,3)),'SCE-COMP'!B:J,5,FALSE),IF(LEFT(C25,3)="EST",VLOOKUP(VALUE(RIGHT(C25,3)),'EST-COMP'!B:J,5,FALSE),IF(LEFT(C25,3)="HID",VLOOKUP(VALUE(RIGHT(C25,3)),'HID-COMP'!B:J,5,FALSE),IF(LEFT(C25,3)="INC",VLOOKUP(VALUE(RIGHT(C25,3)),'INC-COMP'!B:J,5,FALSE),IF(LEFT(C25,3)="ELE",VLOOKUP(VALUE(RIGHT(C25,3)),#REF!,5,FALSE),IF(LEFT(C25,3)="CAB",VLOOKUP(VALUE(RIGHT(C25,3)),#REF!,5,FALSE),IF(LEFT(C25,3)="SEG",VLOOKUP(VALUE(RIGHT(C25,3)),'SEG-COMP'!B:J,5,FALSE),IF(LEFT(C25,3)="CLI",VLOOKUP(VALUE(RIGHT(C25,3)),'CLI-COMP'!B:J,5,FALSE),IF(LEFT(C25,4)="IMPL",VLOOKUP(VALUE(RIGHT(C25,3)),'IMPL-COMP'!B:J,5,FALSE),IF(LEFT(C25,4)="SPDA",VLOOKUP(VALUE(RIGHT(C25,3)),'SPDA-COMP'!B:J,5,FALSE),IF(LEFT(C25,4)="SDAI",VLOOKUP(VALUE(RIGHT(C25,3)),'ADM-COMP'!B:J,5,FALSE),IF(LEFT(C25,5)="IMPER",VLOOKUP(VALUE(RIGHT(C25,3)),'IMPER-COMP'!B:J,5,FALSE),"")))))))))))))))) -> M2 | F25: =ROUND(VLOOKUP(A25,'MEM-LEVANT'!A16:I2619,9,FALSE),2) -> 10.9 | G25: =IF(B25="IOPES",VLOOKUP(C25,'LABOR-SERVIÇOS'!A:H,7,FALSE),IF(B25="SINAPI",VLOOKUP(C25,'SINAPI-SERVIÇOS'!A:H,8,FALSE),IF(LEFT(C25,3)="ARQ",VLOOKUP(VALUE(RIGHT(C25,3)),'ARQ-COMP'!B:J,9,FALSE),IF(LEFT(C25,3)="SCI",VLOOKUP(VALUE(RIGHT(C25,3)),'GAS-COMP'!#REF!,9,FALSE),IF(LEFT(C25,3)="SCE",VLOOKUP(VALUE(RIGHT(C25,3)),'SCE-COMP'!B:J,9,FALSE),IF(LEFT(C25,3)="EST",VLOOKUP(VALUE(RIGHT(C25,3)),'EST-COMP'!B:J,9,FALSE),IF(LEFT(C25,3)="HID",VLOOKUP(VALUE(RIGHT(C25,3)),'HID-COMP'!B:J,9,FALSE),IF(LEFT(C25,3)="INC",VLOOKUP(VALUE(RIGHT(C25,3)),'INC-COMP'!B:J,9,FALSE),IF(LEFT(C25,3)="ELE",VLOOKUP(VALUE(RIGHT(C25,3)),#REF!,9,FALSE),IF(LEFT(C25,3)="CAB",VLOOKUP(VALUE(RIGHT(C25,3)),#REF!,9,FALSE),IF(LEFT(C25,3)="SEG",VLOOKUP(VALUE(RIGHT(C25,3)),'SEG-COMP'!B:J,9,FALSE),IF(LEFT(C25,3)="CLI",VLOOKUP(VALUE(RIGHT(C25,3)),'CLI-COMP'!B:J,9,FALSE),IF(LEFT(C25,4)="IMPL",VLOOKUP(VALUE(RIGHT(C25,3)),'IMPL-COMP'!B:J,9,FALSE),IF(LEFT(C25,4)="SPDA",VLOOKUP(VALUE(RIGHT(C25,3)),'SPDA-COMP'!B:J,9,FALSE),IF(LEFT(C25,4)="SDAI",VLOOKUP(VALUE(RIGHT(C25,3)),'ADM-COMP'!B:J,9,FALSE),IF(LEFT(C25,5)="IMPER",VLOOKUP(VALUE(RIGHT(C25,3)),'IMPER-COMP'!B:J,9,FALSE),"")))))))))))))))) -> 797.33 | H25: =ROUND(F25*G25,2) -> 8690.9 | I25: =H25/$H$441 -> 0.00050815335
A26: 01.03.11 | B26: IOPES | C26: 20708 | D26: =IF(B26="IOPES",VLOOKUP(C26,'LABOR-SERVIÇOS'!A:H,5,FALSE),IF(B26="SINAPI",VLOOKUP(C26,'SINAPI-SERVIÇOS'!A:D,2,FALSE),IF(LEFT(C26,3)="ARQ",VLOOKUP(VALUE(RIGHT(C26,3)),'ARQ-COMP'!B:J,4,FALSE),IF(LEFT(C26,3)="SCI",VLOOKUP(VALUE(RIGHT(C26,3)),'GAS-COMP'!#REF!,4,FALSE),IF(LEFT(C26,3)="SCE",VLOOKUP(VALUE(RIGHT(C26,3)),'SCE-COMP'!B:J,4,FALSE),IF(LEFT(C26,3)="EST",VLOOKUP(VALUE(RIGHT(C26,3)),'EST-COMP'!B:J,4,FALSE),IF(LEFT(C26,3)="HID",VLOOKUP(VALUE(RIGHT(C26,3)),'HID-COMP'!B:J,4,FALSE),IF(LEFT(C26,3)="INC",VLOOKUP(VALUE(RIGHT(C26,3)),'INC-COMP'!B:J,4,FALSE),IF(LEFT(C26,3)="ELE",VLOOKUP(VALUE(RIGHT(C26,3)),#REF!,4,FALSE),IF(LEFT(C26,3)="CAB",VLOOKUP(VALUE(RIGHT(C26,3)),#REF!,4,FALSE),IF(LEFT(C26,3)="SEG",VLOOKUP(VALUE(RIGHT(C26,3)),'SEG-COMP'!B:J,4,FALSE),IF(LEFT(C26,3)="CLI",VLOOKUP(VALUE(RIGHT(C26,3)),'CLI-COMP'!B:J,4,FALSE),IF(LEFT(C26,4)="IMPL",VLOOKUP(VALUE(RIGHT(C26,3)),'IMPL-COMP'!B:J,4,FALSE),IF(LEFT(C26,4)="SPDA",VLOOKUP(VALUE(RIGHT(C26,3)),'SPDA-COMP'!B:J,4,FALSE),IF(LEFT(C26,4)="SDAI",VLOOKUP(VALUE(RIGHT(C26,3)),'ADM-COMP'!B:J,4,FALSE),IF(LEFT(C26,5)="IMPER",VLOOKUP(VALUE(RIGHT(C26,3)),'IMPER-COMP'!B:J,4,FALSE),"")))))))))))))))) -> GALPÃO PARA SERRARIA E CARPINTARIA ÁREA 12.00M2, EM PEÇA DE MADEIRA 8X8CM E CONTRAVENTAMENTO DE 5X7CM, COBERTURA DE TELHA DE FIBROC. DE 6MM, INCLUSIVE PONTO E CABO DE ALIMENTAÇÃO DA MÁQUINA, CONF. PROJETO (1 UTILIZAÇÃO) | E26: =IF(B26="IOPES",VLOOKUP(C26,'LABOR-SERVIÇOS'!A:H,6,FALSE),IF(B26="SINAPI",VLOOKUP(C26,'SINAPI-SERVIÇOS'!A:D,3,FALSE),IF(LEFT(C26,3)="ARQ",VLOOKUP(VALUE(RIGHT(C26,3)),'ARQ-COMP'!B:J,5,FALSE),IF(LEFT(C26,3)="SCI",VLOOKUP(VALUE(RIGHT(C26,3)),'GAS-COMP'!#REF!,5,FALSE),IF(LEFT(C26,3)="SCE",VLOOKUP(VALUE(RIGHT(C26,3)),'SCE-COMP'!B:J,5,FALSE),IF(LEFT(C26,3)="EST",VLOOKUP(VALUE(RIGHT(C26,3)),'EST-COMP'!B:J,5,FALSE),IF(LEFT(C26,3)="HID",VLOOKUP(VALUE(RIGHT(C26,3)),'HID-COMP'!B:J,5,FALSE),IF(LEFT(C26,3)="INC",VLOOKUP(VALUE(RIGHT(C26,3)),'INC-COMP'!B:J,5,FALSE),IF(LEFT(C26,3)="ELE",VLOOKUP(VALUE(RIGHT(C26,3)),#REF!,5,FALSE),IF(LEFT(C26,3)="CAB",VLOOKUP(VALUE(RIGHT(C26,3)),#REF!,5,FALSE),IF(LEFT(C26,3)="SEG",VLOOKUP(VALUE(RIGHT(C26,3)),'SEG-COMP'!B:J,5,FALSE),IF(LEFT(C26,3)="CLI",VLOOKUP(VALUE(RIGHT(C26,3)),'CLI-COMP'!B:J,5,FALSE),IF(LEFT(C26,4)="IMPL",VLOOKUP(VALUE(RIGHT(C26,3)),'IMPL-COMP'!B:J,5,FALSE),IF(LEFT(C26,4)="SPDA",VLOOKUP(VALUE(RIGHT(C26,3)),'SPDA-COMP'!B:J,5,FALSE),IF(LEFT(C26,4)="SDAI",VLOOKUP(VALUE(RIGHT(C26,3)),'ADM-COMP'!B:J,5,FALSE),IF(LEFT(C26,5)="IMPER",VLOOKUP(VALUE(RIGHT(C26,3)),'IMPER-COMP'!B:J,5,FALSE),"")))))))))))))))) -> M2 | F26: =ROUND(VLOOKUP(A26,'MEM-LEVANT'!A15:I2618,9,FALSE),2) -> 12 | G26: =IF(B26="IOPES",VLOOKUP(C26,'LABOR-SERVIÇOS'!A:H,7,FALSE),IF(B26="SINAPI",VLOOKUP(C26,'SINAPI-SERVIÇOS'!A:H,8,FALSE),IF(LEFT(C26,3)="ARQ",VLOOKUP(VALUE(RIGHT(C26,3)),'ARQ-COMP'!B:J,9,FALSE),IF(LEFT(C26,3)="SCI",VLOOKUP(VALUE(RIGHT(C26,3)),'GAS-COMP'!#REF!,9,FALSE),IF(LEFT(C26,3)="SCE",VLOOKUP(VALUE(RIGHT(C26,3)),'SCE-COMP'!B:J,9,FALSE),IF(LEFT(C26,3)="EST",VLOOKUP(VALUE(RIGHT(C26,3)),'EST-COMP'!B:J,9,FALSE),IF(LEFT(C26,3)="HID",VLOOKUP(VALUE(RIGHT(C26,3)),'HID-COMP'!B:J,9,FALSE),IF(LEFT(C26,3)="INC",VLOOKUP(VALUE(RIGHT(C26,3)),'INC-COMP'!B:J,9,FALSE),IF(LEFT(C26,3)="ELE",VLOOKUP(VALUE(RIGHT(C26,3)),#REF!,9,FALSE),IF(LEFT(C26,3)="CAB",VLOOKUP(VALUE(RIGHT(C26,3)),#REF!,9,FALSE),IF(LEFT(C26,3)="SEG",VLOOKUP(VALUE(RIGHT(C26,3)),'SEG-COMP'!B:J,9,FALSE),IF(LEFT(C26,3)="CLI",VLOOKUP(VALUE(RIGHT(C26,3)),'CLI-COMP'!B:J,9,FALSE),IF(LEFT(C26,4)="IMPL",VLOOKUP(VALUE(RIGHT(C26,3)),'IMPL-COMP'!B:J,9,FALSE),IF(LEFT(C26,4)="SPDA",VLOOKUP(VALUE(RIGHT(C26,3)),'SPDA-COMP'!B:J,9,FALSE),IF(LEFT(C26,4)="SDAI",VLOOKUP(VALUE(RIGHT(C26,3)),'ADM-COMP'!B:J,9,FALSE),IF(LEFT(C26,5)="IMPER",VLOOKUP(VALUE(RIGHT(C26,3)),'IMPER-COMP'!B:J,9,FALSE),"")))))))))))))))) -> 281.09 | H26: =ROUND(F26*G26,2) -> 3373.08 | I26: =H26/$H$441 -> 0.0001972226
A27: 01.03.12 | B27: IOPES | C27: 20709 | D27: =IF(B27="IOPES",VLOOKUP(C27,'LABOR-SERVIÇOS'!A:H,5,FALSE),IF(B27="SINAPI",VLOOKUP(C27,'SINAPI-SERVIÇOS'!A:D,2,FALSE),IF(LEFT(C27,3)="ARQ",VLOOKUP(VALUE(RIGHT(C27,3)),'ARQ-COMP'!B:J,4,FALSE),IF(LEFT(C27,3)="SCI",VLOOKUP(VALUE(RIGHT(C27,3)),'GAS-COMP'!#REF!,4,FALSE),IF(LEFT(C27,3)="SCE",VLOOKUP(VALUE(RIGHT(C27,3)),'SCE-COMP'!B:J,4,FALSE),IF(LEFT(C27,3)="EST",VLOOKUP(VALUE(RIGHT(C27,3)),'EST-COMP'!B:J,4,FALSE),IF(LEFT(C27,3)="HID",VLOOKUP(VALUE(RIGHT(C27,3)),'HID-COMP'!B:J,4,FALSE),IF(LEFT(C27,3)="INC",VLOOKUP(VALUE(RIGHT(C27,3)),'INC-COMP'!B:J,4,FALSE),IF(LEFT(C27,3)="ELE",VLOOKUP(VALUE(RIGHT(C27,3)),#REF!,4,FALSE),IF(LEFT(C27,3)="CAB",VLOOKUP(VALUE(RIGHT(C27,3)),#REF!,4,FALSE),IF(LEFT(C27,3)="SEG",VLOOKUP(VALUE(RIGHT(C27,3)),'SEG-COMP'!B:J,4,FALSE),IF(LEFT(C27,3)="CLI",VLOOKUP(VALUE(RIGHT(C27,3)),'CLI-COMP'!B:J,4,FALSE),IF(LEFT(C27,4)="IMPL",VLOOKUP(VALUE(RIGHT(C27,3)),'IMPL-COMP'!B:J,4,FALSE),IF(LEFT(C27,4)="SPDA",VLOOKUP(VALUE(RIGHT(C27,3)),'SPDA-COMP'!B:J,4,FALSE),IF(LEFT(C27,4)="SDAI",VLOOKUP(VALUE(RIGHT(C27,3)),'ADM-COMP'!B:J,4,FALSE),IF(LEFT(C27,5)="IMPER",VLOOKUP(VALUE(RIGHT(C27,3)),'IMPER-COMP'!B:J,4,FALSE),"")))))))))))))))) -> GALPÃO PARA CORTE E ARMAÇÃO COM ÁREA DE 6.00M2, EM PEÇAS DE MADEIRA 8X8CM E CONTRAVENTAMENTO DE 5X7CM, COBERTURA DE TELHAS DE FIBROC. DE 6MM, INCLUSIVE PONTO E CABO DE ALIMENTAÇÃO DA MÁQUINA, CONF. PROJETO (1 UTILIZAÇÃO) | E27: =IF(B27="IOPES",VLOOKUP(C27,'LABOR-SERVIÇOS'!A:H,6,FALSE),IF(B27="SINAPI",VLOOKUP(C27,'SINAPI-SERVIÇOS'!A:D,3,FALSE),IF(LEFT(C27,3)="ARQ",VLOOKUP(VALUE(RIGHT(C27,3)),'ARQ-COMP'!B:J,5,FALSE),IF(LEFT(C27,3)="SCI",VLOOKUP(VALUE(RIGHT(C27,3)),'GAS-COMP'!#REF!,5,FALSE),IF(LEFT(C27,3)="SCE",VLOOKUP(VALUE(RIGHT(C27,3)),'SCE-COMP'!B:J,5,FALSE),IF(LEFT(C27,3)="EST",VLOOKUP(VALUE(RIGHT(C27,3)),'EST-COMP'!B:J,5,FALSE),IF(LEFT(C27,3)="HID",VLOOKUP(VALUE(RIGHT(C27,3)),'HID-COMP'!B:J,5,FALSE),IF(LEFT(C27,3)="INC",VLOOKUP(VALUE(RIGHT(C27,3)),'INC-COMP'!B:J,5,FALSE),IF(LEFT(C27,3)="ELE",VLOOKUP(VALUE(RIGHT(C27,3)),#REF!,5,FALSE),IF(LEFT(C27,3)="CAB",VLOOKUP(VALUE(RIGHT(C27,3)),#REF!,5,FALSE),IF(LEFT(C27,3)="SEG",VLOOKUP(VALUE(RIGHT(C27,3)),'SEG-COMP'!B:J,5,FALSE),IF(LEFT(C27,3)="CLI",VLOOKUP(VALUE(RIGHT(C27,3)),'CLI-COMP'!B:J,5,FALSE),IF(LEFT(C27,4)="IMPL",VLOOKUP(VALUE(RIGHT(C27,3)),'IMPL-COMP'!B:J,5,FALSE),IF(LEFT(C27,4)="SPDA",VLOOKUP(VALUE(RIGHT(C27,3)),'SPDA-COMP'!B:J,5,FALSE),IF(LEFT(C27,4)="SDAI",VLOOKUP(VALUE(RIGHT(C27,3)),'ADM-COMP'!B:J,5,FALSE),IF(LEFT(C27,5)="IMPER",VLOOKUP(VALUE(RIGHT(C27,3)),'IMPER-COMP'!B:J,5,FALSE),"")))))))))))))))) -> M2 | F27: =ROUND(VLOOKUP(A27,'MEM-LEVANT'!A16:I2619,9,FALSE),2) -> 6 | G27: =IF(B27="IOPES",VLOOKUP(C27,'LABOR-SERVIÇOS'!A:H,7,FALSE),IF(B27="SINAPI",VLOOKUP(C27,'SINAPI-SERVIÇOS'!A:H,8,FALSE),IF(LEFT(C27,3)="ARQ",VLOOKUP(VALUE(RIGHT(C27,3)),'ARQ-COMP'!B:J,9,FALSE),IF(LEFT(C27,3)="SCI",VLOOKUP(VALUE(RIGHT(C27,3)),'GAS-COMP'!#REF!,9,FALSE),IF(LEFT(C27,3)="SCE",VLOOKUP(VALUE(RIGHT(C27,3)),'SCE-COMP'!B:J,9,FALSE),IF(LEFT(C27,3)="EST",VLOOKUP(VALUE(RIGHT(C27,3)),'EST-COMP'!B:J,9,FALSE),IF(LEFT(C27,3)="HID",VLOOKUP(VALUE(RIGHT(C27,3)),'HID-COMP'!B:J,9,FALSE),IF(LEFT(C27,3)="INC",VLOOKUP(VALUE(RIGHT(C27,3)),'INC-COMP'!B:J,9,FALSE),IF(LEFT(C27,3)="ELE",VLOOKUP(VALUE(RIGHT(C27,3)),#REF!,9,FALSE),IF(LEFT(C27,3)="CAB",VLOOKUP(VALUE(RIGHT(C27,3)),#REF!,9,FALSE),IF(LEFT(C27,3)="SEG",VLOOKUP(VALUE(RIGHT(C27,3)),'SEG-COMP'!B:J,9,FALSE),IF(LEFT(C27,3)="CLI",VLOOKUP(VALUE(RIGHT(C27,3)),'CLI-COMP'!B:J,9,FALSE),IF(LEFT(C27,4)="IMPL",VLOOKUP(VALUE(RIGHT(C27,3)),'IMPL-COMP'!B:J,9,FALSE),IF(LEFT(C27,4)="SPDA",VLOOKUP(VALUE(RIGHT(C27,3)),'SPDA-COMP'!B:J,9,FALSE),IF(LEFT(C27,4)="SDAI",VLOOKUP(VALUE(RIGHT(C27,3)),'ADM-COMP'!B:J,9,FALSE),IF(LEFT(C27,5)="IMPER",VLOOKUP(VALUE(RIGHT(C27,3)),'IMPER-COMP'!B:J,9,FALSE),"")))))))))))))))) -> 381.02 | H27: =ROUND(F27*G27,2) -> 2286.12 | I27: =H27/$H$441 -> 0.0001336685
A28: 01.03.13 | B28: IOPES | C28: =20711 -> 20711 | D28: =IF(B28="IOPES",VLOOKUP(C28,'LABOR-SERVIÇOS'!A:H,5,FALSE),IF(B28="SINAPI",VLOOKUP(C28,'SINAPI-SERVIÇOS'!A:D,2,FALSE),IF(LEFT(C28,3)="ARQ",VLOOKUP(VALUE(RIGHT(C28,3)),'ARQ-COMP'!B:J,4,FALSE),IF(LEFT(C28,3)="SCI",VLOOKUP(VALUE(RIGHT(C28,3)),'GAS-COMP'!#REF!,4,FALSE),IF(LEFT(C28,3)="SCE",VLOOKUP(VALUE(RIGHT(C28,3)),'SCE-COMP'!B:J,4,FALSE),IF(LEFT(C28,3)="EST",VLOOKUP(VALUE(RIGHT(C28,3)),'EST-COMP'!B:J,4,FALSE),IF(LEFT(C28,3)="HID",VLOOKUP(VALUE(RIGHT(C28,3)),'HID-COMP'!B:J,4,FALSE),IF(LEFT(C28,3)="INC",VLOOKUP(VALUE(RIGHT(C28,3)),'INC-COMP'!B:J,4,FALSE),IF(LEFT(C28,3)="ELE",VLOOKUP(VALUE(RIGHT(C28,3)),#REF!,4,FALSE),IF(LEFT(C28,3)="CAB",VLOOKUP(VALUE(RIGHT(C28,3)),#REF!,4,FALSE),IF(LEFT(C28,3)="SEG",VLOOKUP(VALUE(RIGHT(C28,3)),'SEG-COMP'!B:J,4,FALSE),IF(LEFT(C28,3)="CLI",VLOOKUP(VALUE(RIGHT(C28,3)),'CLI-COMP'!B:J,4,FALSE),IF(LEFT(C28,4)="IMPL",VLOOKUP(VALUE(RIGHT(C28,3)),'IMPL-COMP'!B:J,4,FALSE),IF(LEFT(C28,4)="SPDA",VLOOKUP(VALUE(RIGHT(C28,3)),'SPDA-COMP'!B:J,4,FALSE),IF(LEFT(C28,4)="SDAI",VLOOKUP(VALUE(RIGHT(C28,3)),'ADM-COMP'!B:J,4,FALSE),IF(LEFT(C28,5)="IMPER",VLOOKUP(VALUE(RIGHT(C28,3)),'IMPER-COMP'!B:J,4,FALSE),"")))))))))))))))) -> RESERVATÓRIO DE POLIESTILENO DE 1000 L, INCL. SUPORTE EM MADEIRA DE 7X12CM E 8X7CM, ELEVADO DE 4M, CONF. PROJETO (1 UTILIZAÇÃO) | E28: =IF(B28="IOPES",VLOOKUP(C28,'LABOR-SERVIÇOS'!A:H,6,FALSE),IF(B28="SINAPI",VLOOKUP(C28,'SINAPI-SERVIÇOS'!A:D,3,FALSE),IF(LEFT(C28,3)="ARQ",VLOOKUP(VALUE(RIGHT(C28,3)),'ARQ-COMP'!B:J,5,FALSE),IF(LEFT(C28,3)="SCI",VLOOKUP(VALUE(RIGHT(C28,3)),'GAS-COMP'!#REF!,5,FALSE),IF(LEFT(C28,3)="SCE",VLOOKUP(VALUE(RIGHT(C28,3)),'SCE-COMP'!B:J,5,FALSE),IF(LEFT(C28,3)="EST",VLOOKUP(VALUE(RIGHT(C28,3)),'EST-COMP'!B:J,5,FALSE),IF(LEFT(C28,3)="HID",VLOOKUP(VALUE(RIGHT(C28,3)),'HID-COMP'!B:J,5,FALSE),IF(LEFT(C28,3)="INC",VLOOKUP(VALUE(RIGHT(C28,3)),'INC-COMP'!B:J,5,FALSE),IF(LEFT(C28,3)="ELE",VLOOKUP(VALUE(RIGHT(C28,3)),#REF!,5,FALSE),IF(LEFT(C28,3)="CAB",VLOOKUP(VALUE(RIGHT(C28,3)),#REF!,5,FALSE),IF(LEFT(C28,3)="SEG",VLOOKUP(VALUE(RIGHT(C28,3)),'SEG-COMP'!B:J,5,FALSE),IF(LEFT(C28,3)="CLI",VLOOKUP(VALUE(RIGHT(C28,3)),'CLI-COMP'!B:J,5,FALSE),IF(LEFT(C28,4)="IMPL",VLOOKUP(VALUE(RIGHT(C28,3)),'IMPL-COMP'!B:J,5,FALSE),IF(LEFT(C28,4)="SPDA",VLOOKUP(VALUE(RIGHT(C28,3)),'SPDA-COMP'!B:J,5,FALSE),IF(LEFT(C28,4)="SDAI",VLOOKUP(VALUE(RIGHT(C28,3)),'ADM-COMP'!B:J,5,FALSE),IF(LEFT(C28,5)="IMPER",VLOOKUP(VALUE(RIGHT(C28,3)),'IMPER-COMP'!B:J,5,FALSE),"")))))))))))))))) -> UND | F28: =ROUND(VLOOKUP(A28,'MEM-LEVANT'!A17:I2620,9,FALSE),2) -> 2 | G28: =IF(B28="IOPES",VLOOKUP(C28,'LABOR-SERVIÇOS'!A:H,7,FALSE),IF(B28="SINAPI",VLOOKUP(C28,'SINAPI-SERVIÇOS'!A:H,8,FALSE),IF(LEFT(C28,3)="ARQ",VLOOKUP(VALUE(RIGHT(C28,3)),'ARQ-COMP'!B:J,9,FALSE),IF(LEFT(C28,3)="SCI",VLOOKUP(VALUE(RIGHT(C28,3)),'GAS-COMP'!#REF!,9,FALSE),IF(LEFT(C28,3)="SCE",VLOOKUP(VALUE(RIGHT(C28,3)),'SCE-COMP'!B:J,9,FALSE),IF(LEFT(C28,3)="EST",VLOOKUP(VALUE(RIGHT(C28,3)),'EST-COMP'!B:J,9,FALSE),IF(LEFT(C28,3)="HID",VLOOKUP(VALUE(RIGHT(C28,3)),'HID-COMP'!B:J,9,FALSE),IF(LEFT(C28,3)="INC",VLOOKUP(VALUE(RIGHT(C28,3)),'INC-COMP'!B:J,9,FALSE),IF(LEFT(C28,3)="ELE",VLOOKUP(VALUE(RIGHT(C28,3)),#REF!,9,FALSE),IF(LEFT(C28,3)="CAB",VLOOKUP(VALUE(RIGHT(C28,3)),#REF!,9,FALSE),IF(LEFT(C28,3)="SEG",VLOOKUP(VALUE(RIGHT(C28,3)),'SEG-COMP'!B:J,9,FALSE),IF(LEFT(C28,3)="CLI",VLOOKUP(VALUE(RIGHT(C28,3)),'CLI-COMP'!B:J,9,FALSE),IF(LEFT(C28,4)="IMPL",VLOOKUP(VALUE(RIGHT(C28,3)),'IMPL-COMP'!B:J,9,FALSE),IF(LEFT(C28,4)="SPDA",VLOOKUP(VALUE(RIGHT(C28,3)),'SPDA-COMP'!B:J,9,FALSE),IF(LEFT(C28,4)="SDAI",VLOOKUP(VALUE(RIGHT(C28,3)),'ADM-COMP'!B:J,9,FALSE),IF(LEFT(C28,5)="IMPER",VLOOKUP(VALUE(RIGHT(C28,3)),'IMPER-COMP'!B:J,9,FALSE),"")))))))))))))))) -> 2789.84 | H28: =ROUND(F28*G28,2) -> 5579.68 | I28: =H28/$H$441 -> 0.0003262416
A29: 01.03.14 | B29: IOPES | C29: =20712 -> 20712 | D29: =IF(B29="IOPES",VLOOKUP(C29,'LABOR-SERVIÇOS'!A:H,5,FALSE),IF(B29="SINAPI",VLOOKUP(C29,'SINAPI-SERVIÇOS'!A:D,2,FALSE),IF(LEFT(C29,3)="ARQ",VLOOKUP(VALUE(RIGHT(C29,3)),'ARQ-COMP'!B:J,4,FALSE),IF(LEFT(C29,3)="SCI",VLOOKUP(VALUE(RIGHT(C29,3)),'GAS-COMP'!#REF!,4,FALSE),IF(LEFT(C29,3)="SCE",VLOOKUP(VALUE(RIGHT(C29,3)),'SCE-COMP'!B:J,4,FALSE),IF(LEFT(C29,3)="EST",VLOOKUP(VALUE(RIGHT(C29,3)),'EST-COMP'!B:J,4,FALSE),IF(LEFT(C29,3)="HID",VLOOKUP(VALUE(RIGHT(C29,3)),'HID-COMP'!B:J,4,FALSE),IF(LEFT(C29,3)="INC",VLOOKUP(VALUE(RIGHT(C29,3)),'INC-COMP'!B:J,4,FALSE),IF(LEFT(C29,3)="ELE",VLOOKUP(VALUE(RIGHT(C29,3)),#REF!,4,FALSE),IF(LEFT(C29,3)="CAB",VLOOKUP(VALUE(RIGHT(C29,3)),#REF!,4,FALSE),IF(LEFT(C29,3)="SEG",VLOOKUP(VALUE(RIGHT(C29,3)),'SEG-COMP'!B:J,4,FALSE),IF(LEFT(C29,3)="CLI",VLOOKUP(VALUE(RIGHT(C29,3)),'CLI-COMP'!B:J,4,FALSE),IF(LEFT(C29,4)="IMPL",VLOOKUP(VALUE(RIGHT(C29,3)),'IMPL-COMP'!B:J,4,FALSE),IF(LEFT(C29,4)="SPDA",VLOOKUP(VALUE(RIGHT(C29,3)),'SPDA-COMP'!B:J,4,FALSE),IF(LEFT(C29,4)="SDAI",VLOOKUP(VALUE(RIGHT(C29,3)),'ADM-COMP'!B:J,4,FALSE),IF(LEFT(C29,5)="IMPER",VLOOKUP(VALUE(RIGHT(C29,3)),'IMPER-COMP'!B:J,4,FALSE),"")))))))))))))))) -> REDE DE ÁGUA COM PADRÃO DE ENTRADA DÁGUA DIÂM. 3/4", CONF. ESPEC. CESAN, INCL. TUBOS E CONEXÕES PARA ALIMENTAÇÃO, DISTRIBUIÇÃO, EXTRAVASOR E LIMPEZA, CONS. O PADRÃO A 25M, CONF. PROJETO (1 UTILIZAÇÃO) | E29: =IF(B29="IOPES",VLOOKUP(C29,'LABOR-SERVIÇOS'!A:H,6,FALSE),IF(B29="SINAPI",VLOOKUP(C29,'SINAPI-SERVIÇOS'!A:D,3,FALSE),IF(LEFT(C29,3)="ARQ",VLOOKUP(VALUE(RIGHT(C29,3)),'ARQ-COMP'!B:J,5,FALSE),IF(LEFT(C29,3)="SCI",VLOOKUP(VALUE(RIGHT(C29,3)),'GAS-COMP'!#REF!,5,FALSE),IF(LEFT(C29,3)="SCE",VLOOKUP(VALUE(RIGHT(C29,3)),'SCE-COMP'!B:J,5,FALSE),IF(LEFT(C29,3)="EST",VLOOKUP(VALUE(RIGHT(C29,3)),'EST-COMP'!B:J,5,FALSE),IF(LEFT(C29,3)="HID",VLOOKUP(VALUE(RIGHT(C29,3)),'HID-COMP'!B:J,5,FALSE),IF(LEFT(C29,3)="INC",VLOOKUP(VALUE(RIGHT(C29,3)),'INC-COMP'!B:J,5,FALSE),IF(LEFT(C29,3)="ELE",VLOOKUP(VALUE(RIGHT(C29,3)),#REF!,5,FALSE),IF(LEFT(C29,3)="CAB",VLOOKUP(VALUE(RIGHT(C29,3)),#REF!,5,FALSE),IF(LEFT(C29,3)="SEG",VLOOKUP(VALUE(RIGHT(C29,3)),'SEG-COMP'!B:J,5,FALSE),IF(LEFT(C29,3)="CLI",VLOOKUP(VALUE(RIGHT(C29,3)),'CLI-COMP'!B:J,5,FALSE),IF(LEFT(C29,4)="IMPL",VLOOKUP(VALUE(RIGHT(C29,3)),'IMPL-COMP'!B:J,5,FALSE),IF(LEFT(C29,4)="SPDA",VLOOKUP(VALUE(RIGHT(C29,3)),'SPDA-COMP'!B:J,5,FALSE),IF(LEFT(C29,4)="SDAI",VLOOKUP(VALUE(RIGHT(C29,3)),'ADM-COMP'!B:J,5,FALSE),IF(LEFT(C29,5)="IMPER",VLOOKUP(VALUE(RIGHT(C29,3)),'IMPER-COMP'!B:J,5,FALSE),"")))))))))))))))) -> M | F29: =ROUND(VLOOKUP(A29,'MEM-LEVANT'!A18:I2621,9,FALSE),2) -> 25 | G29: =IF(B29="IOPES",VLOOKUP(C29,'LABOR-SERVIÇOS'!A:H,7,FALSE),IF(B29="SINAPI",VLOOKUP(C29,'SINAPI-SERVIÇOS'!A:H,8,FALSE),IF(LEFT(C29,3)="ARQ",VLOOKUP(VALUE(RIGHT(C29,3)),'ARQ-COMP'!B:J,9,FALSE),IF(LEFT(C29,3)="SCI",VLOOKUP(VALUE(RIGHT(C29,3)),'GAS-COMP'!#REF!,9,FALSE),IF(LEFT(C29,3)="SCE",VLOOKUP(VALUE(RIGHT(C29,3)),'SCE-COMP'!B:J,9,FALSE),IF(LEFT(C29,3)="EST",VLOOKUP(VALUE(RIGHT(C29,3)),'EST-COMP'!B:J,9,FALSE),IF(LEFT(C29,3)="HID",VLOOKUP(VALUE(RIGHT(C29,3)),'HID-COMP'!B:J,9,FALSE),IF(LEFT(C29,3)="INC",VLOOKUP(VALUE(RIGHT(C29,3)),'INC-COMP'!B:J,9,FALSE),IF(LEFT(C29,3)="ELE",VLOOKUP(VALUE(RIGHT(C29,3)),#REF!,9,FALSE),IF(LEFT(C29,3)="CAB",VLOOKUP(VALUE(RIGHT(C29,3)),#REF!,9,FALSE),IF(LEFT(C29,3)="SEG",VLOOKUP(VALUE(RIGHT(C29,3)),'SEG-COMP'!B:J,9,FALSE),IF(LEFT(C29,3)="CLI",VLOOKUP(VALUE(RIGHT(C29,3)),'CLI-COMP'!B:J,9,FALSE),IF(LEFT(C29,4)="IMPL",VLOOKUP(VALUE(RIGHT(C29,3)),'IMPL-COMP'!B:J,9,FALSE),IF(LEFT(C29,4)="SPDA",VLOOKUP(VALUE(RIGHT(C29,3)),'SPDA-COMP'!B:J,9,FALSE),IF(LEFT(C29,4)="SDAI",VLOOKUP(VALUE(RIGHT(C29,3)),'ADM-COMP'!B:J,9,FALSE),IF(LEFT(C29,5)="IMPER",VLOOKUP(VALUE(RIGHT(C29,3)),'IMPER-COMP'!B:J,9,FALSE),"")))))))))))))))) -> 75.87 | H29: =ROUND(F29*G29,2) -> 1896.75 | I29: =H29/$H$441 -> 0.00011090219
A30: 01.03.15 | B30: IOPES | C30: =20714 -> 20714 | D30: =IF(B30="IOPES",VLOOKUP(C30,'LABOR-SERVIÇOS'!A:H,5,FALSE),IF(B30="SINAPI",VLOOKUP(C30,'SINAPI-SERVIÇOS'!A:D,2,FALSE),IF(LEFT(C30,3)="ARQ",VLOOKUP(VALUE(RIGHT(C30,3)),'ARQ-COMP'!B:J,4,FALSE),IF(LEFT(C30,3)="SCI",VLOOKUP(VALUE(RIGHT(C30,3)),'GAS-COMP'!#REF!,4,FALSE),IF(LEFT(C30,3)="SCE",VLOOKUP(VALUE(RIGHT(C30,3)),'SCE-COMP'!B:J,4,FALSE),IF(LEFT(C30,3)="EST",VLOOKUP(VALUE(RIGHT(C30,3)),'EST-COMP'!B:J,4,FALSE),IF(LEFT(C30,3)="HID",VLOOKUP(VALUE(RIGHT(C30,3)),'HID-COMP'!B:J,4,FALSE),IF(LEFT(C30,3)="INC",VLOOKUP(VALUE(RIGHT(C30,3)),'INC-COMP'!B:J,4,FALSE),IF(LEFT(C30,3)="ELE",VLOOKUP(VALUE(RIGHT(C30,3)),#REF!,4,FALSE),IF(LEFT(C30,3)="CAB",VLOOKUP(VALUE(RIGHT(C30,3)),#REF!,4,FALSE),IF(LEFT(C30,3)="SEG",VLOOKUP(VALUE(RIGHT(C30,3)),'SEG-COMP'!B:J,4,FALSE),IF(LEFT(C30,3)="CLI",VLOOKUP(VALUE(RIGHT(C30,3)),'CLI-COMP'!B:J,4,FALSE),IF(LEFT(C30,4)="IMPL",VLOOKUP(VALUE(RIGHT(C30,3)),'IMPL-COMP'!B:J,4,FALSE),IF(LEFT(C30,4)="SPDA",VLOOKUP(VALUE(RIGHT(C30,3)),'SPDA-COMP'!B:J,4,FALSE),IF(LEFT(C30,4)="SDAI",VLOOKUP(VALUE(RIGHT(C30,3)),'ADM-COMP'!B:J,4,FALSE),IF(LEFT(C30,5)="IMPER",VLOOKUP(VALUE(RIGHT(C30,3)),'IMPER-COMP'!B:J,4,FALSE),"")))))))))))))))) -> REDE DE ESGOTO, CONTENDO FOSSA E FILTRO, INCLUSIVE TUBOS E CONEXÕES DE LIGAÇÃO ENTRE CAIXAS, CONSIDERANDO DISTÂNCIA DE 25M, CONFORME PROJETO (1 UTILIZAÇÃO) | E30: =IF(B30="IOPES",VLOOKUP(C30,'LABOR-SERVIÇOS'!A:H,6,FALSE),IF(B30="SINAPI",VLOOKUP(C30,'SINAPI-SERVIÇOS'!A:D,3,FALSE),IF(LEFT(C30,3)="ARQ",VLOOKUP(VALUE(RIGHT(C30,3)),'ARQ-COMP'!B:J,5,FALSE),IF(LEFT(C30,3)="SCI",VLOOKUP(VALUE(RIGHT(C30,3)),'GAS-COMP'!#REF!,5,FALSE),IF(LEFT(C30,3)="SCE",VLOOKUP(VALUE(RIGHT(C30,3)),'SCE-COMP'!B:J,5,FALSE),IF(LEFT(C30,3)="EST",VLOOKUP(VALUE(RIGHT(C30,3)),'EST-COMP'!B:J,5,FALSE),IF(LEFT(C30,3)="HID",VLOOKUP(VALUE(RIGHT(C30,3)),'HID-COMP'!B:J,5,FALSE),IF(LEFT(C30,3)="INC",VLOOKUP(VALUE(RIGHT(C30,3)),'INC-COMP'!B:J,5,FALSE),IF(LEFT(C30,3)="ELE",VLOOKUP(VALUE(RIGHT(C30,3)),#REF!,5,FALSE),IF(LEFT(C30,3)="CAB",VLOOKUP(VALUE(RIGHT(C30,3)),#REF!,5,FALSE),IF(LEFT(C30,3)="SEG",VLOOKUP(VALUE(RIGHT(C30,3)),'SEG-COMP'!B:J,5,FALSE),IF(LEFT(C30,3)="CLI",VLOOKUP(VALUE(RIGHT(C30,3)),'CLI-COMP'!B:J,5,FALSE),IF(LEFT(C30,4)="IMPL",VLOOKUP(VALUE(RIGHT(C30,3)),'IMPL-COMP'!B:J,5,FALSE),IF(LEFT(C30,4)="SPDA",VLOOKUP(VALUE(RIGHT(C30,3)),'SPDA-COMP'!B:J,5,FALSE),IF(LEFT(C30,4)="SDAI",VLOOKUP(VALUE(RIGHT(C30,3)),'ADM-COMP'!B:J,5,FALSE),IF(LEFT(C30,5)="IMPER",VLOOKUP(VALUE(RIGHT(C30,3)),'IMPER-COMP'!B:J,5,FALSE),"")))))))))))))))) -> M | F30: =ROUND(VLOOKUP(A30,'MEM-LEVANT'!A29:I2622,9,FALSE),2) -> 25 | G30: =IF(B30="IOPES",VLOOKUP(C30,'LABOR-SERVIÇOS'!A:H,7,FALSE),IF(B30="SINAPI",VLOOKUP(C30,'SINAPI-SERVIÇOS'!A:H,8,FALSE),IF(LEFT(C30,3)="ARQ",VLOOKUP(VALUE(RIGHT(C30,3)),'ARQ-COMP'!B:J,9,FALSE),IF(LEFT(C30,3)="SCI",VLOOKUP(VALUE(RIGHT(C30,3)),'GAS-COMP'!#REF!,9,FALSE),IF(LEFT(C30,3)="SCE",VLOOKUP(VALUE(RIGHT(C30,3)),'SCE-COMP'!B:J,9,FALSE),IF(LEFT(C30,3)="EST",VLOOKUP(VALUE(RIGHT(C30,3)),'EST-COMP'!B:J,9,FALSE),IF(LEFT(C30,3)="HID",VLOOKUP(VALUE(RIGHT(C30,3)),'HID-COMP'!B:J,9,FALSE),IF(LEFT(C30,3)="INC",VLOOKUP(VALUE(RIGHT(C30,3)),'INC-COMP'!B:J,9,FALSE),IF(LEFT(C30,3)="ELE",VLOOKUP(VALUE(RIGHT(C30,3)),#REF!,9,FALSE),IF(LEFT(C30,3)="CAB",VLOOKUP(VALUE(RIGHT(C30,3)),#REF!,9,FALSE),IF(LEFT(C30,3)="SEG",VLOOKUP(VALUE(RIGHT(C30,3)),'SEG-COMP'!B:J,9,FALSE),IF(LEFT(C30,3)="CLI",VLOOKUP(VALUE(RIGHT(C30,3)),'CLI-COMP'!B:J,9,FALSE),IF(LEFT(C30,4)="IMPL",VLOOKUP(VALUE(RIGHT(C30,3)),'IMPL-COMP'!B:J,9,FALSE),IF(LEFT(C30,4)="SPDA",VLOOKUP(VALUE(RIGHT(C30,3)),'SPDA-COMP'!B:J,9,FALSE),IF(LEFT(C30,4)="SDAI",VLOOKUP(VALUE(RIGHT(C30,3)),'ADM-COMP'!B:J,9,FALSE),IF(LEFT(C30,5)="IMPER",VLOOKUP(VALUE(RIGHT(C30,3)),'IMPER-COMP'!B:J,9,FALSE),"")))))))))))))))) -> 598.15 | H30: =ROUND(F30*G30,2) -> 14953.75 | I30: =H30/$H$441 -> 0.00087433962
A31: 01.04 | D31: PROJETOS EXECUTIVOS
A32: 01.04.01 | B32: IOPES | C32: Faça Certo | D32: PROJETO ARQUITETÔNICO | E32: M2 | F32: =ROUND(VLOOKUP(A32,'MEM-LEVANT'!A31:I2624,9,FALSE),2) -> 3139.7 | G32: =30.43*(1+$M$4) -> 35.167951 | H32: =F32*G32 -> 110416.82 | I32: =H32/$H$441 -> 0.0064560259
A33: 01.04.02 | B33: IOPES | C33: Faça Certo | D33: PROJETO ESTRUTURAL, INCLUSIVE FUNDAÇÃO | E33: M2 | F33: =ROUND(VLOOKUP(A33,'MEM-LEVANT'!A32:I2625,9,FALSE),2) -> 3139.7 | G33: =18.37*(1+$M$4) -> 21.230209 | H33: =F33*G33 -> 66656.487 | I33: =H33/$H$441 -> 0.0038973774
A34: 01.04.03 | B34: IOPES | C34: Faça Certo | D34: PROJETO HIDROSSANITÁRIO | E34: M2 | F34: =ROUND(VLOOKUP(A34,'MEM-LEVANT'!A34:I2626,9,FALSE),2) -> 3139.7 | G34: =11.46*(1+$M$4) -> 13.244322 | H34: =F34*G34 -> 41583.198 | I34: =H34/$H$441 -> 0.0024313525
A35: 01.04.04 | B35: IOPES | C35: Faça Certo | D35: PROJETO REDES ELÉTRICAS | E35: M2 | F35: =ROUND(VLOOKUP(A35,'MEM-LEVANT'!A35:I2627,9,FALSE),2) -> 3139.7 | G35: =12.4*(1+$M$4) -> 14.33068 | H35: =F35*G35 -> 44994.036 | I35: =H35/$H$441 -> 0.0026307828
A36: 01.04.05 | B36: IOPES | C36: Faça Certo | D36: PROJETO DO SIST. DE CABEAMENTO ESTRUTURADO (VOZ, DADOS E SONORIZAÇÃO) | E36: M2 | F36: =ROUND(VLOOKUP(A36,'MEM-LEVANT'!A41:I2628,9,FALSE),2) -> 3139.7 | G36: =6.19*(1+$M$4) -> 7.153783 | H36: =F36*G36 -> 22460.732 | I36: =H36/$H$441 -> 0.0013132698
A37: 01.04.06 | B37: IOPES | C37: Faça Certo | D37: PROJETO DE PREVENÇÃO E COMBATE A INCÊNDIO | E37: M2 | F37: =ROUND(VLOOKUP(A37,'MEM-LEVANT'!A42:I2629,9,FALSE),2) -> 3139.7 | G37: =3.15*(1+$M$4) -> 3.640455 | H37: =F37*G37 -> 11429.937 | I37: =H37/$H$441 -> 0.0006683037
A38: 01.04.07 | B38: IOPES | C38: Faça Certo | D38: PROJETO DE CLIMATIZAÇÃO E CONFORTO AMBIENTAL | E38: M2 | F38: =ROUND(VLOOKUP(A38,'MEM-LEVANT'!A43:I2630,9,FALSE),2) -> 3139.7 | G38: =4.99*(1+$M$4) -> 5.766943 | H38: =F38*G38 -> 18106.471 | I38: =H38/$H$441 -> 0.0010586779
A39: 01.04.08 | B39: IOPES | C39: Faça Certo | D39: PROJETO SPDA (PARARRAIO) | E39: M2 | F39: =ROUND(VLOOKUP(A39,'MEM-LEVANT'!A44:I2631,9,FALSE),2) -> 3139.7 | G39: =3.15*(1+$M$4) -> 3.640455 | H39: =F39*G39 -> 11429.937 | I39: =H39/$H$441 -> 0.0006683037
A40: 01.04.09 | B40: IOPES | C40: Faça Certo | D40: IMPLEMENTOS EXTERNOS - PROJETO ELÉTRICO | E40: M2 | F40: =ROUND(VLOOKUP(A40,'MEM-LEVANT'!A45:I2632,9,FALSE),2) -> 4148.68 | G40: =3.66*(1+$M$4) -> 4.229862 | H40: =F40*G40 -> 17548.344 | I40: =H40/$H$441 -> 0.0010260445
A41: 01.04.10 | B41: IOPES | C41: Faça Certo | D41: IMPLEMENTOS EXTERNOS - PROJETO DRENAGEM | E41: M2 | F41: =ROUND(VLOOKUP(A41,'MEM-LEVANT'!A46:I2633,9,FALSE),2) -> 4148.68 | G41: =3.15*(1+$M$4) -> 3.640455 | H41: =F41*G41 -> 15103.083 | I41: =H41/$H$441 -> 0.00088307105
A42: 01.04.11 | B42: IOPES | C42: Faça Certo | D42: IMPLEMENTOS EXTERNOS - PROJETO URBANIZAÇÃO | E42: M2 | F42: =ROUND(VLOOKUP(A42,'MEM-LEVANT'!A47:I2634,9,FALSE),2) -> 4148.68 | G42: =4.87*(1+$M$4) -> 5.628259 | H42: =F42*G42 -> 23349.846 | I42: =H42/$H$441 -> 0.0013652559
A43: 01.04.12 | B43: IOPES | C43: Faça Certo | D43: IMPLEMENTOS EXTERNOS - PROJETO PAISAGISMO | E43: M2 | F43: =ROUND(VLOOKUP(A43,'MEM-LEVANT'!A48:I2635,9,FALSE),2) -> 4148.68 | G43: =3.06*(1+$M$4) -> 3.536442 | H43: =F43*G43 -> 14671.566 | I43: =H43/$H$441 -> 0.00085784045
D44: TOTAL DO ITEM 1.0 | H44: =SUM(H7:H43) -> 752352.15 | I44: =H44/$H$441 -> 0.043989721
A46: 02 | D46: MOVIMENTO DE TERRA
A47: 02.01 | D47: ESCAVAÇÕES
A48: 02.01.01 | B48: IOPES | C48: =30101 -> 30101 | D48: =IF(B48="IOPES",VLOOKUP(C48,'LABOR-SERVIÇOS'!A:H,5,FALSE),IF(B48="SINAPI",VLOOKUP(C48,'SINAPI-SERVIÇOS'!A:D,2,FALSE),IF(LEFT(C48,3)="ARQ",VLOOKUP(VALUE(RIGHT(C48,3)),'ARQ-COMP'!B:J,4,FALSE),IF(LEFT(C48,3)="SCI",VLOOKUP(VALUE(RIGHT(C48,3)),'GAS-COMP'!#REF!,4,FALSE),IF(LEFT(C48,3)="SCE",VLOOKUP(VALUE(RIGHT(C48,3)),'SCE-COMP'!B:J,4,FALSE),IF(LEFT(C48,3)="EST",VLOOKUP(VALUE(RIGHT(C48,3)),'EST-COMP'!B:J,4,FALSE),IF(LEFT(C48,3)="HID",VLOOKUP(VALUE(RIGHT(C48,3)),'HID-COMP'!B:J,4,FALSE),IF(LEFT(C48,3)="INC",VLOOKUP(VALUE(RIGHT(C48,3)),'INC-COMP'!B:J,4,FALSE),IF(LEFT(C48,3)="ELE",VLOOKUP(VALUE(RIGHT(C48,3)),#REF!,4,FALSE),IF(LEFT(C48,3)="CAB",VLOOKUP(VALUE(RIGHT(C48,3)),#REF!,4,FALSE),IF(LEFT(C48,3)="SEG",VLOOKUP(VALUE(RIGHT(C48,3)),'SEG-COMP'!B:J,4,FALSE),IF(LEFT(C48,3)="CLI",VLOOKUP(VALUE(RIGHT(C48,3)),'CLI-COMP'!B:J,4,FALSE),IF(LEFT(C48,4)="IMPL",VLOOKUP(VALUE(RIGHT(C48,3)),'IMPL-COMP'!B:J,4,FALSE),IF(LEFT(C48,4)="SPDA",VLOOKUP(VALUE(RIGHT(C48,3)),'SPDA-COMP'!B:J,4,FALSE),IF(LEFT(C48,4)="SDAI",VLOOKUP(VALUE(RIGHT(C48,3)),'ADM-COMP'!B:J,4,FALSE),IF(LEFT(C48,5)="IMPER",VLOOKUP(VALUE(RIGHT(C48,3)),'IMPER-COMP'!B:J,4,FALSE),"")))))))))))))))) -> ESCAVAÇÃO MANUAL EM MATERIAL DE 1A. CATEGORIA, ATÉ 1.50 M DE PROFUNDIDADE | E48: =IF(B48="IOPES",VLOOKUP(C48,'LABOR-SERVIÇOS'!A:H,6,FALSE),IF(B48="SINAPI",VLOOKUP(C48,'SINAPI-SERVIÇOS'!A:D,3,FALSE),IF(LEFT(C48,3)="ARQ",VLOOKUP(VALUE(RIGHT(C48,3)),'ARQ-COMP'!B:J,5,FALSE),IF(LEFT(C48,3)="SCI",VLOOKUP(VALUE(RIGHT(C48,3)),'GAS-COMP'!#REF!,5,FALSE),IF(LEFT(C48,3)="SCE",VLOOKUP(VALUE(RIGHT(C48,3)),'SCE-COMP'!B:J,5,FALSE),IF(LEFT(C48,3)="EST",VLOOKUP(VALUE(RIGHT(C48,3)),'EST-COMP'!B:J,5,FALSE),IF(LEFT(C48,3)="HID",VLOOKUP(VALUE(RIGHT(C48,3)),'HID-COMP'!B:J,5,FALSE),IF(LEFT(C48,3)="INC",VLOOKUP(VALUE(RIGHT(C48,3)),'INC-COMP'!B:J,5,FALSE),IF(LEFT(C48,3)="ELE",VLOOKUP(VALUE(RIGHT(C48,3)),#REF!,5,FALSE),IF(LEFT(C48,3)="CAB",VLOOKUP(VALUE(RIGHT(C48,3)),#REF!,5,FALSE),IF(LEFT(C48,3)="SEG",VLOOKUP(VALUE(RIGHT(C48,3)),'SEG-COMP'!B:J,5,FALSE),IF(LEFT(C48,3)="CLI",VLOOKUP(VALUE(RIGHT(C48,3)),'CLI-COMP'!B:J,5,FALSE),IF(LEFT(C48,4)="IMPL",VLOOKUP(VALUE(RIGHT(C48,3)),'IMPL-COMP'!B:J,5,FALSE),IF(LEFT(C48,4)="SPDA",VLOOKUP(VALUE(RIGHT(C48,3)),'SPDA-COMP'!B:J,5,FALSE),IF(LEFT(C48,4)="SDAI",VLOOKUP(VALUE(RIGHT(C48,3)),'ADM-COMP'!B:J,5,FALSE),IF(LEFT(C48,5)="IMPER",VLOOKUP(VALUE(RIGHT(C48,3)),'IMPER-COMP'!B:J,5,FALSE),"")))))))))))))))) -> M3 | F48: =ROUND(VLOOKUP(A48,'MEM-LEVANT'!A50:I2637,9,FALSE),2) -> 850 | G48: =IF(B48="IOPES",VLOOKUP(C48,'LABOR-SERVIÇOS'!A:H,7,FALSE),IF(B48="SINAPI",VLOOKUP(C48,'SINAPI-SERVIÇOS'!A:H,8,FALSE),IF(LEFT(C48,3)="ARQ",VLOOKUP(VALUE(RIGHT(C48,3)),'ARQ-COMP'!B:J,9,FALSE),IF(LEFT(C48,3)="SCI",VLOOKUP(VALUE(RIGHT(C48,3)),'GAS-COMP'!#REF!,9,FALSE),IF(LEFT(C48,3)="SCE",VLOOKUP(VALUE(RIGHT(C48,3)),'SCE-COMP'!B:J,9,FALSE),IF(LEFT(C48,3)="EST",VLOOKUP(VALUE(RIGHT(C48,3)),'EST-COMP'!B:J,9,FALSE),IF(LEFT(C48,3)="HID",VLOOKUP(VALUE(RIGHT(C48,3)),'HID-COMP'!B:J,9,FALSE),IF(LEFT(C48,3)="INC",VLOOKUP(VALUE(RIGHT(C48,3)),'INC-COMP'!B:J,9,FALSE),IF(LEFT(C48,3)="ELE",VLOOKUP(VALUE(RIGHT(C48,3)),#REF!,9,FALSE),IF(LEFT(C48,3)="CAB",VLOOKUP(VALUE(RIGHT(C48,3)),#REF!,9,FALSE),IF(LEFT(C48,3)="SEG",VLOOKUP(VALUE(RIGHT(C48,3)),'SEG-COMP'!B:J,9,FALSE),IF(LEFT(C48,3)="CLI",VLOOKUP(VALUE(RIGHT(C48,3)),'CLI-COMP'!B:J,9,FALSE),IF(LEFT(C48,4)="IMPL",VLOOKUP(VALUE(RIGHT(C48,3)),'IMPL-COMP'!B:J,9,FALSE),IF(LEFT(C48,4)="SPDA",VLOOKUP(VALUE(RIGHT(C48,3)),'SPDA-COMP'!B:J,9,FALSE),IF(LEFT(C48,4)="SDAI",VLOOKUP(VALUE(RIGHT(C48,3)),'ADM-COMP'!B:J,9,FALSE),IF(LEFT(C48,5)="IMPER",VLOOKUP(VALUE(RIGHT(C48,3)),'IMPER-COMP'!B:J,9,FALSE),"")))))))))))))))) -> 85.23 | H48: =ROUND(F48*G48,2) -> 72445.5 | I48: =H48/$H$441 -> 0.0042358586
A49: 02.01.02 | B49: IOPES | C49: =30103 -> 30103 | D49: =IF(B49="IOPES",VLOOKUP(C49,'LABOR-SERVIÇOS'!A:H,5,FALSE),IF(B49="SINAPI",VLOOKUP(C49,'SINAPI-SERVIÇOS'!A:D,2,FALSE),IF(LEFT(C49,3)="ARQ",VLOOKUP(VALUE(RIGHT(C49,3)),'ARQ-COMP'!B:J,4,FALSE),IF(LEFT(C49,3)="SCI",VLOOKUP(VALUE(RIGHT(C49,3)),'GAS-COMP'!#REF!,4,FALSE),IF(LEFT(C49,3)="SCE",VLOOKUP(VALUE(RIGHT(C49,3)),'SCE-COMP'!B:J,4,FALSE),IF(LEFT(C49,3)="EST",VLOOKUP(VALUE(RIGHT(C49,3)),'EST-COMP'!B:J,4,FALSE),IF(LEFT(C49,3)="HID",VLOOKUP(VALUE(RIGHT(C49,3)),'HID-COMP'!B:J,4,FALSE),IF(LEFT(C49,3)="INC",VLOOKUP(VALUE(RIGHT(C49,3)),'INC-COMP'!B:J,4,FALSE),IF(LEFT(C49,3)="ELE",VLOOKUP(VALUE(RIGHT(C49,3)),#REF!,4,FALSE),IF(LEFT(C49,3)="CAB",VLOOKUP(VALUE(RIGHT(C49,3)),#REF!,4,FALSE),IF(LEFT(C49,3)="SEG",VLOOKUP(VALUE(RIGHT(C49,3)),'SEG-COMP'!B:J,4,FALSE),IF(LEFT(C49,3)="CLI",VLOOKUP(VALUE(RIGHT(C49,3)),'CLI-COMP'!B:J,4,FALSE),IF(LEFT(C49,4)="IMPL",VLOOKUP(VALUE(RIGHT(C49,3)),'IMPL-COMP'!B:J,4,FALSE),IF(LEFT(C49,4)="SPDA",VLOOKUP(VALUE(RIGHT(C49,3)),'SPDA-COMP'!B:J,4,FALSE),IF(LEFT(C49,4)="SDAI",VLOOKUP(VALUE(RIGHT(C49,3)),'ADM-COMP'!B:J,4,FALSE),IF(LEFT(C49,5)="IMPER",VLOOKUP(VALUE(RIGHT(C49,3)),'IMPER-COMP'!B:J,4,FALSE),"")))))))))))))))) -> ESCAVAÇÃO MECÂNICA EM MATERIAL DE 1A. CATEGORIA | E49: =IF(B49="IOPES",VLOOKUP(C49,'LABOR-SERVIÇOS'!A:H,6,FALSE),IF(B49="SINAPI",VLOOKUP(C49,'SINAPI-SERVIÇOS'!A:D,3,FALSE),IF(LEFT(C49,3)="ARQ",VLOOKUP(VALUE(RIGHT(C49,3)),'ARQ-COMP'!B:J,5,FALSE),IF(LEFT(C49,3)="SCI",VLOOKUP(VALUE(RIGHT(C49,3)),'GAS-COMP'!#REF!,5,FALSE),IF(LEFT(C49,3)="SCE",VLOOKUP(VALUE(RIGHT(C49,3)),'SCE-COMP'!B:J,5,FALSE),IF(LEFT(C49,3)="EST",VLOOKUP(VALUE(RIGHT(C49,3)),'EST-COMP'!B:J,5,FALSE),IF(LEFT(C49,3)="HID",VLOOKUP(VALUE(RIGHT(C49,3)),'HID-COMP'!B:J,5,FALSE),IF(LEFT(C49,3)="INC",VLOOKUP(VALUE(RIGHT(C49,3)),'INC-COMP'!B:J,5,FALSE),IF(LEFT(C49,3)="ELE",VLOOKUP(VALUE(RIGHT(C49,3)),#REF!,5,FALSE),IF(LEFT(C49,3)="CAB",VLOOKUP(VALUE(RIGHT(C49,3)),#REF!,5,FALSE),IF(LEFT(C49,3)="SEG",VLOOKUP(VALUE(RIGHT(C49,3)),'SEG-COMP'!B:J,5,FALSE),IF(LEFT(C49,3)="CLI",VLOOKUP(VALUE(RIGHT(C49,3)),'CLI-COMP'!B:J,5,FALSE),IF(LEFT(C49,4)="IMPL",VLOOKUP(VALUE(RIGHT(C49,3)),'IMPL-COMP'!B:J,5,FALSE),IF(LEFT(C49,4)="SPDA",VLOOKUP(VALUE(RIGHT(C49,3)),'SPDA-COMP'!B:J,5,FALSE),IF(LEFT(C49,4)="SDAI",VLOOKUP(VALUE(RIGHT(C49,3)),'ADM-COMP'!B:J,5,FALSE),IF(LEFT(C49,5)="IMPER",VLOOKUP(VALUE(RIGHT(C49,3)),'IMPER-COMP'!B:J,5,FALSE),"")))))))))))))))) -> M3 | F49: =ROUND(VLOOKUP(A49,'MEM-LEVANT'!A52:I2639,9,FALSE),2) -> 848.1 | G49: =IF(B49="IOPES",VLOOKUP(C49,'LABOR-SERVIÇOS'!A:H,7,FALSE),IF(B49="SINAPI",VLOOKUP(C49,'SINAPI-SERVIÇOS'!A:H,8,FALSE),IF(LEFT(C49,3)="ARQ",VLOOKUP(VALUE(RIGHT(C49,3)),'ARQ-COMP'!B:J,9,FALSE),IF(LEFT(C49,3)="SCI",VLOOKUP(VALUE(RIGHT(C49,3)),'GAS-COMP'!#REF!,9,FALSE),IF(LEFT(C49,3)="SCE",VLOOKUP(VALUE(RIGHT(C49,3)),'SCE-COMP'!B:J,9,FALSE),IF(LEFT(C49,3)="EST",VLOOKUP(VALUE(RIGHT(C49,3)),'EST-COMP'!B:J,9,FALSE),IF(LEFT(C49,3)="HID",VLOOKUP(VALUE(RIGHT(C49,3)),'HID-COMP'!B:J,9,FALSE),IF(LEFT(C49,3)="INC",VLOOKUP(VALUE(RIGHT(C49,3)),'INC-COMP'!B:J,9,FALSE),IF(LEFT(C49,3)="ELE",VLOOKUP(VALUE(RIGHT(C49,3)),#REF!,9,FALSE),IF(LEFT(C49,3)="CAB",VLOOKUP(VALUE(RIGHT(C49,3)),#REF!,9,FALSE),IF(LEFT(C49,3)="SEG",VLOOKUP(VALUE(RIGHT(C49,3)),'SEG-COMP'!B:J,9,FALSE),IF(LEFT(C49,3)="CLI",VLOOKUP(VALUE(RIGHT(C49,3)),'CLI-COMP'!B:J,9,FALSE),IF(LEFT(C49,4)="IMPL",VLOOKUP(VALUE(RIGHT(C49,3)),'IMPL-COMP'!B:J,9,FALSE),IF(LEFT(C49,4)="SPDA",VLOOKUP(VALUE(RIGHT(C49,3)),'SPDA-COMP'!B:J,9,FALSE),IF(LEFT(C49,4)="SDAI",VLOOKUP(VALUE(RIGHT(C49,3)),'ADM-COMP'!B:J,9,FALSE),IF(LEFT(C49,5)="IMPER",VLOOKUP(VALUE(RIGHT(C49,3)),'IMPER-COMP'!B:J,9,FALSE),"")))))))))))))))) -> 21.73 | H49: =ROUND(F49*G49,2) -> 18429.21 | I49: =H49/$H$441 -> 0.0010775483
A50: 02.02 | D50: REATERRO E COMPACTAÇÃO
A51: 02.02.01 | B51: IOPES | C51: =30201 -> 30201 | D51: =IF(B51="IOPES",VLOOKUP(C51,'LABOR-SERVIÇOS'!A:H,5,FALSE),IF(B51="SINAPI",VLOOKUP(C51,'SINAPI-SERVIÇOS'!A:D,2,FALSE),IF(LEFT(C51,3)="ARQ",VLOOKUP(VALUE(RIGHT(C51,3)),'ARQ-COMP'!B:J,4,FALSE),IF(LEFT(C51,3)="SCI",VLOOKUP(VALUE(RIGHT(C51,3)),'GAS-COMP'!#REF!,4,FALSE),IF(LEFT(C51,3)="SCE",VLOOKUP(VALUE(RIGHT(C51,3)),'SCE-COMP'!B:J,4,FALSE),IF(LEFT(C51,3)="EST",VLOOKUP(VALUE(RIGHT(C51,3)),'EST-COMP'!B:J,4,FALSE),IF(LEFT(C51,3)="HID",VLOOKUP(VALUE(RIGHT(C51,3)),'HID-COMP'!B:J,4,FALSE),IF(LEFT(C51,3)="INC",VLOOKUP(VALUE(RIGHT(C51,3)),'INC-COMP'!B:J,4,FALSE),IF(LEFT(C51,3)="ELE",VLOOKUP(VALUE(RIGHT(C51,3)),#REF!,4,FALSE),IF(LEFT(C51,3)="CAB",VLOOKUP(VALUE(RIGHT(C51,3)),#REF!,4,FALSE),IF(LEFT(C51,3)="SEG",VLOOKUP(VALUE(RIGHT(C51,3)),'SEG-COMP'!B:J,4,FALSE),IF(LEFT(C51,3)="CLI",VLOOKUP(VALUE(RIGHT(C51,3)),'CLI-COMP'!B:J,4,FALSE),IF(LEFT(C51,4)="IMPL",VLOOKUP(VALUE(RIGHT(C51,3)),'IMPL-COMP'!B:J,4,FALSE),IF(LEFT(C51,4)="SPDA",VLOOKUP(VALUE(RIGHT(C51,3)),'SPDA-COMP'!B:J,4,FALSE),IF(LEFT(C51,4)="SDAI",VLOOKUP(VALUE(RIGHT(C51,3)),'ADM-COMP'!B:J,4,FALSE),IF(LEFT(C51,5)="IMPER",VLOOKUP(VALUE(RIGHT(C51,3)),'IMPER-COMP'!B:J,4,FALSE),"")))))))))))))))) -> REATERRO APILOADO DE CAVAS DE FUNDAÇÃO, EM CAMADAS DE 20 CM | E51: =IF(B51="IOPES",VLOOKUP(C51,'LABOR-SERVIÇOS'!A:H,6,FALSE),IF(B51="SINAPI",VLOOKUP(C51,'SINAPI-SERVIÇOS'!A:D,3,FALSE),IF(LEFT(C51,3)="ARQ",VLOOKUP(VALUE(RIGHT(C51,3)),'ARQ-COMP'!B:J,5,FALSE),IF(LEFT(C51,3)="SCI",VLOOKUP(VALUE(RIGHT(C51,3)),'GAS-COMP'!#REF!,5,FALSE),IF(LEFT(C51,3)="SCE",VLOOKUP(VALUE(RIGHT(C51,3)),'SCE-COMP'!B:J,5,FALSE),IF(LEFT(C51,3)="EST",VLOOKUP(VALUE(RIGHT(C51,3)),'EST-COMP'!B:J,5,FALSE),IF(LEFT(C51,3)="HID",VLOOKUP(VALUE(RIGHT(C51,3)),'HID-COMP'!B:J,5,FALSE),IF(LEFT(C51,3)="INC",VLOOKUP(VALUE(RIGHT(C51,3)),'INC-COMP'!B:J,5,FALSE),IF(LEFT(C51,3)="ELE",VLOOKUP(VALUE(RIGHT(C51,3)),#REF!,5,FALSE),IF(LEFT(C51,3)="CAB",VLOOKUP(VALUE(RIGHT(C51,3)),#REF!,5,FALSE),IF(LEFT(C51,3)="SEG",VLOOKUP(VALUE(RIGHT(C51,3)),'SEG-COMP'!B:J,5,FALSE),IF(LEFT(C51,3)="CLI",VLOOKUP(VALUE(RIGHT(C51,3)),'CLI-COMP'!B:J,5,FALSE),IF(LEFT(C51,4)="IMPL",VLOOKUP(VALUE(RIGHT(C51,3)),'IMPL-COMP'!B:J,5,FALSE),IF(LEFT(C51,4)="SPDA",VLOOKUP(VALUE(RIGHT(C51,3)),'SPDA-COMP'!B:J,5,FALSE),IF(LEFT(C51,4)="SDAI",VLOOKUP(VALUE(RIGHT(C51,3)),'ADM-COMP'!B:J,5,FALSE),IF(LEFT(C51,5)="IMPER",VLOOKUP(VALUE(RIGHT(C51,3)),'IMPER-COMP'!B:J,5,FALSE),"")))))))))))))))) -> M3 | F51: =ROUND(VLOOKUP(A51,'MEM-LEVANT'!A53:I2640,9,FALSE),2) -> 425 | G51: =IF(B51="IOPES",VLOOKUP(C51,'LABOR-SERVIÇOS'!A:H,7,FALSE),IF(B51="SINAPI",VLOOKUP(C51,'SINAPI-SERVIÇOS'!A:H,8,FALSE),IF(LEFT(C51,3)="ARQ",VLOOKUP(VALUE(RIGHT(C51,3)),'ARQ-COMP'!B:J,9,FALSE),IF(LEFT(C51,3)="SCI",VLOOKUP(VALUE(RIGHT(C51,3)),'GAS-COMP'!#REF!,9,FALSE),IF(LEFT(C51,3)="SCE",VLOOKUP(VALUE(RIGHT(C51,3)),'SCE-COMP'!B:J,9,FALSE),IF(LEFT(C51,3)="EST",VLOOKUP(VALUE(RIGHT(C51,3)),'EST-COMP'!B:J,9,FALSE),IF(LEFT(C51,3)="HID",VLOOKUP(VALUE(RIGHT(C51,3)),'HID-COMP'!B:J,9,FALSE),IF(LEFT(C51,3)="INC",VLOOKUP(VALUE(RIGHT(C51,3)),'INC-COMP'!B:J,9,FALSE),IF(LEFT(C51,3)="ELE",VLOOKUP(VALUE(RIGHT(C51,3)),#REF!,9,FALSE),IF(LEFT(C51,3)="CAB",VLOOKUP(VALUE(RIGHT(C51,3)),#REF!,9,FALSE),IF(LEFT(C51,3)="SEG",VLOOKUP(VALUE(RIGHT(C51,3)),'SEG-COMP'!B:J,9,FALSE),IF(LEFT(C51,3)="CLI",VLOOKUP(VALUE(RIGHT(C51,3)),'CLI-COMP'!B:J,9,FALSE),IF(LEFT(C51,4)="IMPL",VLOOKUP(VALUE(RIGHT(C51,3)),'IMPL-COMP'!B:J,9,FALSE),IF(LEFT(C51,4)="SPDA",VLOOKUP(VALUE(RIGHT(C51,3)),'SPDA-COMP'!B:J,9,FALSE),IF(LEFT(C51,4)="SDAI",VLOOKUP(VALUE(RIGHT(C51,3)),'ADM-COMP'!B:J,9,FALSE),IF(LEFT(C51,5)="IMPER",VLOOKUP(VALUE(RIGHT(C51,3)),'IMPER-COMP'!B:J,9,FALSE),"")))))))))))))))) -> 91.78 | H51: =ROUND(F51*G51,2) -> 39006.5 | I51: =H51/$H$441 -> 0.002280694
A52: 02.02.02 | B52: IOPES | C52: =30203 -> 30203 | D52: =IF(B52="IOPES",VLOOKUP(C52,'LABOR-SERVIÇOS'!A:H,5,FALSE),IF(B52="SINAPI",VLOOKUP(C52,'SINAPI-SERVIÇOS'!A:D,2,FALSE),IF(LEFT(C52,3)="ARQ",VLOOKUP(VALUE(RIGHT(C52,3)),'ARQ-COMP'!B:J,4,FALSE),IF(LEFT(C52,3)="SCI",VLOOKUP(VALUE(RIGHT(C52,3)),'GAS-COMP'!#REF!,4,FALSE),IF(LEFT(C52,3)="SCE",VLOOKUP(VALUE(RIGHT(C52,3)),'SCE-COMP'!B:J,4,FALSE),IF(LEFT(C52,3)="EST",VLOOKUP(VALUE(RIGHT(C52,3)),'EST-COMP'!B:J,4,FALSE),IF(LEFT(C52,3)="HID",VLOOKUP(VALUE(RIGHT(C52,3)),'HID-COMP'!B:J,4,FALSE),IF(LEFT(C52,3)="INC",VLOOKUP(VALUE(RIGHT(C52,3)),'INC-COMP'!B:J,4,FALSE),IF(LEFT(C52,3)="ELE",VLOOKUP(VALUE(RIGHT(C52,3)),#REF!,4,FALSE),IF(LEFT(C52,3)="CAB",VLOOKUP(VALUE(RIGHT(C52,3)),#REF!,4,FALSE),IF(LEFT(C52,3)="SEG",VLOOKUP(VALUE(RIGHT(C52,3)),'SEG-COMP'!B:J,4,FALSE),IF(LEFT(C52,3)="CLI",VLOOKUP(VALUE(RIGHT(C52,3)),'CLI-COMP'!B:J,4,FALSE),IF(LEFT(C52,4)="IMPL",VLOOKUP(VALUE(RIGHT(C52,3)),'IMPL-COMP'!B:J,4,FALSE),IF(LEFT(C52,4)="SPDA",VLOOKUP(VALUE(RIGHT(C52,3)),'SPDA-COMP'!B:J,4,FALSE),IF(LEFT(C52,4)="SDAI",VLOOKUP(VALUE(RIGHT(C52,3)),'ADM-COMP'!B:J,4,FALSE),IF(LEFT(C52,5)="IMPER",VLOOKUP(VALUE(RIGHT(C52,3)),'IMPER-COMP'!B:J,4,FALSE),"")))))))))))))))) -> LASTRO DE BRITA 3 E 4, APILOADO MANUALMENTE | E52: =IF(B52="IOPES",VLOOKUP(C52,'LABOR-SERVIÇOS'!A:H,6,FALSE),IF(B52="SINAPI",VLOOKUP(C52,'SINAPI-SERVIÇOS'!A:D,3,FALSE),IF(LEFT(C52,3)="ARQ",VLOOKUP(VALUE(RIGHT(C52,3)),'ARQ-COMP'!B:J,5,FALSE),IF(LEFT(C52,3)="SCI",VLOOKUP(VALUE(RIGHT(C52,3)),'GAS-COMP'!#REF!,5,FALSE),IF(LEFT(C52,3)="SCE",VLOOKUP(VALUE(RIGHT(C52,3)),'SCE-COMP'!B:J,5,FALSE),IF(LEFT(C52,3)="EST",VLOOKUP(VALUE(RIGHT(C52,3)),'EST-COMP'!B:J,5,FALSE),IF(LEFT(C52,3)="HID",VLOOKUP(VALUE(RIGHT(C52,3)),'HID-COMP'!B:J,5,FALSE),IF(LEFT(C52,3)="INC",VLOOKUP(VALUE(RIGHT(C52,3)),'INC-COMP'!B:J,5,FALSE),IF(LEFT(C52,3)="ELE",VLOOKUP(VALUE(RIGHT(C52,3)),#REF!,5,FALSE),IF(LEFT(C52,3)="CAB",VLOOKUP(VALUE(RIGHT(C52,3)),#REF!,5,FALSE),IF(LEFT(C52,3)="SEG",VLOOKUP(VALUE(RIGHT(C52,3)),'SEG-COMP'!B:J,5,FALSE),IF(LEFT(C52,3)="CLI",VLOOKUP(VALUE(RIGHT(C52,3)),'CLI-COMP'!B:J,5,FALSE),IF(LEFT(C52,4)="IMPL",VLOOKUP(VALUE(RIGHT(C52,3)),'IMPL-COMP'!B:J,5,FALSE),IF(LEFT(C52,4)="SPDA",VLOOKUP(VALUE(RIGHT(C52,3)),'SPDA-COMP'!B:J,5,FALSE),IF(LEFT(C52,4)="SDAI",VLOOKUP(VALUE(RIGHT(C52,3)),'ADM-COMP'!B:J,5,FALSE),IF(LEFT(C52,5)="IMPER",VLOOKUP(VALUE(RIGHT(C52,3)),'IMPER-COMP'!B:J,5,FALSE),"")))))))))))))))) -> M3 | F52: =ROUND(VLOOKUP(A52,'MEM-LEVANT'!A55:I2642,9,FALSE),2) -> 201.22 | G52: =IF(B52="IOPES",VLOOKUP(C52,'LABOR-SERVIÇOS'!A:H,7,FALSE),IF(B52="SINAPI",VLOOKUP(C52,'SINAPI-SERVIÇOS'!A:H,8,FALSE),IF(LEFT(C52,3)="ARQ",VLOOKUP(VALUE(RIGHT(C52,3)),'ARQ-COMP'!B:J,9,FALSE),IF(LEFT(C52,3)="SCI",VLOOKUP(VALUE(RIGHT(C52,3)),'GAS-COMP'!#REF!,9,FALSE),IF(LEFT(C52,3)="SCE",VLOOKUP(VALUE(RIGHT(C52,3)),'SCE-COMP'!B:J,9,FALSE),IF(LEFT(C52,3)="EST",VLOOKUP(VALUE(RIGHT(C52,3)),'EST-COMP'!B:J,9,FALSE),IF(LEFT(C52,3)="HID",VLOOKUP(VALUE(RIGHT(C52,3)),'HID-COMP'!B:J,9,FALSE),IF(LEFT(C52,3)="INC",VLOOKUP(VALUE(RIGHT(C52,3)),'INC-COMP'!B:J,9,FALSE),IF(LEFT(C52,3)="ELE",VLOOKUP(VALUE(RIGHT(C52,3)),#REF!,9,FALSE),IF(LEFT(C52,3)="CAB",VLOOKUP(VALUE(RIGHT(C52,3)),#REF!,9,FALSE),IF(LEFT(C52,3)="SEG",VLOOKUP(VALUE(RIGHT(C52,3)),'SEG-COMP'!B:J,9,FALSE),IF(LEFT(C52,3)="CLI",VLOOKUP(VALUE(RIGHT(C52,3)),'CLI-COMP'!B:J,9,FALSE),IF(LEFT(C52,4)="IMPL",VLOOKUP(VALUE(RIGHT(C52,3)),'IMPL-COMP'!B:J,9,FALSE),IF(LEFT(C52,4)="SPDA",VLOOKUP(VALUE(RIGHT(C52,3)),'SPDA-COMP'!B:J,9,FALSE),IF(LEFT(C52,4)="SDAI",VLOOKUP(VALUE(RIGHT(C52,3)),'ADM-COMP'!B:J,9,FALSE),IF(LEFT(C52,5)="IMPER",VLOOKUP(VALUE(RIGHT(C52,3)),'IMPER-COMP'!B:J,9,FALSE),"")))))))))))))))) -> 323.4 | H52: =ROUND(F52*G52,2) -> 65074.55 | I52: =H52/$H$441 -> 0.0038048822
A53: 02.02.03 | B53: IOPES | C53: =30208 -> 30208 | D53: =IF(B53="IOPES",VLOOKUP(C53,'LABOR-SERVIÇOS'!A:H,5,FALSE),IF(B53="SINAPI",VLOOKUP(C53,'SINAPI-SERVIÇOS'!A:D,2,FALSE),IF(LEFT(C53,3)="ARQ",VLOOKUP(VALUE(RIGHT(C53,3)),'ARQ-COMP'!B:J,4,FALSE),IF(LEFT(C53,3)="SCI",VLOOKUP(VALUE(RIGHT(C53,3)),'GAS-COMP'!#REF!,4,FALSE),IF(LEFT(C53,3)="SCE",VLOOKUP(VALUE(RIGHT(C53,3)),'SCE-COMP'!B:J,4,FALSE),IF(LEFT(C53,3)="EST",VLOOKUP(VALUE(RIGHT(C53,3)),'EST-COMP'!B:J,4,FALSE),IF(LEFT(C53,3)="HID",VLOOKUP(VALUE(RIGHT(C53,3)),'HID-COMP'!B:J,4,FALSE),IF(LEFT(C53,3)="INC",VLOOKUP(VALUE(RIGHT(C53,3)),'INC-COMP'!B:J,4,FALSE),IF(LEFT(C53,3)="ELE",VLOOKUP(VALUE(RIGHT(C53,3)),#REF!,4,FALSE),IF(LEFT(C53,3)="CAB",VLOOKUP(VALUE(RIGHT(C53,3)),#REF!,4,FALSE),IF(LEFT(C53,3)="SEG",VLOOKUP(VALUE(RIGHT(C53,3)),'SEG-COMP'!B:J,4,FALSE),IF(LEFT(C53,3)="CLI",VLOOKUP(VALUE(RIGHT(C53,3)),'CLI-COMP'!B:J,4,FALSE),IF(LEFT(C53,4)="IMPL",VLOOKUP(VALUE(RIGHT(C53,3)),'IMPL-COMP'!B:J,4,FALSE),IF(LEFT(C53,4)="SPDA",VLOOKUP(VALUE(RIGHT(C53,3)),'SPDA-COMP'!B:J,4,FALSE),IF(LEFT(C53,4)="SDAI",VLOOKUP(VALUE(RIGHT(C53,3)),'ADM-COMP'!B:J,4,FALSE),IF(LEFT(C53,5)="IMPER",VLOOKUP(VALUE(RIGHT(C53,3)),'IMPER-COMP'!B:J,4,FALSE),"")))))))))))))))) -> ATERRO MANUAL PARA REGULARIZAÇÃO DO TERRENO EM ARGILA, INCLUSIVE ADENSAMENTO MANUAL E FORNECIMENTO DO MATERIAL (MÁXIMO DE 100M3) | E53: =IF(B53="IOPES",VLOOKUP(C53,'LABOR-SERVIÇOS'!A:H,6,FALSE),IF(B53="SINAPI",VLOOKUP(C53,'SINAPI-SERVIÇOS'!A:D,3,FALSE),IF(LEFT(C53,3)="ARQ",VLOOKUP(VALUE(RIGHT(C53,3)),'ARQ-COMP'!B:J,5,FALSE),IF(LEFT(C53,3)="SCI",VLOOKUP(VALUE(RIGHT(C53,3)),'GAS-COMP'!#REF!,5,FALSE),IF(LEFT(C53,3)="SCE",VLOOKUP(VALUE(RIGHT(C53,3)),'SCE-COMP'!B:J,5,FALSE),IF(LEFT(C53,3)="EST",VLOOKUP(VALUE(RIGHT(C53,3)),'EST-COMP'!B:J,5,FALSE),IF(LEFT(C53,3)="HID",VLOOKUP(VALUE(RIGHT(C53,3)),'HID-COMP'!B:J,5,FALSE),IF(LEFT(C53,3)="INC",VLOOKUP(VALUE(RIGHT(C53,3)),'INC-COMP'!B:J,5,FALSE),IF(LEFT(C53,3)="ELE",VLOOKUP(VALUE(RIGHT(C53,3)),#REF!,5,FALSE),IF(LEFT(C53,3)="CAB",VLOOKUP(VALUE(RIGHT(C53,3)),#REF!,5,FALSE),IF(LEFT(C53,3)="SEG",VLOOKUP(VALUE(RIGHT(C53,3)),'SEG-COMP'!B:J,5,FALSE),IF(LEFT(C53,3)="CLI",VLOOKUP(VALUE(RIGHT(C53,3)),'CLI-COMP'!B:J,5,FALSE),IF(LEFT(C53,4)="IMPL",VLOOKUP(VALUE(RIGHT(C53,3)),'IMPL-COMP'!B:J,5,FALSE),IF(LEFT(C53,4)="SPDA",VLOOKUP(VALUE(RIGHT(C53,3)),'SPDA-COMP'!B:J,5,FALSE),IF(LEFT(C53,4)="SDAI",VLOOKUP(VALUE(RIGHT(C53,3)),'ADM-COMP'!B:J,5,FALSE),IF(LEFT(C53,5)="IMPER",VLOOKUP(VALUE(RIGHT(C53,3)),'IMPER-COMP'!B:J,5,FALSE),"")))))))))))))))) -> M3 | F53: =ROUND(VLOOKUP(A53,'MEM-LEVANT'!A58:I2645,9,FALSE),2) -> 535.59 | G53: =IF(B53="IOPES",VLOOKUP(C53,'LABOR-SERVIÇOS'!A:H,7,FALSE),IF(B53="SINAPI",VLOOKUP(C53,'SINAPI-SERVIÇOS'!A:H,8,FALSE),IF(LEFT(C53,3)="ARQ",VLOOKUP(VALUE(RIGHT(C53,3)),'ARQ-COMP'!B:J,9,FALSE),IF(LEFT(C53,3)="SCI",VLOOKUP(VALUE(RIGHT(C53,3)),'GAS-COMP'!#REF!,9,FALSE),IF(LEFT(C53,3)="SCE",VLOOKUP(VALUE(RIGHT(C53,3)),'SCE-COMP'!B:J,9,FALSE),IF(LEFT(C53,3)="EST",VLOOKUP(VALUE(RIGHT(C53,3)),'EST-COMP'!B:J,9,FALSE),IF(LEFT(C53,3)="HID",VLOOKUP(VALUE(RIGHT(C53,3)),'HID-COMP'!B:J,9,FALSE),IF(LEFT(C53,3)="INC",VLOOKUP(VALUE(RIGHT(C53,3)),'INC-COMP'!B:J,9,FALSE),IF(LEFT(C53,3)="ELE",VLOOKUP(VALUE(RIGHT(C53,3)),#REF!,9,FALSE),IF(LEFT(C53,3)="CAB",VLOOKUP(VALUE(RIGHT(C53,3)),#REF!,9,FALSE),IF(LEFT(C53,3)="SEG",VLOOKUP(VALUE(RIGHT(C53,3)),'SEG-COMP'!B:J,9,FALSE),IF(LEFT(C53,3)="CLI",VLOOKUP(VALUE(RIGHT(C53,3)),'CLI-COMP'!B:J,9,FALSE),IF(LEFT(C53,4)="IMPL",VLOOKUP(VALUE(RIGHT(C53,3)),'IMPL-COMP'!B:J,9,FALSE),IF(LEFT(C53,4)="SPDA",VLOOKUP(VALUE(RIGHT(C53,3)),'SPDA-COMP'!B:J,9,FALSE),IF(LEFT(C53,4)="SDAI",VLOOKUP(VALUE(RIGHT(C53,3)),'ADM-COMP'!B:J,9,FALSE),IF(LEFT(C53,5)="IMPER",VLOOKUP(VALUE(RIGHT(C53,3)),'IMPER-COMP'!B:J,9,FALSE),"")))))))))))))))) -> 233.49 | H53: =ROUND(F53*G53,2) -> 125054.91 | I53: =H53/$H$441 -> 0.0073119092
A54: 02.02.04 | B54: IOPES | C54: =30210 -> 30210 | D54: =IF(B54="IOPES",VLOOKUP(C54,'LABOR-SERVIÇOS'!A:H,5,FALSE),IF(B54="SINAPI",VLOOKUP(C54,'SINAPI-SERVIÇOS'!A:D,2,FALSE),IF(LEFT(C54,3)="ARQ",VLOOKUP(VALUE(RIGHT(C54,3)),'ARQ-COMP'!B:J,4,FALSE),IF(LEFT(C54,3)="SCI",VLOOKUP(VALUE(RIGHT(C54,3)),'GAS-COMP'!#REF!,4,FALSE),IF(LEFT(C54,3)="SCE",VLOOKUP(VALUE(RIGHT(C54,3)),'SCE-COMP'!B:J,4,FALSE),IF(LEFT(C54,3)="EST",VLOOKUP(VALUE(RIGHT(C54,3)),'EST-COMP'!B:J,4,FALSE),IF(LEFT(C54,3)="HID",VLOOKUP(VALUE(RIGHT(C54,3)),'HID-COMP'!B:J,4,FALSE),IF(LEFT(C54,3)="INC",VLOOKUP(VALUE(RIGHT(C54,3)),'INC-COMP'!B:J,4,FALSE),IF(LEFT(C54,3)="ELE",VLOOKUP(VALUE(RIGHT(C54,3)),#REF!,4,FALSE),IF(LEFT(C54,3)="CAB",VLOOKUP(VALUE(RIGHT(C54,3)),#REF!,4,FALSE),IF(LEFT(C54,3)="SEG",VLOOKUP(VALUE(RIGHT(C54,3)),'SEG-COMP'!B:J,4,FALSE),IF(LEFT(C54,3)="CLI",VLOOKUP(VALUE(RIGHT(C54,3)),'CLI-COMP'!B:J,4,FALSE),IF(LEFT(C54,4)="IMPL",VLOOKUP(VALUE(RIGHT(C54,3)),'IMPL-COMP'!B:J,4,FALSE),IF(LEFT(C54,4)="SPDA",VLOOKUP(VALUE(RIGHT(C54,3)),'SPDA-COMP'!B:J,4,FALSE),IF(LEFT(C54,4)="SDAI",VLOOKUP(VALUE(RIGHT(C54,3)),'ADM-COMP'!B:J,4,FALSE),IF(LEFT(C54,5)="IMPER",VLOOKUP(VALUE(RIGHT(C54,3)),'IMPER-COMP'!B:J,4,FALSE),"")))))))))))))))) -> ATERRO COMPACTADO UTILIZANDO COMPACTADOR DE PLACA VIBRATÓRIA COM REAPROVEITAMENTO DO MATERIAL | E54: =IF(B54="IOPES",VLOOKUP(C54,'LABOR-SERVIÇOS'!A:H,6,FALSE),IF(B54="SINAPI",VLOOKUP(C54,'SINAPI-SERVIÇOS'!A:D,3,FALSE),IF(LEFT(C54,3)="ARQ",VLOOKUP(VALUE(RIGHT(C54,3)),'ARQ-COMP'!B:J,5,FALSE),IF(LEFT(C54,3)="SCI",VLOOKUP(VALUE(RIGHT(C54,3)),'GAS-COMP'!#REF!,5,FALSE),IF(LEFT(C54,3)="SCE",VLOOKUP(VALUE(RIGHT(C54,3)),'SCE-COMP'!B:J,5,FALSE),IF(LEFT(C54,3)="EST",VLOOKUP(VALUE(RIGHT(C54,3)),'EST-COMP'!B:J,5,FALSE),IF(LEFT(C54,3)="HID",VLOOKUP(VALUE(RIGHT(C54,3)),'HID-COMP'!B:J,5,FALSE),IF(LEFT(C54,3)="INC",VLOOKUP(VALUE(RIGHT(C54,3)),'INC-COMP'!B:J,5,FALSE),IF(LEFT(C54,3)="ELE",VLOOKUP(VALUE(RIGHT(C54,3)),#REF!,5,FALSE),IF(LEFT(C54,3)="CAB",VLOOKUP(VALUE(RIGHT(C54,3)),#REF!,5,FALSE),IF(LEFT(C54,3)="SEG",VLOOKUP(VALUE(RIGHT(C54,3)),'SEG-COMP'!B:J,5,FALSE),IF(LEFT(C54,3)="CLI",VLOOKUP(VALUE(RIGHT(C54,3)),'CLI-COMP'!B:J,5,FALSE),IF(LEFT(C54,4)="IMPL",VLOOKUP(VALUE(RIGHT(C54,3)),'IMPL-COMP'!B:J,5,FALSE),IF(LEFT(C54,4)="SPDA",VLOOKUP(VALUE(RIGHT(C54,3)),'SPDA-COMP'!B:J,5,FALSE),IF(LEFT(C54,4)="SDAI",VLOOKUP(VALUE(RIGHT(C54,3)),'ADM-COMP'!B:J,5,FALSE),IF(LEFT(C54,5)="IMPER",VLOOKUP(VALUE(RIGHT(C54,3)),'IMPER-COMP'!B:J,5,FALSE),"")))))))))))))))) -> M3 | F54: =ROUND(VLOOKUP(A54,'MEM-LEVANT'!A60:I2647,9,FALSE),2) -> 225.8 | G54: =IF(B54="IOPES",VLOOKUP(C54,'LABOR-SERVIÇOS'!A:H,7,FALSE),IF(B54="SINAPI",VLOOKUP(C54,'SINAPI-SERVIÇOS'!A:H,8,FALSE),IF(LEFT(C54,3)="ARQ",VLOOKUP(VALUE(RIGHT(C54,3)),'ARQ-COMP'!B:J,9,FALSE),IF(LEFT(C54,3)="SCI",VLOOKUP(VALUE(RIGHT(C54,3)),'GAS-COMP'!#REF!,9,FALSE),IF(LEFT(C54,3)="SCE",VLOOKUP(VALUE(RIGHT(C54,3)),'SCE-COMP'!B:J,9,FALSE),IF(LEFT(C54,3)="EST",VLOOKUP(VALUE(RIGHT(C54,3)),'EST-COMP'!B:J,9,FALSE),IF(LEFT(C54,3)="HID",VLOOKUP(VALUE(RIGHT(C54,3)),'HID-COMP'!B:J,9,FALSE),IF(LEFT(C54,3)="INC",VLOOKUP(VALUE(RIGHT(C54,3)),'INC-COMP'!B:J,9,FALSE),IF(LEFT(C54,3)="ELE",VLOOKUP(VALUE(RIGHT(C54,3)),#REF!,9,FALSE),IF(LEFT(C54,3)="CAB",VLOOKUP(VALUE(RIGHT(C54,3)),#REF!,9,FALSE),IF(LEFT(C54,3)="SEG",VLOOKUP(VALUE(RIGHT(C54,3)),'SEG-COMP'!B:J,9,FALSE),IF(LEFT(C54,3)="CLI",VLOOKUP(VALUE(RIGHT(C54,3)),'CLI-COMP'!B:J,9,FALSE),IF(LEFT(C54,4)="IMPL",VLOOKUP(VALUE(RIGHT(C54,3)),'IMPL-COMP'!B:J,9,FALSE),IF(LEFT(C54,4)="SPDA",VLOOKUP(VALUE(RIGHT(C54,3)),'SPDA-COMP'!B:J,9,FALSE),IF(LEFT(C54,4)="SDAI",VLOOKUP(VALUE(RIGHT(C54,3)),'ADM-COMP'!B:J,9,FALSE),IF(LEFT(C54,5)="IMPER",VLOOKUP(VALUE(RIGHT(C54,3)),'IMPER-COMP'!B:J,9,FALSE),"")))))))))))))))) -> 48.6 | H54: =ROUND(F54*G54,2) -> 10973.88 | I54: =H54/$H$441 -> 0.00064163826
A55: 02.03 | D55: TRANSPORTES
A56: 02.03.01 | B56: IOPES | C56: =30304 -> 30304 | D56: =IF(B56="IOPES",VLOOKUP(C56,'LABOR-SERVIÇOS'!A:H,5,FALSE),IF(B56="SINAPI",VLOOKUP(C56,'SINAPI-SERVIÇOS'!A:D,2,FALSE),IF(LEFT(C56,3)="ARQ",VLOOKUP(VALUE(RIGHT(C56,3)),'ARQ-COMP'!B:J,4,FALSE),IF(LEFT(C56,3)="SCI",VLOOKUP(VALUE(RIGHT(C56,3)),'GAS-COMP'!#REF!,4,FALSE),IF(LEFT(C56,3)="SCE",VLOOKUP(VALUE(RIGHT(C56,3)),'SCE-COMP'!B:J,4,FALSE),IF(LEFT(C56,3)="EST",VLOOKUP(VALUE(RIGHT(C56,3)),'EST-COMP'!B:J,4,FALSE),IF(LEFT(C56,3)="HID",VLOOKUP(VALUE(RIGHT(C56,3)),'HID-COMP'!B:J,4,FALSE),IF(LEFT(C56,3)="INC",VLOOKUP(VALUE(RIGHT(C56,3)),'INC-COMP'!B:J,4,FALSE),IF(LEFT(C56,3)="ELE",VLOOKUP(VALUE(RIGHT(C56,3)),#REF!,4,FALSE),IF(LEFT(C56,3)="CAB",VLOOKUP(VALUE(RIGHT(C56,3)),#REF!,4,FALSE),IF(LEFT(C56,3)="SEG",VLOOKUP(VALUE(RIGHT(C56,3)),'SEG-COMP'!B:J,4,FALSE),IF(LEFT(C56,3)="CLI",VLOOKUP(VALUE(RIGHT(C56,3)),'CLI-COMP'!B:J,4,FALSE),IF(LEFT(C56,4)="IMPL",VLOOKUP(VALUE(RIGHT(C56,3)),'IMPL-COMP'!B:J,4,FALSE),IF(LEFT(C56,4)="SPDA",VLOOKUP(VALUE(RIGHT(C56,3)),'SPDA-COMP'!B:J,4,FALSE),IF(LEFT(C56,4)="SDAI",VLOOKUP(VALUE(RIGHT(C56,3)),'ADM-COMP'!B:J,4,FALSE),IF(LEFT(C56,5)="IMPER",VLOOKUP(VALUE(RIGHT(C56,3)),'IMPER-COMP'!B:J,4,FALSE),"")))))))))))))))) -> ÍNDICE DE PREÇO PARA REMOÇÃO DE ENTULHO DECORRENTE DA EXECUÇÃO DE OBRAS (CLASSE A CONAMA - NBR 10.004 - CLASSE II-B), INCLUINDO ALUGUEL DA CAÇAMBA, CARGA, TRANSPORTE E DESCARGA EM ÁREA LICENCIADA | E56: =IF(B56="IOPES",VLOOKUP(C56,'LABOR-SERVIÇOS'!A:H,6,FALSE),IF(B56="SINAPI",VLOOKUP(C56,'SINAPI-SERVIÇOS'!A:D,3,FALSE),IF(LEFT(C56,3)="ARQ",VLOOKUP(VALUE(RIGHT(C56,3)),'ARQ-COMP'!B:J,5,FALSE),IF(LEFT(C56,3)="SCI",VLOOKUP(VALUE(RIGHT(C56,3)),'GAS-COMP'!#REF!,5,FALSE),IF(LEFT(C56,3)="SCE",VLOOKUP(VALUE(RIGHT(C56,3)),'SCE-COMP'!B:J,5,FALSE),IF(LEFT(C56,3)="EST",VLOOKUP(VALUE(RIGHT(C56,3)),'EST-COMP'!B:J,5,FALSE),IF(LEFT(C56,3)="HID",VLOOKUP(VALUE(RIGHT(C56,3)),'HID-COMP'!B:J,5,FALSE),IF(LEFT(C56,3)="INC",VLOOKUP(VALUE(RIGHT(C56,3)),'INC-COMP'!B:J,5,FALSE),IF(LEFT(C56,3)="ELE",VLOOKUP(VALUE(RIGHT(C56,3)),#REF!,5,FALSE),IF(LEFT(C56,3)="CAB",VLOOKUP(VALUE(RIGHT(C56,3)),#REF!,5,FALSE),IF(LEFT(C56,3)="SEG",VLOOKUP(VALUE(RIGHT(C56,3)),'SEG-COMP'!B:J,5,FALSE),IF(LEFT(C56,3)="CLI",VLOOKUP(VALUE(RIGHT(C56,3)),'CLI-COMP'!B:J,5,FALSE),IF(LEFT(C56,4)="IMPL",VLOOKUP(VALUE(RIGHT(C56,3)),'IMPL-COMP'!B:J,5,FALSE),IF(LEFT(C56,4)="SPDA",VLOOKUP(VALUE(RIGHT(C56,3)),'SPDA-COMP'!B:J,5,FALSE),IF(LEFT(C56,4)="SDAI",VLOOKUP(VALUE(RIGHT(C56,3)),'ADM-COMP'!B:J,5,FALSE),IF(LEFT(C56,5)="IMPER",VLOOKUP(VALUE(RIGHT(C56,3)),'IMPER-COMP'!B:J,5,FALSE),"")))))))))))))))) -> M3 | F56: =ROUND(VLOOKUP(A56,'MEM-LEVANT'!A55:I2642,9,FALSE),2) -> 800 | G56: =IF(B56="IOPES",VLOOKUP(C56,'LABOR-SERVIÇOS'!A:H,7,FALSE),IF(B56="SINAPI",VLOOKUP(C56,'SINAPI-SERVIÇOS'!A:H,8,FALSE),IF(LEFT(C56,3)="ARQ",VLOOKUP(VALUE(RIGHT(C56,3)),'ARQ-COMP'!B:J,9,FALSE),IF(LEFT(C56,3)="SCI",VLOOKUP(VALUE(RIGHT(C56,3)),'GAS-COMP'!#REF!,9,FALSE),IF(LEFT(C56,3)="SCE",VLOOKUP(VALUE(RIGHT(C56,3)),'SCE-COMP'!B:J,9,FALSE),IF(LEFT(C56,3)="EST",VLOOKUP(VALUE(RIGHT(C56,3)),'EST-COMP'!B:J,9,FALSE),IF(LEFT(C56,3)="HID",VLOOKUP(VALUE(RIGHT(C56,3)),'HID-COMP'!B:J,9,FALSE),IF(LEFT(C56,3)="INC",VLOOKUP(VALUE(RIGHT(C56,3)),'INC-COMP'!B:J,9,FALSE),IF(LEFT(C56,3)="ELE",VLOOKUP(VALUE(RIGHT(C56,3)),#REF!,9,FALSE),IF(LEFT(C56,3)="CAB",VLOOKUP(VALUE(RIGHT(C56,3)),#REF!,9,FALSE),IF(LEFT(C56,3)="SEG",VLOOKUP(VALUE(RIGHT(C56,3)),'SEG-COMP'!B:J,9,FALSE),IF(LEFT(C56,3)="CLI",VLOOKUP(VALUE(RIGHT(C56,3)),'CLI-COMP'!B:J,9,FALSE),IF(LEFT(C56,4)="IMPL",VLOOKUP(VALUE(RIGHT(C56,3)),'IMPL-COMP'!B:J,9,FALSE),IF(LEFT(C56,4)="SPDA",VLOOKUP(VALUE(RIGHT(C56,3)),'SPDA-COMP'!B:J,9,FALSE),IF(LEFT(C56,4)="SDAI",VLOOKUP(VALUE(RIGHT(C56,3)),'ADM-COMP'!B:J,9,FALSE),IF(LEFT(C56,5)="IMPER",VLOOKUP(VALUE(RIGHT(C56,3)),'IMPER-COMP'!B:J,9,FALSE),"")))))))))))))))) -> 115.11 | H56: =ROUND(F56*G56,2) -> 92088 | I56: =H56/$H$441 -> 0.0053843476
D57: TOTAL DO ITEM 2.0 | H57: =SUM(H48:H56) -> 423072.55 | I57: =H57/$H$441 -> 0.024736878
A59: 03 | D59: ESTRUTURAS
A60: 03.01 | D60: INFRA-ESTRUTURA (FUNDAÇÃO)
A61: 03.01.01 | B61: IOPES | C61: =40231 -> 40231 | D61: =IF(B61="IOPES",VLOOKUP(C61,'LABOR-SERVIÇOS'!A:H,5,FALSE),IF(B61="SINAPI",VLOOKUP(C61,'SINAPI-SERVIÇOS'!A:D,2,FALSE),IF(LEFT(C61,3)="ARQ",VLOOKUP(VALUE(RIGHT(C61,3)),'ARQ-COMP'!B:J,4,FALSE),IF(LEFT(C61,3)="SCI",VLOOKUP(VALUE(RIGHT(C61,3)),'GAS-COMP'!#REF!,4,FALSE),IF(LEFT(C61,3)="SCE",VLOOKUP(VALUE(RIGHT(C61,3)),'SCE-COMP'!B:J,4,FALSE),IF(LEFT(C61,3)="EST",VLOOKUP(VALUE(RIGHT(C61,3)),'EST-COMP'!B:J,4,FALSE),IF(LEFT(C61,3)="HID",VLOOKUP(VALUE(RIGHT(C61,3)),'HID-COMP'!B:J,4,FALSE),IF(LEFT(C61,3)="INC",VLOOKUP(VALUE(RIGHT(C61,3)),'INC-COMP'!B:J,4,FALSE),IF(LEFT(C61,3)="ELE",VLOOKUP(VALUE(RIGHT(C61,3)),#REF!,4,FALSE),IF(LEFT(C61,3)="CAB",VLOOKUP(VALUE(RIGHT(C61,3)),#REF!,4,FALSE),IF(LEFT(C61,3)="SEG",VLOOKUP(VALUE(RIGHT(C61,3)),'SEG-COMP'!B:J,4,FALSE),IF(LEFT(C61,3)="CLI",VLOOKUP(VALUE(RIGHT(C61,3)),'CLI-COMP'!B:J,4,FALSE),IF(LEFT(C61,4)="IMPL",VLOOKUP(VALUE(RIGHT(C61,3)),'IMPL-COMP'!B:J,4,FALSE),IF(LEFT(C61,4)="SPDA",VLOOKUP(VALUE(RIGHT(C61,3)),'SPDA-COMP'!B:J,4,FALSE),IF(LEFT(C61,4)="SDAI",VLOOKUP(VALUE(RIGHT(C61,3)),'ADM-COMP'!B:J,4,FALSE),IF(LEFT(C61,5)="IMPER",VLOOKUP(VALUE(RIGHT(C61,3)),'IMPER-COMP'!B:J,4,FALSE),"")))))))))))))))) -> FORNECIMENTO, PREPARO E APLICAÇÃO DE CONCRETO MAGRO COM CONSUMO MÍNIMO DE CIMENTO DE 250 KG/M3 (BRITA 1 E 2) - (5% DE PERDAS JÁ INCLUÍDO NO CUSTO) | E61: =IF(B61="IOPES",VLOOKUP(C61,'LABOR-SERVIÇOS'!A:H,6,FALSE),IF(B61="SINAPI",VLOOKUP(C61,'SINAPI-SERVIÇOS'!A:D,3,FALSE),IF(LEFT(C61,3)="ARQ",VLOOKUP(VALUE(RIGHT(C61,3)),'ARQ-COMP'!B:J,5,FALSE),IF(LEFT(C61,3)="SCI",VLOOKUP(VALUE(RIGHT(C61,3)),'GAS-COMP'!#REF!,5,FALSE),IF(LEFT(C61,3)="SCE",VLOOKUP(VALUE(RIGHT(C61,3)),'SCE-COMP'!B:J,5,FALSE),IF(LEFT(C61,3)="EST",VLOOKUP(VALUE(RIGHT(C61,3)),'EST-COMP'!B:J,5,FALSE),IF(LEFT(C61,3)="HID",VLOOKUP(VALUE(RIGHT(C61,3)),'HID-COMP'!B:J,5,FALSE),IF(LEFT(C61,3)="INC",VLOOKUP(VALUE(RIGHT(C61,3)),'INC-COMP'!B:J,5,FALSE),IF(LEFT(C61,3)="ELE",VLOOKUP(VALUE(RIGHT(C61,3)),#REF!,5,FALSE),IF(LEFT(C61,3)="CAB",VLOOKUP(VALUE(RIGHT(C61,3)),#REF!,5,FALSE),IF(LEFT(C61,3)="SEG",VLOOKUP(VALUE(RIGHT(C61,3)),'SEG-COMP'!B:J,5,FALSE),IF(LEFT(C61,3)="CLI",VLOOKUP(VALUE(RIGHT(C61,3)),'CLI-COMP'!B:J,5,FALSE),IF(LEFT(C61,4)="IMPL",VLOOKUP(VALUE(RIGHT(C61,3)),'IMPL-COMP'!B:J,5,FALSE),IF(LEFT(C61,4)="SPDA",VLOOKUP(VALUE(RIGHT(C61,3)),'SPDA-COMP'!B:J,5,FALSE),IF(LEFT(C61,4)="SDAI",VLOOKUP(VALUE(RIGHT(C61,3)),'ADM-COMP'!B:J,5,FALSE),IF(LEFT(C61,5)="IMPER",VLOOKUP(VALUE(RIGHT(C61,3)),'IMPER-COMP'!B:J,5,FALSE),"")))))))))))))))) -> M3 | F61: =ROUND(VLOOKUP(A61,'MEM-LEVANT'!A61:I2648,9,FALSE),2) -> 21.25 | G61: =IF(B61="IOPES",VLOOKUP(C61,'LABOR-SERVIÇOS'!A:H,7,FALSE),IF(B61="SINAPI",VLOOKUP(C61,'SINAPI-SERVIÇOS'!A:H,8,FALSE),IF(LEFT(C61,3)="ARQ",VLOOKUP(VALUE(RIGHT(C61,3)),'ARQ-COMP'!B:J,9,FALSE),IF(LEFT(C61,3)="SCI",VLOOKUP(VALUE(RIGHT(C61,3)),'GAS-COMP'!#REF!,9,FALSE),IF(LEFT(C61,3)="SCE",VLOOKUP(VALUE(RIGHT(C61,3)),'SCE-COMP'!B:J,9,FALSE),IF(LEFT(C61,3)="EST",VLOOKUP(VALUE(RIGHT(C61,3)),'EST-COMP'!B:J,9,FALSE),IF(LEFT(C61,3)="HID",VLOOKUP(VALUE(RIGHT(C61,3)),'HID-COMP'!B:J,9,FALSE),IF(LEFT(C61,3)="INC",VLOOKUP(VALUE(RIGHT(C61,3)),'INC-COMP'!B:J,9,FALSE),IF(LEFT(C61,3)="ELE",VLOOKUP(VALUE(RIGHT(C61,3)),#REF!,9,FALSE),IF(LEFT(C61,3)="CAB",VLOOKUP(VALUE(RIGHT(C61,3)),#REF!,9,FALSE),IF(LEFT(C61,3)="SEG",VLOOKUP(VALUE(RIGHT(C61,3)),'SEG-COMP'!B:J,9,FALSE),IF(LEFT(C61,3)="CLI",VLOOKUP(VALUE(RIGHT(C61,3)),'CLI-COMP'!B:J,9,FALSE),IF(LEFT(C61,4)="IMPL",VLOOKUP(VALUE(RIGHT(C61,3)),'IMPL-COMP'!B:J,9,FALSE),IF(LEFT(C61,4)="SPDA",VLOOKUP(VALUE(RIGHT(C61,3)),'SPDA-COMP'!B:J,9,FALSE),IF(LEFT(C61,4)="SDAI",VLOOKUP(VALUE(RIGHT(C61,3)),'ADM-COMP'!B:J,9,FALSE),IF(LEFT(C61,5)="IMPER",VLOOKUP(VALUE(RIGHT(C61,3)),'IMPER-COMP'!B:J,9,FALSE),"")))))))))))))))) -> 936.49 | H61: =ROUND(F61*G61,2) -> 19900.41 | I61: =H61/$H$441 -> 0.0011635688
A62: 03.01.02 | B62: IOPES | C62: =40250 -> 40250 | D62: =IF(B62="IOPES",VLOOKUP(C62,'LABOR-SERVIÇOS'!A:H,5,FALSE),IF(B62="SINAPI",VLOOKUP(C62,'SINAPI-SERVIÇOS'!A:D,2,FALSE),IF(LEFT(C62,3)="ARQ",VLOOKUP(VALUE(RIGHT(C62,3)),'ARQ-COMP'!B:J,4,FALSE),IF(LEFT(C62,3)="SCI",VLOOKUP(VALUE(RIGHT(C62,3)),'GAS-COMP'!#REF!,4,FALSE),IF(LEFT(C62,3)="SCE",VLOOKUP(VALUE(RIGHT(C62,3)),'SCE-COMP'!B:J,4,FALSE),IF(LEFT(C62,3)="EST",VLOOKUP(VALUE(RIGHT(C62,3)),'EST-COMP'!B:J,4,FALSE),IF(LEFT(C62,3)="HID",VLOOKUP(VALUE(RIGHT(C62,3)),'HID-COMP'!B:J,4,FALSE),IF(LEFT(C62,3)="INC",VLOOKUP(VALUE(RIGHT(C62,3)),'INC-COMP'!B:J,4,FALSE),IF(LEFT(C62,3)="ELE",VLOOKUP(VALUE(RIGHT(C62,3)),#REF!,4,FALSE),IF(LEFT(C62,3)="CAB",VLOOKUP(VALUE(RIGHT(C62,3)),#REF!,4,FALSE),IF(LEFT(C62,3)="SEG",VLOOKUP(VALUE(RIGHT(C62,3)),'SEG-COMP'!B:J,4,FALSE),IF(LEFT(C62,3)="CLI",VLOOKUP(VALUE(RIGHT(C62,3)),'CLI-COMP'!B:J,4,FALSE),IF(LEFT(C62,4)="IMPL",VLOOKUP(VALUE(RIGHT(C62,3)),'IMPL-COMP'!B:J,4,FALSE),IF(LEFT(C62,4)="SPDA",VLOOKUP(VALUE(RIGHT(C62,3)),'SPDA-COMP'!B:J,4,FALSE),IF(LEFT(C62,4)="SDAI",VLOOKUP(VALUE(RIGHT(C62,3)),'ADM-COMP'!B:J,4,FALSE),IF(LEFT(C62,5)="IMPER",VLOOKUP(VALUE(RIGHT(C62,3)),'IMPER-COMP'!B:J,4,FALSE),"")))))))))))))))) -> FÔRMA DE TÁBUA DE MADEIRA DE 2.5X30.0CM, LEVANDO-SE EM CONTA UTILIZAÇÃO 3 VEZES (INCLUINDO O MATERIAL, CORTE, MONTAGEM, ESCORAMENTO E DESFORMA) | E62: =IF(B62="IOPES",VLOOKUP(C62,'LABOR-SERVIÇOS'!A:H,6,FALSE),IF(B62="SINAPI",VLOOKUP(C62,'SINAPI-SERVIÇOS'!A:D,3,FALSE),IF(LEFT(C62,3)="ARQ",VLOOKUP(VALUE(RIGHT(C62,3)),'ARQ-COMP'!B:J,5,FALSE),IF(LEFT(C62,3)="SCI",VLOOKUP(VALUE(RIGHT(C62,3)),'GAS-COMP'!#REF!,5,FALSE),IF(LEFT(C62,3)="SCE",VLOOKUP(VALUE(RIGHT(C62,3)),'SCE-COMP'!B:J,5,FALSE),IF(LEFT(C62,3)="EST",VLOOKUP(VALUE(RIGHT(C62,3)),'EST-COMP'!B:J,5,FALSE),IF(LEFT(C62,3)="HID",VLOOKUP(VALUE(RIGHT(C62,3)),'HID-COMP'!B:J,5,FALSE),IF(LEFT(C62,3)="INC",VLOOKUP(VALUE(RIGHT(C62,3)),'INC-COMP'!B:J,5,FALSE),IF(LEFT(C62,3)="ELE",VLOOKUP(VALUE(RIGHT(C62,3)),#REF!,5,FALSE),IF(LEFT(C62,3)="CAB",VLOOKUP(VALUE(RIGHT(C62,3)),#REF!,5,FALSE),IF(LEFT(C62,3)="SEG",VLOOKUP(VALUE(RIGHT(C62,3)),'SEG-COMP'!B:J,5,FALSE),IF(LEFT(C62,3)="CLI",VLOOKUP(VALUE(RIGHT(C62,3)),'CLI-COMP'!B:J,5,FALSE),IF(LEFT(C62,4)="IMPL",VLOOKUP(VALUE(RIGHT(C62,3)),'IMPL-COMP'!B:J,5,FALSE),IF(LEFT(C62,4)="SPDA",VLOOKUP(VALUE(RIGHT(C62,3)),'SPDA-COMP'!B:J,5,FALSE),IF(LEFT(C62,4)="SDAI",VLOOKUP(VALUE(RIGHT(C62,3)),'ADM-COMP'!B:J,5,FALSE),IF(LEFT(C62,5)="IMPER",VLOOKUP(VALUE(RIGHT(C62,3)),'IMPER-COMP'!B:J,5,FALSE),"")))))))))))))))) -> M2 | F62: =ROUND(VLOOKUP(A62,'MEM-LEVANT'!A62:I2649,9,FALSE),2) -> 1142.28 | G62: =IF(B62="IOPES",VLOOKUP(C62,'LABOR-SERVIÇOS'!A:H,7,FALSE),IF(B62="SINAPI",VLOOKUP(C62,'SINAPI-SERVIÇOS'!A:H,8,FALSE),IF(LEFT(C62,3)="ARQ",VLOOKUP(VALUE(RIGHT(C62,3)),'ARQ-COMP'!B:J,9,FALSE),IF(LEFT(C62,3)="SCI",VLOOKUP(VALUE(RIGHT(C62,3)),'GAS-COMP'!#REF!,9,FALSE),IF(LEFT(C62,3)="SCE",VLOOKUP(VALUE(RIGHT(C62,3)),'SCE-COMP'!B:J,9,FALSE),IF(LEFT(C62,3)="EST",VLOOKUP(VALUE(RIGHT(C62,3)),'EST-COMP'!B:J,9,FALSE),IF(LEFT(C62,3)="HID",VLOOKUP(VALUE(RIGHT(C62,3)),'HID-COMP'!B:J,9,FALSE),IF(LEFT(C62,3)="INC",VLOOKUP(VALUE(RIGHT(C62,3)),'INC-COMP'!B:J,9,FALSE),IF(LEFT(C62,3)="ELE",VLOOKUP(VALUE(RIGHT(C62,3)),#REF!,9,FALSE),IF(LEFT(C62,3)="CAB",VLOOKUP(VALUE(RIGHT(C62,3)),#REF!,9,FALSE),IF(LEFT(C62,3)="SEG",VLOOKUP(VALUE(RIGHT(C62,3)),'SEG-COMP'!B:J,9,FALSE),IF(LEFT(C62,3)="CLI",VLOOKUP(VALUE(RIGHT(C62,3)),'CLI-COMP'!B:J,9,FALSE),IF(LEFT(C62,4)="IMPL",VLOOKUP(VALUE(RIGHT(C62,3)),'IMPL-COMP'!B:J,9,FALSE),IF(LEFT(C62,4)="SPDA",VLOOKUP(VALUE(RIGHT(C62,3)),'SPDA-COMP'!B:J,9,FALSE),IF(LEFT(C62,4)="SDAI",VLOOKUP(VALUE(RIGHT(C62,3)),'ADM-COMP'!B:J,9,FALSE),IF(LEFT(C62,5)="IMPER",VLOOKUP(VALUE(RIGHT(C62,3)),'IMPER-COMP'!B:J,9,FALSE),"")))))))))))))))) -> 134.06 | H62: =ROUND(F62*G62,2) -> 153134.06 | I62: =H62/$H$441 -> 0.0089536856
A63: 03.01.03 | B63: IOPES | C63: 40253 | D63: =IF(B63="IOPES",VLOOKUP(C63,'LABOR-SERVIÇOS'!A:H,5,FALSE),IF(B63="SINAPI",VLOOKUP(C63,'SINAPI-SERVIÇOS'!A:D,2,FALSE),IF(LEFT(C63,3)="ARQ",VLOOKUP(VALUE(RIGHT(C63,3)),'ARQ-COMP'!B:J,4,FALSE),IF(LEFT(C63,3)="SCI",VLOOKUP(VALUE(RIGHT(C63,3)),'GAS-COMP'!#REF!,4,FALSE),IF(LEFT(C63,3)="SCE",VLOOKUP(VALUE(RIGHT(C63,3)),'SCE-COMP'!B:J,4,FALSE),IF(LEFT(C63,3)="EST",VLOOKUP(VALUE(RIGHT(C63,3)),'EST-COMP'!B:J,4,FALSE),IF(LEFT(C63,3)="HID",VLOOKUP(VALUE(RIGHT(C63,3)),'HID-COMP'!B:J,4,FALSE),IF(LEFT(C63,3)="INC",VLOOKUP(VALUE(RIGHT(C63,3)),'INC-COMP'!B:J,4,FALSE),IF(LEFT(C63,3)="ELE",VLOOKUP(VALUE(RIGHT(C63,3)),#REF!,4,FALSE),IF(LEFT(C63,3)="CAB",VLOOKUP(VALUE(RIGHT(C63,3)),#REF!,4,FALSE),IF(LEFT(C63,3)="SEG",VLOOKUP(VALUE(RIGHT(C63,3)),'SEG-COMP'!B:J,4,FALSE),IF(LEFT(C63,3)="CLI",VLOOKUP(VALUE(RIGHT(C63,3)),'CLI-COMP'!B:J,4,FALSE),IF(LEFT(C63,4)="IMPL",VLOOKUP(VALUE(RIGHT(C63,3)),'IMPL-COMP'!B:J,4,FALSE),IF(LEFT(C63,4)="SPDA",VLOOKUP(VALUE(RIGHT(C63,3)),'SPDA-COMP'!B:J,4,FALSE),IF(LEFT(C63,4)="SDAI",VLOOKUP(VALUE(RIGHT(C63,3)),'ADM-COMP'!B:J,4,FALSE),IF(LEFT(C63,5)="IMPER",VLOOKUP(VALUE(RIGHT(C63,3)),'IMPER-COMP'!B:J,4,FALSE),"")))))))))))))))) -> FORNECIMENTO E APLICAÇÃO DE CONCRETO USINADO FCK=30 MPA - CONSIDERANDO LANÇAMENTO MANUAL PARA INFRA-ESTRUTURA (5% DE PERDAS JÁ INCLUÍDO NO CUSTO) | E63: =IF(B63="IOPES",VLOOKUP(C63,'LABOR-SERVIÇOS'!A:H,6,FALSE),IF(B63="SINAPI",VLOOKUP(C63,'SINAPI-SERVIÇOS'!A:D,3,FALSE),IF(LEFT(C63,3)="ARQ",VLOOKUP(VALUE(RIGHT(C63,3)),'ARQ-COMP'!B:J,5,FALSE),IF(LEFT(C63,3)="SCI",VLOOKUP(VALUE(RIGHT(C63,3)),'GAS-COMP'!#REF!,5,FALSE),IF(LEFT(C63,3)="SCE",VLOOKUP(VALUE(RIGHT(C63,3)),'SCE-COMP'!B:J,5,FALSE),IF(LEFT(C63,3)="EST",VLOOKUP(VALUE(RIGHT(C63,3)),'EST-COMP'!B:J,5,FALSE),IF(LEFT(C63,3)="HID",VLOOKUP(VALUE(RIGHT(C63,3)),'HID-COMP'!B:J,5,FALSE),IF(LEFT(C63,3)="INC",VLOOKUP(VALUE(RIGHT(C63,3)),'INC-COMP'!B:J,5,FALSE),IF(LEFT(C63,3)="ELE",VLOOKUP(VALUE(RIGHT(C63,3)),#REF!,5,FALSE),IF(LEFT(C63,3)="CAB",VLOOKUP(VALUE(RIGHT(C63,3)),#REF!,5,FALSE),IF(LEFT(C63,3)="SEG",VLOOKUP(VALUE(RIGHT(C63,3)),'SEG-COMP'!B:J,5,FALSE),IF(LEFT(C63,3)="CLI",VLOOKUP(VALUE(RIGHT(C63,3)),'CLI-COMP'!B:J,5,FALSE),IF(LEFT(C63,4)="IMPL",VLOOKUP(VALUE(RIGHT(C63,3)),'IMPL-COMP'!B:J,5,FALSE),IF(LEFT(C63,4)="SPDA",VLOOKUP(VALUE(RIGHT(C63,3)),'SPDA-COMP'!B:J,5,FALSE),IF(LEFT(C63,4)="SDAI",VLOOKUP(VALUE(RIGHT(C63,3)),'ADM-COMP'!B:J,5,FALSE),IF(LEFT(C63,5)="IMPER",VLOOKUP(VALUE(RIGHT(C63,3)),'IMPER-COMP'!B:J,5,FALSE),"")))))))))))))))) -> M3 | F63: =ROUND(VLOOKUP(A63,'MEM-LEVANT'!A66:I2653,9,FALSE),2) -> 414.5 | G63: =IF(B63="IOPES",VLOOKUP(C63,'LABOR-SERVIÇOS'!A:H,7,FALSE),IF(B63="SINAPI",VLOOKUP(C63,'SINAPI-SERVIÇOS'!A:H,8,FALSE),IF(LEFT(C63,3)="ARQ",VLOOKUP(VALUE(RIGHT(C63,3)),'ARQ-COMP'!B:J,9,FALSE),IF(LEFT(C63,3)="SCI",VLOOKUP(VALUE(RIGHT(C63,3)),'GAS-COMP'!#REF!,9,FALSE),IF(LEFT(C63,3)="SCE",VLOOKUP(VALUE(RIGHT(C63,3)),'SCE-COMP'!B:J,9,FALSE),IF(LEFT(C63,3)="EST",VLOOKUP(VALUE(RIGHT(C63,3)),'EST-COMP'!B:J,9,FALSE),IF(LEFT(C63,3)="HID",VLOOKUP(VALUE(RIGHT(C63,3)),'HID-COMP'!B:J,9,FALSE),IF(LEFT(C63,3)="INC",VLOOKUP(VALUE(RIGHT(C63,3)),'INC-COMP'!B:J,9,FALSE),IF(LEFT(C63,3)="ELE",VLOOKUP(VALUE(RIGHT(C63,3)),#REF!,9,FALSE),IF(LEFT(C63,3)="CAB",VLOOKUP(VALUE(RIGHT(C63,3)),#REF!,9,FALSE),IF(LEFT(C63,3)="SEG",VLOOKUP(VALUE(RIGHT(C63,3)),'SEG-COMP'!B:J,9,FALSE),IF(LEFT(C63,3)="CLI",VLOOKUP(VALUE(RIGHT(C63,3)),'CLI-COMP'!B:J,9,FALSE),IF(LEFT(C63,4)="IMPL",VLOOKUP(VALUE(RIGHT(C63,3)),'IMPL-COMP'!B:J,9,FALSE),IF(LEFT(C63,4)="SPDA",VLOOKUP(VALUE(RIGHT(C63,3)),'SPDA-COMP'!B:J,9,FALSE),IF(LEFT(C63,4)="SDAI",VLOOKUP(VALUE(RIGHT(C63,3)),'ADM-COMP'!B:J,9,FALSE),IF(LEFT(C63,5)="IMPER",VLOOKUP(VALUE(RIGHT(C63,3)),'IMPER-COMP'!B:J,9,FALSE),"")))))))))))))))) -> 1006.02 | H63: =ROUND(F63*G63,2) -> 416995.29 | I63: =H63/$H$441 -> 0.024381543
A64: 03.01.04 | B64: IOPES | C64: =40243 -> 40243 | D64: =IF(B64="IOPES",VLOOKUP(C64,'LABOR-SERVIÇOS'!A:H,5,FALSE),IF(B64="SINAPI",VLOOKUP(C64,'SINAPI-SERVIÇOS'!A:D,2,FALSE),IF(LEFT(C64,3)="ARQ",VLOOKUP(VALUE(RIGHT(C64,3)),'ARQ-COMP'!B:J,4,FALSE),IF(LEFT(C64,3)="SCI",VLOOKUP(VALUE(RIGHT(C64,3)),'GAS-COMP'!#REF!,4,FALSE),IF(LEFT(C64,3)="SCE",VLOOKUP(VALUE(RIGHT(C64,3)),'SCE-COMP'!B:J,4,FALSE),IF(LEFT(C64,3)="EST",VLOOKUP(VALUE(RIGHT(C64,3)),'EST-COMP'!B:J,4,FALSE),IF(LEFT(C64,3)="HID",VLOOKUP(VALUE(RIGHT(C64,3)),'HID-COMP'!B:J,4,FALSE),IF(LEFT(C64,3)="INC",VLOOKUP(VALUE(RIGHT(C64,3)),'INC-COMP'!B:J,4,FALSE),IF(LEFT(C64,3)="ELE",VLOOKUP(VALUE(RIGHT(C64,3)),#REF!,4,FALSE),IF(LEFT(C64,3)="CAB",VLOOKUP(VALUE(RIGHT(C64,3)),#REF!,4,FALSE),IF(LEFT(C64,3)="SEG",VLOOKUP(VALUE(RIGHT(C64,3)),'SEG-COMP'!B:J,4,FALSE),IF(LEFT(C64,3)="CLI",VLOOKUP(VALUE(RIGHT(C64,3)),'CLI-COMP'!B:J,4,FALSE),IF(LEFT(C64,4)="IMPL",VLOOKUP(VALUE(RIGHT(C64,3)),'IMPL-COMP'!B:J,4,FALSE),IF(LEFT(C64,4)="SPDA",VLOOKUP(VALUE(RIGHT(C64,3)),'SPDA-COMP'!B:J,4,FALSE),IF(LEFT(C64,4)="SDAI",VLOOKUP(VALUE(RIGHT(C64,3)),'ADM-COMP'!B:J,4,FALSE),IF(LEFT(C64,5)="IMPER",VLOOKUP(VALUE(RIGHT(C64,3)),'IMPER-COMP'!B:J,4,FALSE),"")))))))))))))))) -> FORNECIMENTO, DOBRAGEM E COLOCAÇÃO EM FÔRMA, DE ARMADURA CA-50 A MÉDIA, DIÂMETRO DE 6.3 A 10.0 MM | E64: =IF(B64="IOPES",VLOOKUP(C64,'LABOR-SERVIÇOS'!A:H,6,FALSE),IF(B64="SINAPI",VLOOKUP(C64,'SINAPI-SERVIÇOS'!A:D,3,FALSE),IF(LEFT(C64,3)="ARQ",VLOOKUP(VALUE(RIGHT(C64,3)),'ARQ-COMP'!B:J,5,FALSE),IF(LEFT(C64,3)="SCI",VLOOKUP(VALUE(RIGHT(C64,3)),'GAS-COMP'!#REF!,5,FALSE),IF(LEFT(C64,3)="SCE",VLOOKUP(VALUE(RIGHT(C64,3)),'SCE-COMP'!B:J,5,FALSE),IF(LEFT(C64,3)="EST",VLOOKUP(VALUE(RIGHT(C64,3)),'EST-COMP'!B:J,5,FALSE),IF(LEFT(C64,3)="HID",VLOOKUP(VALUE(RIGHT(C64,3)),'HID-COMP'!B:J,5,FALSE),IF(LEFT(C64,3)="INC",VLOOKUP(VALUE(RIGHT(C64,3)),'INC-COMP'!B:J,5,FALSE),IF(LEFT(C64,3)="ELE",VLOOKUP(VALUE(RIGHT(C64,3)),#REF!,5,FALSE),IF(LEFT(C64,3)="CAB",VLOOKUP(VALUE(RIGHT(C64,3)),#REF!,5,FALSE),IF(LEFT(C64,3)="SEG",VLOOKUP(VALUE(RIGHT(C64,3)),'SEG-COMP'!B:J,5,FALSE),IF(LEFT(C64,3)="CLI",VLOOKUP(VALUE(RIGHT(C64,3)),'CLI-COMP'!B:J,5,FALSE),IF(LEFT(C64,4)="IMPL",VLOOKUP(VALUE(RIGHT(C64,3)),'IMPL-COMP'!B:J,5,FALSE),IF(LEFT(C64,4)="SPDA",VLOOKUP(VALUE(RIGHT(C64,3)),'SPDA-COMP'!B:J,5,FALSE),IF(LEFT(C64,4)="SDAI",VLOOKUP(VALUE(RIGHT(C64,3)),'ADM-COMP'!B:J,5,FALSE),IF(LEFT(C64,5)="IMPER",VLOOKUP(VALUE(RIGHT(C64,3)),'IMPER-COMP'!B:J,5,FALSE),"")))))))))))))))) -> KG | F64: =ROUND(VLOOKUP(A64,'MEM-LEVANT'!A64:I2651,9,FALSE),2) -> 1913.58 | G64: =IF(B64="IOPES",VLOOKUP(C64,'LABOR-SERVIÇOS'!A:H,7,FALSE),IF(B64="SINAPI",VLOOKUP(C64,'SINAPI-SERVIÇOS'!A:H,8,FALSE),IF(LEFT(C64,3)="ARQ",VLOOKUP(VALUE(RIGHT(C64,3)),'ARQ-COMP'!B:J,9,FALSE),IF(LEFT(C64,3)="SCI",VLOOKUP(VALUE(RIGHT(C64,3)),'GAS-COMP'!#REF!,9,FALSE),IF(LEFT(C64,3)="SCE",VLOOKUP(VALUE(RIGHT(C64,3)),'SCE-COMP'!B:J,9,FALSE),IF(LEFT(C64,3)="EST",VLOOKUP(VALUE(RIGHT(C64,3)),'EST-COMP'!B:J,9,FALSE),IF(LEFT(C64,3)="HID",VLOOKUP(VALUE(RIGHT(C64,3)),'HID-COMP'!B:J,9,FALSE),IF(LEFT(C64,3)="INC",VLOOKUP(VALUE(RIGHT(C64,3)),'INC-COMP'!B:J,9,FALSE),IF(LEFT(C64,3)="ELE",VLOOKUP(VALUE(RIGHT(C64,3)),#REF!,9,FALSE),IF(LEFT(C64,3)="CAB",VLOOKUP(VALUE(RIGHT(C64,3)),#REF!,9,FALSE),IF(LEFT(C64,3)="SEG",VLOOKUP(VALUE(RIGHT(C64,3)),'SEG-COMP'!B:J,9,FALSE),IF(LEFT(C64,3)="CLI",VLOOKUP(VALUE(RIGHT(C64,3)),'CLI-COMP'!B:J,9,FALSE),IF(LEFT(C64,4)="IMPL",VLOOKUP(VALUE(RIGHT(C64,3)),'IMPL-COMP'!B:J,9,FALSE),IF(LEFT(C64,4)="SPDA",VLOOKUP(VALUE(RIGHT(C64,3)),'SPDA-COMP'!B:J,9,FALSE),IF(LEFT(C64,4)="SDAI",VLOOKUP(VALUE(RIGHT(C64,3)),'ADM-COMP'!B:J,9,FALSE),IF(LEFT(C64,5)="IMPER",VLOOKUP(VALUE(RIGHT(C64,3)),'IMPER-COMP'!B:J,9,FALSE),"")))))))))))))))) -> 15.42 | H64: =ROUND(F64*G64,2) -> 29507.4 | I64: =H64/$H$441 -> 0.0017252856
A65: 03.01.05 | B65: IOPES | C65: =40245 -> 40245 | D65: =IF(B65="IOPES",VLOOKUP(C65,'LABOR-SERVIÇOS'!A:H,5,FALSE),IF(B65="SINAPI",VLOOKUP(C65,'SINAPI-SERVIÇOS'!A:D,2,FALSE),IF(LEFT(C65,3)="ARQ",VLOOKUP(VALUE(RIGHT(C65,3)),'ARQ-COMP'!B:J,4,FALSE),IF(LEFT(C65,3)="SCI",VLOOKUP(VALUE(RIGHT(C65,3)),'GAS-COMP'!#REF!,4,FALSE),IF(LEFT(C65,3)="SCE",VLOOKUP(VALUE(RIGHT(C65,3)),'SCE-COMP'!B:J,4,FALSE),IF(LEFT(C65,3)="EST",VLOOKUP(VALUE(RIGHT(C65,3)),'EST-COMP'!B:J,4,FALSE),IF(LEFT(C65,3)="HID",VLOOKUP(VALUE(RIGHT(C65,3)),'HID-COMP'!B:J,4,FALSE),IF(LEFT(C65,3)="INC",VLOOKUP(VALUE(RIGHT(C65,3)),'INC-COMP'!B:J,4,FALSE),IF(LEFT(C65,3)="ELE",VLOOKUP(VALUE(RIGHT(C65,3)),#REF!,4,FALSE),IF(LEFT(C65,3)="CAB",VLOOKUP(VALUE(RIGHT(C65,3)),#REF!,4,FALSE),IF(LEFT(C65,3)="SEG",VLOOKUP(VALUE(RIGHT(C65,3)),'SEG-COMP'!B:J,4,FALSE),IF(LEFT(C65,3)="CLI",VLOOKUP(VALUE(RIGHT(C65,3)),'CLI-COMP'!B:J,4,FALSE),IF(LEFT(C65,4)="IMPL",VLOOKUP(VALUE(RIGHT(C65,3)),'IMPL-COMP'!B:J,4,FALSE),IF(LEFT(C65,4)="SPDA",VLOOKUP(VALUE(RIGHT(C65,3)),'SPDA-COMP'!B:J,4,FALSE),IF(LEFT(C65,4)="SDAI",VLOOKUP(VALUE(RIGHT(C65,3)),'ADM-COMP'!B:J,4,FALSE),IF(LEFT(C65,5)="IMPER",VLOOKUP(VALUE(RIGHT(C65,3)),'IMPER-COMP'!B:J,4,FALSE),"")))))))))))))))) -> FORNECIMENTO, DOBRAGEM E COLOCAÇÃO EM FÔRMA, DE ARMADURA CA-50 A GROSSA DIÂMETRO DE 12.5 A 25.0 MM (1/2 A 1") | E65: =IF(B65="IOPES",VLOOKUP(C65,'LABOR-SERVIÇOS'!A:H,6,FALSE),IF(B65="SINAPI",VLOOKUP(C65,'SINAPI-SERVIÇOS'!A:D,3,FALSE),IF(LEFT(C65,3)="ARQ",VLOOKUP(VALUE(RIGHT(C65,3)),'ARQ-COMP'!B:J,5,FALSE),IF(LEFT(C65,3)="SCI",VLOOKUP(VALUE(RIGHT(C65,3)),'GAS-COMP'!#REF!,5,FALSE),IF(LEFT(C65,3)="SCE",VLOOKUP(VALUE(RIGHT(C65,3)),'SCE-COMP'!B:J,5,FALSE),IF(LEFT(C65,3)="EST",VLOOKUP(VALUE(RIGHT(C65,3)),'EST-COMP'!B:J,5,FALSE),IF(LEFT(C65,3)="HID",VLOOKUP(VALUE(RIGHT(C65,3)),'HID-COMP'!B:J,5,FALSE),IF(LEFT(C65,3)="INC",VLOOKUP(VALUE(RIGHT(C65,3)),'INC-COMP'!B:J,5,FALSE),IF(LEFT(C65,3)="ELE",VLOOKUP(VALUE(RIGHT(C65,3)),#REF!,5,FALSE),IF(LEFT(C65,3)="CAB",VLOOKUP(VALUE(RIGHT(C65,3)),#REF!,5,FALSE),IF(LEFT(C65,3)="SEG",VLOOKUP(VALUE(RIGHT(C65,3)),'SEG-COMP'!B:J,5,FALSE),IF(LEFT(C65,3)="CLI",VLOOKUP(VALUE(RIGHT(C65,3)),'CLI-COMP'!B:J,5,FALSE),IF(LEFT(C65,4)="IMPL",VLOOKUP(VALUE(RIGHT(C65,3)),'IMPL-COMP'!B:J,5,FALSE),IF(LEFT(C65,4)="SPDA",VLOOKUP(VALUE(RIGHT(C65,3)),'SPDA-COMP'!B:J,5,FALSE),IF(LEFT(C65,4)="SDAI",VLOOKUP(VALUE(RIGHT(C65,3)),'ADM-COMP'!B:J,5,FALSE),IF(LEFT(C65,5)="IMPER",VLOOKUP(VALUE(RIGHT(C65,3)),'IMPER-COMP'!B:J,5,FALSE),"")))))))))))))))) -> KG | F65: =ROUND(VLOOKUP(A65,'MEM-LEVANT'!A65:I2652,9,FALSE),2) -> 14513.22 | G65: =IF(B65="IOPES",VLOOKUP(C65,'LABOR-SERVIÇOS'!A:H,7,FALSE),IF(B65="SINAPI",VLOOKUP(C65,'SINAPI-SERVIÇOS'!A:H,8,FALSE),IF(LEFT(C65,3)="ARQ",VLOOKUP(VALUE(RIGHT(C65,3)),'ARQ-COMP'!B:J,9,FALSE),IF(LEFT(C65,3)="SCI",VLOOKUP(VALUE(RIGHT(C65,3)),'GAS-COMP'!#REF!,9,FALSE),IF(LEFT(C65,3)="SCE",VLOOKUP(VALUE(RIGHT(C65,3)),'SCE-COMP'!B:J,9,FALSE),IF(LEFT(C65,3)="EST",VLOOKUP(VALUE(RIGHT(C65,3)),'EST-COMP'!B:J,9,FALSE),IF(LEFT(C65,3)="HID",VLOOKUP(VALUE(RIGHT(C65,3)),'HID-COMP'!B:J,9,FALSE),IF(LEFT(C65,3)="INC",VLOOKUP(VALUE(RIGHT(C65,3)),'INC-COMP'!B:J,9,FALSE),IF(LEFT(C65,3)="ELE",VLOOKUP(VALUE(RIGHT(C65,3)),#REF!,9,FALSE),IF(LEFT(C65,3)="CAB",VLOOKUP(VALUE(RIGHT(C65,3)),#REF!,9,FALSE),IF(LEFT(C65,3)="SEG",VLOOKUP(VALUE(RIGHT(C65,3)),'SEG-COMP'!B:J,9,FALSE),IF(LEFT(C65,3)="CLI",VLOOKUP(VALUE(RIGHT(C65,3)),'CLI-COMP'!B:J,9,FALSE),IF(LEFT(C65,4)="IMPL",VLOOKUP(VALUE(RIGHT(C65,3)),'IMPL-COMP'!B:J,9,FALSE),IF(LEFT(C65,4)="SPDA",VLOOKUP(VALUE(RIGHT(C65,3)),'SPDA-COMP'!B:J,9,FALSE),IF(LEFT(C65,4)="SDAI",VLOOKUP(VALUE(RIGHT(C65,3)),'ADM-COMP'!B:J,9,FALSE),IF(LEFT(C65,5)="IMPER",VLOOKUP(VALUE(RIGHT(C65,3)),'IMPER-COMP'!B:J,9,FALSE),"")))))))))))))))) -> 16.44 | H65: =ROUND(F65*G65,2) -> 238597.34 | I65: =H65/$H$441 -> 0.013950689
A66: 03.01.06 | B66: IOPES | C66: =40246 -> 40246 | D66: =IF(B66="IOPES",VLOOKUP(C66,'LABOR-SERVIÇOS'!A:H,5,FALSE),IF(B66="SINAPI",VLOOKUP(C66,'SINAPI-SERVIÇOS'!A:D,2,FALSE),IF(LEFT(C66,3)="ARQ",VLOOKUP(VALUE(RIGHT(C66,3)),'ARQ-COMP'!B:J,4,FALSE),IF(LEFT(C66,3)="SCI",VLOOKUP(VALUE(RIGHT(C66,3)),'GAS-COMP'!#REF!,4,FALSE),IF(LEFT(C66,3)="SCE",VLOOKUP(VALUE(RIGHT(C66,3)),'SCE-COMP'!B:J,4,FALSE),IF(LEFT(C66,3)="EST",VLOOKUP(VALUE(RIGHT(C66,3)),'EST-COMP'!B:J,4,FALSE),IF(LEFT(C66,3)="HID",VLOOKUP(VALUE(RIGHT(C66,3)),'HID-COMP'!B:J,4,FALSE),IF(LEFT(C66,3)="INC",VLOOKUP(VALUE(RIGHT(C66,3)),'INC-COMP'!B:J,4,FALSE),IF(LEFT(C66,3)="ELE",VLOOKUP(VALUE(RIGHT(C66,3)),#REF!,4,FALSE),IF(LEFT(C66,3)="CAB",VLOOKUP(VALUE(RIGHT(C66,3)),#REF!,4,FALSE),IF(LEFT(C66,3)="SEG",VLOOKUP(VALUE(RIGHT(C66,3)),'SEG-COMP'!B:J,4,FALSE),IF(LEFT(C66,3)="CLI",VLOOKUP(VALUE(RIGHT(C66,3)),'CLI-COMP'!B:J,4,FALSE),IF(LEFT(C66,4)="IMPL",VLOOKUP(VALUE(RIGHT(C66,3)),'IMPL-COMP'!B:J,4,FALSE),IF(LEFT(C66,4)="SPDA",VLOOKUP(VALUE(RIGHT(C66,3)),'SPDA-COMP'!B:J,4,FALSE),IF(LEFT(C66,4)="SDAI",VLOOKUP(VALUE(RIGHT(C66,3)),'ADM-COMP'!B:J,4,FALSE),IF(LEFT(C66,5)="IMPER",VLOOKUP(VALUE(RIGHT(C66,3)),'IMPER-COMP'!B:J,4,FALSE),"")))))))))))))))) -> FORNECIMENTO, DOBRAGEM E COLOCAÇÃO EM FÔRMA, DE ARMADURA CA-60 B FINA, DIÂMETRO DE 4.0 A 7.0MM | E66: =IF(B66="IOPES",VLOOKUP(C66,'LABOR-SERVIÇOS'!A:H,6,FALSE),IF(B66="SINAPI",VLOOKUP(C66,'SINAPI-SERVIÇOS'!A:D,3,FALSE),IF(LEFT(C66,3)="ARQ",VLOOKUP(VALUE(RIGHT(C66,3)),'ARQ-COMP'!B:J,5,FALSE),IF(LEFT(C66,3)="SCI",VLOOKUP(VALUE(RIGHT(C66,3)),'GAS-COMP'!#REF!,5,FALSE),IF(LEFT(C66,3)="SCE",VLOOKUP(VALUE(RIGHT(C66,3)),'SCE-COMP'!B:J,5,FALSE),IF(LEFT(C66,3)="EST",VLOOKUP(VALUE(RIGHT(C66,3)),'EST-COMP'!B:J,5,FALSE),IF(LEFT(C66,3)="HID",VLOOKUP(VALUE(RIGHT(C66,3)),'HID-COMP'!B:J,5,FALSE),IF(LEFT(C66,3)="INC",VLOOKUP(VALUE(RIGHT(C66,3)),'INC-COMP'!B:J,5,FALSE),IF(LEFT(C66,3)="ELE",VLOOKUP(VALUE(RIGHT(C66,3)),#REF!,5,FALSE),IF(LEFT(C66,3)="CAB",VLOOKUP(VALUE(RIGHT(C66,3)),#REF!,5,FALSE),IF(LEFT(C66,3)="SEG",VLOOKUP(VALUE(RIGHT(C66,3)),'SEG-COMP'!B:J,5,FALSE),IF(LEFT(C66,3)="CLI",VLOOKUP(VALUE(RIGHT(C66,3)),'CLI-COMP'!B:J,5,FALSE),IF(LEFT(C66,4)="IMPL",VLOOKUP(VALUE(RIGHT(C66,3)),'IMPL-COMP'!B:J,5,FALSE),IF(LEFT(C66,4)="SPDA",VLOOKUP(VALUE(RIGHT(C66,3)),'SPDA-COMP'!B:J,5,FALSE),IF(LEFT(C66,4)="SDAI",VLOOKUP(VALUE(RIGHT(C66,3)),'ADM-COMP'!B:J,5,FALSE),IF(LEFT(C66,5)="IMPER",VLOOKUP(VALUE(RIGHT(C66,3)),'IMPER-COMP'!B:J,5,FALSE),"")))))))))))))))) -> KG | F66: =ROUND(VLOOKUP(A66,'MEM-LEVANT'!A66:I2653,9,FALSE),2) -> 1472.4 | G66: =IF(B66="IOPES",VLOOKUP(C66,'LABOR-SERVIÇOS'!A:H,7,FALSE),IF(B66="SINAPI",VLOOKUP(C66,'SINAPI-SERVIÇOS'!A:H,8,FALSE),IF(LEFT(C66,3)="ARQ",VLOOKUP(VALUE(RIGHT(C66,3)),'ARQ-COMP'!B:J,9,FALSE),IF(LEFT(C66,3)="SCI",VLOOKUP(VALUE(RIGHT(C66,3)),'GAS-COMP'!#REF!,9,FALSE),IF(LEFT(C66,3)="SCE",VLOOKUP(VALUE(RIGHT(C66,3)),'SCE-COMP'!B:J,9,FALSE),IF(LEFT(C66,3)="EST",VLOOKUP(VALUE(RIGHT(C66,3)),'EST-COMP'!B:J,9,FALSE),IF(LEFT(C66,3)="HID",VLOOKUP(VALUE(RIGHT(C66,3)),'HID-COMP'!B:J,9,FALSE),IF(LEFT(C66,3)="INC",VLOOKUP(VALUE(RIGHT(C66,3)),'INC-COMP'!B:J,9,FALSE),IF(LEFT(C66,3)="ELE",VLOOKUP(VALUE(RIGHT(C66,3)),#REF!,9,FALSE),IF(LEFT(C66,3)="CAB",VLOOKUP(VALUE(RIGHT(C66,3)),#REF!,9,FALSE),IF(LEFT(C66,3)="SEG",VLOOKUP(VALUE(RIGHT(C66,3)),'SEG-COMP'!B:J,9,FALSE),IF(LEFT(C66,3)="CLI",VLOOKUP(VALUE(RIGHT(C66,3)),'CLI-COMP'!B:J,9,FALSE),IF(LEFT(C66,4)="IMPL",VLOOKUP(VALUE(RIGHT(C66,3)),'IMPL-COMP'!B:J,9,FALSE),IF(LEFT(C66,4)="SPDA",VLOOKUP(VALUE(RIGHT(C66,3)),'SPDA-COMP'!B:J,9,FALSE),IF(LEFT(C66,4)="SDAI",VLOOKUP(VALUE(RIGHT(C66,3)),'ADM-COMP'!B:J,9,FALSE),IF(LEFT(C66,5)="IMPER",VLOOKUP(VALUE(RIGHT(C66,3)),'IMPER-COMP'!B:J,9,FALSE),"")))))))))))))))) -> 16.36 | H66: =ROUND(F66*G66,2) -> 24088.46 | I66: =H66/$H$441 -> 0.0014084424
A67: 03.02 | D67: SUPER-ESTRUTURA
A68: 03.02.01 | B68: IOPES | C68: =40328 -> 40328 | D68: =IF(B68="IOPES",VLOOKUP(C68,'LABOR-SERVIÇOS'!A:H,5,FALSE),IF(B68="SINAPI",VLOOKUP(C68,'SINAPI-SERVIÇOS'!A:D,2,FALSE),IF(LEFT(C68,3)="ARQ",VLOOKUP(VALUE(RIGHT(C68,3)),'ARQ-COMP'!B:J,4,FALSE),IF(LEFT(C68,3)="SCI",VLOOKUP(VALUE(RIGHT(C68,3)),'GAS-COMP'!#REF!,4,FALSE),IF(LEFT(C68,3)="SCE",VLOOKUP(VALUE(RIGHT(C68,3)),'SCE-COMP'!B:J,4,FALSE),IF(LEFT(C68,3)="EST",VLOOKUP(VALUE(RIGHT(C68,3)),'EST-COMP'!B:J,4,FALSE),IF(LEFT(C68,3)="HID",VLOOKUP(VALUE(RIGHT(C68,3)),'HID-COMP'!B:J,4,FALSE),IF(LEFT(C68,3)="INC",VLOOKUP(VALUE(RIGHT(C68,3)),'INC-COMP'!B:J,4,FALSE),IF(LEFT(C68,3)="ELE",VLOOKUP(VALUE(RIGHT(C68,3)),#REF!,4,FALSE),IF(LEFT(C68,3)="CAB",VLOOKUP(VALUE(RIGHT(C68,3)),#REF!,4,FALSE),IF(LEFT(C68,3)="SEG",VLOOKUP(VALUE(RIGHT(C68,3)),'SEG-COMP'!B:J,4,FALSE),IF(LEFT(C68,3)="CLI",VLOOKUP(VALUE(RIGHT(C68,3)),'CLI-COMP'!B:J,4,FALSE),IF(LEFT(C68,4)="IMPL",VLOOKUP(VALUE(RIGHT(C68,3)),'IMPL-COMP'!B:J,4,FALSE),IF(LEFT(C68,4)="SPDA",VLOOKUP(VALUE(RIGHT(C68,3)),'SPDA-COMP'!B:J,4,FALSE),IF(LEFT(C68,4)="SDAI",VLOOKUP(VALUE(RIGHT(C68,3)),'ADM-COMP'!B:J,4,FALSE),IF(LEFT(C68,5)="IMPER",VLOOKUP(VALUE(RIGHT(C68,3)),'IMPER-COMP'!B:J,4,FALSE),"")))))))))))))))) -> FORNECIMENTO, DOBRAGEM E COLOCAÇÃO EM FÔRMA, DE ARMADURA CA-50 A MÉDIA, DIÂMETRO DE 6.3 A 10.0 MM | E68: =IF(B68="IOPES",VLOOKUP(C68,'LABOR-SERVIÇOS'!A:H,6,FALSE),IF(B68="SINAPI",VLOOKUP(C68,'SINAPI-SERVIÇOS'!A:D,3,FALSE),IF(LEFT(C68,3)="ARQ",VLOOKUP(VALUE(RIGHT(C68,3)),'ARQ-COMP'!B:J,5,FALSE),IF(LEFT(C68,3)="SCI",VLOOKUP(VALUE(RIGHT(C68,3)),'GAS-COMP'!#REF!,5,FALSE),IF(LEFT(C68,3)="SCE",VLOOKUP(VALUE(RIGHT(C68,3)),'SCE-COMP'!B:J,5,FALSE),IF(LEFT(C68,3)="EST",VLOOKUP(VALUE(RIGHT(C68,3)),'EST-COMP'!B:J,5,FALSE),IF(LEFT(C68,3)="HID",VLOOKUP(VALUE(RIGHT(C68,3)),'HID-COMP'!B:J,5,FALSE),IF(LEFT(C68,3)="INC",VLOOKUP(VALUE(RIGHT(C68,3)),'INC-COMP'!B:J,5,FALSE),IF(LEFT(C68,3)="ELE",VLOOKUP(VALUE(RIGHT(C68,3)),#REF!,5,FALSE),IF(LEFT(C68,3)="CAB",VLOOKUP(VALUE(RIGHT(C68,3)),#REF!,5,FALSE),IF(LEFT(C68,3)="SEG",VLOOKUP(VALUE(RIGHT(C68,3)),'SEG-COMP'!B:J,5,FALSE),IF(LEFT(C68,3)="CLI",VLOOKUP(VALUE(RIGHT(C68,3)),'CLI-COMP'!B:J,5,FALSE),IF(LEFT(C68,4)="IMPL",VLOOKUP(VALUE(RIGHT(C68,3)),'IMPL-COMP'!B:J,5,FALSE),IF(LEFT(C68,4)="SPDA",VLOOKUP(VALUE(RIGHT(C68,3)),'SPDA-COMP'!B:J,5,FALSE),IF(LEFT(C68,4)="SDAI",VLOOKUP(VALUE(RIGHT(C68,3)),'ADM-COMP'!B:J,5,FALSE),IF(LEFT(C68,5)="IMPER",VLOOKUP(VALUE(RIGHT(C68,3)),'IMPER-COMP'!B:J,5,FALSE),"")))))))))))))))) -> KG | F68: =ROUND(VLOOKUP(A68,'MEM-LEVANT'!A70:I2662,9,FALSE),2) -> 10533.6 | G68: =IF(B68="IOPES",VLOOKUP(C68,'LABOR-SERVIÇOS'!A:H,7,FALSE),IF(B68="SINAPI",VLOOKUP(C68,'SINAPI-SERVIÇOS'!A:H,8,FALSE),IF(LEFT(C68,3)="ARQ",VLOOKUP(VALUE(RIGHT(C68,3)),'ARQ-COMP'!B:J,9,FALSE),IF(LEFT(C68,3)="SCI",VLOOKUP(VALUE(RIGHT(C68,3)),'GAS-COMP'!#REF!,9,FALSE),IF(LEFT(C68,3)="SCE",VLOOKUP(VALUE(RIGHT(C68,3)),'SCE-COMP'!B:J,9,FALSE),IF(LEFT(C68,3)="EST",VLOOKUP(VALUE(RIGHT(C68,3)),'EST-COMP'!B:J,9,FALSE),IF(LEFT(C68,3)="HID",VLOOKUP(VALUE(RIGHT(C68,3)),'HID-COMP'!B:J,9,FALSE),IF(LEFT(C68,3)="INC",VLOOKUP(VALUE(RIGHT(C68,3)),'INC-COMP'!B:J,9,FALSE),IF(LEFT(C68,3)="ELE",VLOOKUP(VALUE(RIGHT(C68,3)),#REF!,9,FALSE),IF(LEFT(C68,3)="CAB",VLOOKUP(VALUE(RIGHT(C68,3)),#REF!,9,FALSE),IF(LEFT(C68,3)="SEG",VLOOKUP(VALUE(RIGHT(C68,3)),'SEG-COMP'!B:J,9,FALSE),IF(LEFT(C68,3)="CLI",VLOOKUP(VALUE(RIGHT(C68,3)),'CLI-COMP'!B:J,9,FALSE),IF(LEFT(C68,4)="IMPL",VLOOKUP(VALUE(RIGHT(C68,3)),'IMPL-COMP'!B:J,9,FALSE),IF(LEFT(C68,4)="SPDA",VLOOKUP(VALUE(RIGHT(C68,3)),'SPDA-COMP'!B:J,9,FALSE),IF(LEFT(C68,4)="SDAI",VLOOKUP(VALUE(RIGHT(C68,3)),'ADM-COMP'!B:J,9,FALSE),IF(LEFT(C68,5)="IMPER",VLOOKUP(VALUE(RIGHT(C68,3)),'IMPER-COMP'!B:J,9,FALSE),"")))))))))))))))) -> 15.42 | H68: =ROUND(F68*G68,2) -> 162428.11 | I68: =H68/$H$441 -> 0.0094971049
A69: 03.02.02 | B69: IOPES | C69: =40331 -> 40331 | D69: =IF(B69="IOPES",VLOOKUP(C69,'LABOR-SERVIÇOS'!A:H,5,FALSE),IF(B69="SINAPI",VLOOKUP(C69,'SINAPI-SERVIÇOS'!A:D,2,FALSE),IF(LEFT(C69,3)="ARQ",VLOOKUP(VALUE(RIGHT(C69,3)),'ARQ-COMP'!B:J,4,FALSE),IF(LEFT(C69,3)="SCI",VLOOKUP(VALUE(RIGHT(C69,3)),'GAS-COMP'!#REF!,4,FALSE),IF(LEFT(C69,3)="SCE",VLOOKUP(VALUE(RIGHT(C69,3)),'SCE-COMP'!B:J,4,FALSE),IF(LEFT(C69,3)="EST",VLOOKUP(VALUE(RIGHT(C69,3)),'EST-COMP'!B:J,4,FALSE),IF(LEFT(C69,3)="HID",VLOOKUP(VALUE(RIGHT(C69,3)),'HID-COMP'!B:J,4,FALSE),IF(LEFT(C69,3)="INC",VLOOKUP(VALUE(RIGHT(C69,3)),'INC-COMP'!B:J,4,FALSE),IF(LEFT(C69,3)="ELE",VLOOKUP(VALUE(RIGHT(C69,3)),#REF!,4,FALSE),IF(LEFT(C69,3)="CAB",VLOOKUP(VALUE(RIGHT(C69,3)),#REF!,4,FALSE),IF(LEFT(C69,3)="SEG",VLOOKUP(VALUE(RIGHT(C69,3)),'SEG-COMP'!B:J,4,FALSE),IF(LEFT(C69,3)="CLI",VLOOKUP(VALUE(RIGHT(C69,3)),'CLI-COMP'!B:J,4,FALSE),IF(LEFT(C69,4)="IMPL",VLOOKUP(VALUE(RIGHT(C69,3)),'IMPL-COMP'!B:J,4,FALSE),IF(LEFT(C69,4)="SPDA",VLOOKUP(VALUE(RIGHT(C69,3)),'SPDA-COMP'!B:J,4,FALSE),IF(LEFT(C69,4)="SDAI",VLOOKUP(VALUE(RIGHT(C69,3)),'ADM-COMP'!B:J,4,FALSE),IF(LEFT(C69,5)="IMPER",VLOOKUP(VALUE(RIGHT(C69,3)),'IMPER-COMP'!B:J,4,FALSE),"")))))))))))))))) -> FORNECIMENTO E APLICAÇÃO DE CONCRETO USINADO FCK=30 MPA - CONSIDERANDO BOMBEAMENTO (5% DE PERDAS JÁ INCLUÍDO NO CUSTO) (6% DE TAXA P/ CONCR. BOMBEAVEL) | E69: =IF(B69="IOPES",VLOOKUP(C69,'LABOR-SERVIÇOS'!A:H,6,FALSE),IF(B69="SINAPI",VLOOKUP(C69,'SINAPI-SERVIÇOS'!A:D,3,FALSE),IF(LEFT(C69,3)="ARQ",VLOOKUP(VALUE(RIGHT(C69,3)),'ARQ-COMP'!B:J,5,FALSE),IF(LEFT(C69,3)="SCI",VLOOKUP(VALUE(RIGHT(C69,3)),'GAS-COMP'!#REF!,5,FALSE),IF(LEFT(C69,3)="SCE",VLOOKUP(VALUE(RIGHT(C69,3)),'SCE-COMP'!B:J,5,FALSE),IF(LEFT(C69,3)="EST",VLOOKUP(VALUE(RIGHT(C69,3)),'EST-COMP'!B:J,5,FALSE),IF(LEFT(C69,3)="HID",VLOOKUP(VALUE(RIGHT(C69,3)),'HID-COMP'!B:J,5,FALSE),IF(LEFT(C69,3)="INC",VLOOKUP(VALUE(RIGHT(C69,3)),'INC-COMP'!B:J,5,FALSE),IF(LEFT(C69,3)="ELE",VLOOKUP(VALUE(RIGHT(C69,3)),#REF!,5,FALSE),IF(LEFT(C69,3)="CAB",VLOOKUP(VALUE(RIGHT(C69,3)),#REF!,5,FALSE),IF(LEFT(C69,3)="SEG",VLOOKUP(VALUE(RIGHT(C69,3)),'SEG-COMP'!B:J,5,FALSE),IF(LEFT(C69,3)="CLI",VLOOKUP(VALUE(RIGHT(C69,3)),'CLI-COMP'!B:J,5,FALSE),IF(LEFT(C69,4)="IMPL",VLOOKUP(VALUE(RIGHT(C69,3)),'IMPL-COMP'!B:J,5,FALSE),IF(LEFT(C69,4)="SPDA",VLOOKUP(VALUE(RIGHT(C69,3)),'SPDA-COMP'!B:J,5,FALSE),IF(LEFT(C69,4)="SDAI",VLOOKUP(VALUE(RIGHT(C69,3)),'ADM-COMP'!B:J,5,FALSE),IF(LEFT(C69,5)="IMPER",VLOOKUP(VALUE(RIGHT(C69,3)),'IMPER-COMP'!B:J,5,FALSE),"")))))))))))))))) -> M3 | F69: =ROUND(VLOOKUP(A69,'MEM-LEVANT'!A71:I2663,9,FALSE),2) -> 722.7 | G69: =IF(B69="IOPES",VLOOKUP(C69,'LABOR-SERVIÇOS'!A:H,7,FALSE),IF(B69="SINAPI",VLOOKUP(C69,'SINAPI-SERVIÇOS'!A:H,8,FALSE),IF(LEFT(C69,3)="ARQ",VLOOKUP(VALUE(RIGHT(C69,3)),'ARQ-COMP'!B:J,9,FALSE),IF(LEFT(C69,3)="SCI",VLOOKUP(VALUE(RIGHT(C69,3)),'GAS-COMP'!#REF!,9,FALSE),IF(LEFT(C69,3)="SCE",VLOOKUP(VALUE(RIGHT(C69,3)),'SCE-COMP'!B:J,9,FALSE),IF(LEFT(C69,3)="EST",VLOOKUP(VALUE(RIGHT(C69,3)),'EST-COMP'!B:J,9,FALSE),IF(LEFT(C69,3)="HID",VLOOKUP(VALUE(RIGHT(C69,3)),'HID-COMP'!B:J,9,FALSE),IF(LEFT(C69,3)="INC",VLOOKUP(VALUE(RIGHT(C69,3)),'INC-COMP'!B:J,9,FALSE),IF(LEFT(C69,3)="ELE",VLOOKUP(VALUE(RIGHT(C69,3)),#REF!,9,FALSE),IF(LEFT(C69,3)="CAB",VLOOKUP(VALUE(RIGHT(C69,3)),#REF!,9,FALSE),IF(LEFT(C69,3)="SEG",VLOOKUP(VALUE(RIGHT(C69,3)),'SEG-COMP'!B:J,9,FALSE),IF(LEFT(C69,3)="CLI",VLOOKUP(VALUE(RIGHT(C69,3)),'CLI-COMP'!B:J,9,FALSE),IF(LEFT(C69,4)="IMPL",VLOOKUP(VALUE(RIGHT(C69,3)),'IMPL-COMP'!B:J,9,FALSE),IF(LEFT(C69,4)="SPDA",VLOOKUP(VALUE(RIGHT(C69,3)),'SPDA-COMP'!B:J,9,FALSE),IF(LEFT(C69,4)="SDAI",VLOOKUP(VALUE(RIGHT(C69,3)),'ADM-COMP'!B:J,9,FALSE),IF(LEFT(C69,5)="IMPER",VLOOKUP(VALUE(RIGHT(C69,3)),'IMPER-COMP'!B:J,9,FALSE),"")))))))))))))))) -> 908.13 | H69: =ROUND(F69*G69,2) -> 656305.55 | I69: =H69/$H$441 -> 0.038373916
A70: 03.02.03 | B70: IOPES | C70: =40332 -> 40332 | D70: =IF(B70="IOPES",VLOOKUP(C70,'LABOR-SERVIÇOS'!A:H,5,FALSE),IF(B70="SINAPI",VLOOKUP(C70,'SINAPI-SERVIÇOS'!A:D,2,FALSE),IF(LEFT(C70,3)="ARQ",VLOOKUP(VALUE(RIGHT(C70,3)),'ARQ-COMP'!B:J,4,FALSE),IF(LEFT(C70,3)="SCI",VLOOKUP(VALUE(RIGHT(C70,3)),'GAS-COMP'!#REF!,4,FALSE),IF(LEFT(C70,3)="SCE",VLOOKUP(VALUE(RIGHT(C70,3)),'SCE-COMP'!B:J,4,FALSE),IF(LEFT(C70,3)="EST",VLOOKUP(VALUE(RIGHT(C70,3)),'EST-COMP'!B:J,4,FALSE),IF(LEFT(C70,3)="HID",VLOOKUP(VALUE(RIGHT(C70,3)),'HID-COMP'!B:J,4,FALSE),IF(LEFT(C70,3)="INC",VLOOKUP(VALUE(RIGHT(C70,3)),'INC-COMP'!B:J,4,FALSE),IF(LEFT(C70,3)="ELE",VLOOKUP(VALUE(RIGHT(C70,3)),#REF!,4,FALSE),IF(LEFT(C70,3)="CAB",VLOOKUP(VALUE(RIGHT(C70,3)),#REF!,4,FALSE),IF(LEFT(C70,3)="SEG",VLOOKUP(VALUE(RIGHT(C70,3)),'SEG-COMP'!B:J,4,FALSE),IF(LEFT(C70,3)="CLI",VLOOKUP(VALUE(RIGHT(C70,3)),'CLI-COMP'!B:J,4,FALSE),IF(LEFT(C70,4)="IMPL",VLOOKUP(VALUE(RIGHT(C70,3)),'IMPL-COMP'!B:J,4,FALSE),IF(LEFT(C70,4)="SPDA",VLOOKUP(VALUE(RIGHT(C70,3)),'SPDA-COMP'!B:J,4,FALSE),IF(LEFT(C70,4)="SDAI",VLOOKUP(VALUE(RIGHT(C70,3)),'ADM-COMP'!B:J,4,FALSE),IF(LEFT(C70,5)="IMPER",VLOOKUP(VALUE(RIGHT(C70,3)),'IMPER-COMP'!B:J,4,FALSE),"")))))))))))))))) -> FORNECIMENTO, DOBRAGEM E COLOCAÇÃO EM FÔRMA, DE ARMADURA CA-50 A GROSSA, DIÂMETRO DE 12.5 A 25.0MM | E70: =IF(B70="IOPES",VLOOKUP(C70,'LABOR-SERVIÇOS'!A:H,6,FALSE),IF(B70="SINAPI",VLOOKUP(C70,'SINAPI-SERVIÇOS'!A:D,3,FALSE),IF(LEFT(C70,3)="ARQ",VLOOKUP(VALUE(RIGHT(C70,3)),'ARQ-COMP'!B:J,5,FALSE),IF(LEFT(C70,3)="SCI",VLOOKUP(VALUE(RIGHT(C70,3)),'GAS-COMP'!#REF!,5,FALSE),IF(LEFT(C70,3)="SCE",VLOOKUP(VALUE(RIGHT(C70,3)),'SCE-COMP'!B:J,5,FALSE),IF(LEFT(C70,3)="EST",VLOOKUP(VALUE(RIGHT(C70,3)),'EST-COMP'!B:J,5,FALSE),IF(LEFT(C70,3)="HID",VLOOKUP(VALUE(RIGHT(C70,3)),'HID-COMP'!B:J,5,FALSE),IF(LEFT(C70,3)="INC",VLOOKUP(VALUE(RIGHT(C70,3)),'INC-COMP'!B:J,5,FALSE),IF(LEFT(C70,3)="ELE",VLOOKUP(VALUE(RIGHT(C70,3)),#REF!,5,FALSE),IF(LEFT(C70,3)="CAB",VLOOKUP(VALUE(RIGHT(C70,3)),#REF!,5,FALSE),IF(LEFT(C70,3)="SEG",VLOOKUP(VALUE(RIGHT(C70,3)),'SEG-COMP'!B:J,5,FALSE),IF(LEFT(C70,3)="CLI",VLOOKUP(VALUE(RIGHT(C70,3)),'CLI-COMP'!B:J,5,FALSE),IF(LEFT(C70,4)="IMPL",VLOOKUP(VALUE(RIGHT(C70,3)),'IMPL-COMP'!B:J,5,FALSE),IF(LEFT(C70,4)="SPDA",VLOOKUP(VALUE(RIGHT(C70,3)),'SPDA-COMP'!B:J,5,FALSE),IF(LEFT(C70,4)="SDAI",VLOOKUP(VALUE(RIGHT(C70,3)),'ADM-COMP'!B:J,5,FALSE),IF(LEFT(C70,5)="IMPER",VLOOKUP(VALUE(RIGHT(C70,3)),'IMPER-COMP'!B:J,5,FALSE),"")))))))))))))))) -> KG | F70: =ROUND(VLOOKUP(A70,'MEM-LEVANT'!A77:I2664,9,FALSE),2) -> 28651.95 | G70: =IF(B70="IOPES",VLOOKUP(C70,'LABOR-SERVIÇOS'!A:H,7,FALSE),IF(B70="SINAPI",VLOOKUP(C70,'SINAPI-SERVIÇOS'!A:H,8,FALSE),IF(LEFT(C70,3)="ARQ",VLOOKUP(VALUE(RIGHT(C70,3)),'ARQ-COMP'!B:J,9,FALSE),IF(LEFT(C70,3)="SCI",VLOOKUP(VALUE(RIGHT(C70,3)),'GAS-COMP'!#REF!,9,FALSE),IF(LEFT(C70,3)="SCE",VLOOKUP(VALUE(RIGHT(C70,3)),'SCE-COMP'!B:J,9,FALSE),IF(LEFT(C70,3)="EST",VLOOKUP(VALUE(RIGHT(C70,3)),'EST-COMP'!B:J,9,FALSE),IF(LEFT(C70,3)="HID",VLOOKUP(VALUE(RIGHT(C70,3)),'HID-COMP'!B:J,9,FALSE),IF(LEFT(C70,3)="INC",VLOOKUP(VALUE(RIGHT(C70,3)),'INC-COMP'!B:J,9,FALSE),IF(LEFT(C70,3)="ELE",VLOOKUP(VALUE(RIGHT(C70,3)),#REF!,9,FALSE),IF(LEFT(C70,3)="CAB",VLOOKUP(VALUE(RIGHT(C70,3)),#REF!,9,FALSE),IF(LEFT(C70,3)="SEG",VLOOKUP(VALUE(RIGHT(C70,3)),'SEG-COMP'!B:J,9,FALSE),IF(LEFT(C70,3)="CLI",VLOOKUP(VALUE(RIGHT(C70,3)),'CLI-COMP'!B:J,9,FALSE),IF(LEFT(C70,4)="IMPL",VLOOKUP(VALUE(RIGHT(C70,3)),'IMPL-COMP'!B:J,9,FALSE),IF(LEFT(C70,4)="SPDA",VLOOKUP(VALUE(RIGHT(C70,3)),'SPDA-COMP'!B:J,9,FALSE),IF(LEFT(C70,4)="SDAI",VLOOKUP(VALUE(RIGHT(C70,3)),'ADM-COMP'!B:J,9,FALSE),IF(LEFT(C70,5)="IMPER",VLOOKUP(VALUE(RIGHT(C70,3)),'IMPER-COMP'!B:J,9,FALSE),"")))))))))))))))) -> 16.44 | H70: =ROUND(F70*G70,2) -> 471038.06 | I70: =H70/$H$441 -> 0.027541402
A71: 03.02.04 | B71: IOPES | C71: =40333 -> 40333 | D71: =IF(B71="IOPES",VLOOKUP(C71,'LABOR-SERVIÇOS'!A:H,5,FALSE),IF(B71="SINAPI",VLOOKUP(C71,'SINAPI-SERVIÇOS'!A:D,2,FALSE),IF(LEFT(C71,3)="ARQ",VLOOKUP(VALUE(RIGHT(C71,3)),'ARQ-COMP'!B:J,4,FALSE),IF(LEFT(C71,3)="SCI",VLOOKUP(VALUE(RIGHT(C71,3)),'GAS-COMP'!#REF!,4,FALSE),IF(LEFT(C71,3)="SCE",VLOOKUP(VALUE(RIGHT(C71,3)),'SCE-COMP'!B:J,4,FALSE),IF(LEFT(C71,3)="EST",VLOOKUP(VALUE(RIGHT(C71,3)),'EST-COMP'!B:J,4,FALSE),IF(LEFT(C71,3)="HID",VLOOKUP(VALUE(RIGHT(C71,3)),'HID-COMP'!B:J,4,FALSE),IF(LEFT(C71,3)="INC",VLOOKUP(VALUE(RIGHT(C71,3)),'INC-COMP'!B:J,4,FALSE),IF(LEFT(C71,3)="ELE",VLOOKUP(VALUE(RIGHT(C71,3)),#REF!,4,FALSE),IF(LEFT(C71,3)="CAB",VLOOKUP(VALUE(RIGHT(C71,3)),#REF!,4,FALSE),IF(LEFT(C71,3)="SEG",VLOOKUP(VALUE(RIGHT(C71,3)),'SEG-COMP'!B:J,4,FALSE),IF(LEFT(C71,3)="CLI",VLOOKUP(VALUE(RIGHT(C71,3)),'CLI-COMP'!B:J,4,FALSE),IF(LEFT(C71,4)="IMPL",VLOOKUP(VALUE(RIGHT(C71,3)),'IMPL-COMP'!B:J,4,FALSE),IF(LEFT(C71,4)="SPDA",VLOOKUP(VALUE(RIGHT(C71,3)),'SPDA-COMP'!B:J,4,FALSE),IF(LEFT(C71,4)="SDAI",VLOOKUP(VALUE(RIGHT(C71,3)),'ADM-COMP'!B:J,4,FALSE),IF(LEFT(C71,5)="IMPER",VLOOKUP(VALUE(RIGHT(C71,3)),'IMPER-COMP'!B:J,4,FALSE),"")))))))))))))))) -> FORNECIMENTO, DOBRAGEM E COLOCAÇÃO EM FÔRMA, DE ARMADURA CA-60 B FINA, DIÂMETRO DE 4.0 A 7.0MM | E71: =IF(B71="IOPES",VLOOKUP(C71,'LABOR-SERVIÇOS'!A:H,6,FALSE),IF(B71="SINAPI",VLOOKUP(C71,'SINAPI-SERVIÇOS'!A:D,3,FALSE),IF(LEFT(C71,3)="ARQ",VLOOKUP(VALUE(RIGHT(C71,3)),'ARQ-COMP'!B:J,5,FALSE),IF(LEFT(C71,3)="SCI",VLOOKUP(VALUE(RIGHT(C71,3)),'GAS-COMP'!#REF!,5,FALSE),IF(LEFT(C71,3)="SCE",VLOOKUP(VALUE(RIGHT(C71,3)),'SCE-COMP'!B:J,5,FALSE),IF(LEFT(C71,3)="EST",VLOOKUP(VALUE(RIGHT(C71,3)),'EST-COMP'!B:J,5,FALSE),IF(LEFT(C71,3)="HID",VLOOKUP(VALUE(RIGHT(C71,3)),'HID-COMP'!B:J,5,FALSE),IF(LEFT(C71,3)="INC",VLOOKUP(VALUE(RIGHT(C71,3)),'INC-COMP'!B:J,5,FALSE),IF(LEFT(C71,3)="ELE",VLOOKUP(VALUE(RIGHT(C71,3)),#REF!,5,FALSE),IF(LEFT(C71,3)="CAB",VLOOKUP(VALUE(RIGHT(C71,3)),#REF!,5,FALSE),IF(LEFT(C71,3)="SEG",VLOOKUP(VALUE(RIGHT(C71,3)),'SEG-COMP'!B:J,5,FALSE),IF(LEFT(C71,3)="CLI",VLOOKUP(VALUE(RIGHT(C71,3)),'CLI-COMP'!B:J,5,FALSE),IF(LEFT(C71,4)="IMPL",VLOOKUP(VALUE(RIGHT(C71,3)),'IMPL-COMP'!B:J,5,FALSE),IF(LEFT(C71,4)="SPDA",VLOOKUP(VALUE(RIGHT(C71,3)),'SPDA-COMP'!B:J,5,FALSE),IF(LEFT(C71,4)="SDAI",VLOOKUP(VALUE(RIGHT(C71,3)),'ADM-COMP'!B:J,5,FALSE),IF(LEFT(C71,5)="IMPER",VLOOKUP(VALUE(RIGHT(C71,3)),'IMPER-COMP'!B:J,5,FALSE),"")))))))))))))))) -> KG | F71: =ROUND(VLOOKUP(A71,'MEM-LEVANT'!A78:I2665,9,FALSE),2) -> 3224.4 | G71: =IF(B71="IOPES",VLOOKUP(C71,'LABOR-SERVIÇOS'!A:H,7,FALSE),IF(B71="SINAPI",VLOOKUP(C71,'SINAPI-SERVIÇOS'!A:H,8,FALSE),IF(LEFT(C71,3)="ARQ",VLOOKUP(VALUE(RIGHT(C71,3)),'ARQ-COMP'!B:J,9,FALSE),IF(LEFT(C71,3)="SCI",VLOOKUP(VALUE(RIGHT(C71,3)),'GAS-COMP'!#REF!,9,FALSE),IF(LEFT(C71,3)="SCE",VLOOKUP(VALUE(RIGHT(C71,3)),'SCE-COMP'!B:J,9,FALSE),IF(LEFT(C71,3)="EST",VLOOKUP(VALUE(RIGHT(C71,3)),'EST-COMP'!B:J,9,FALSE),IF(LEFT(C71,3)="HID",VLOOKUP(VALUE(RIGHT(C71,3)),'HID-COMP'!B:J,9,FALSE),IF(LEFT(C71,3)="INC",VLOOKUP(VALUE(RIGHT(C71,3)),'INC-COMP'!B:J,9,FALSE),IF(LEFT(C71,3)="ELE",VLOOKUP(VALUE(RIGHT(C71,3)),#REF!,9,FALSE),IF(LEFT(C71,3)="CAB",VLOOKUP(VALUE(RIGHT(C71,3)),#REF!,9,FALSE),IF(LEFT(C71,3)="SEG",VLOOKUP(VALUE(RIGHT(C71,3)),'SEG-COMP'!B:J,9,FALSE),IF(LEFT(C71,3)="CLI",VLOOKUP(VALUE(RIGHT(C71,3)),'CLI-COMP'!B:J,9,FALSE),IF(LEFT(C71,4)="IMPL",VLOOKUP(VALUE(RIGHT(C71,3)),'IMPL-COMP'!B:J,9,FALSE),IF(LEFT(C71,4)="SPDA",VLOOKUP(VALUE(RIGHT(C71,3)),'SPDA-COMP'!B:J,9,FALSE),IF(LEFT(C71,4)="SDAI",VLOOKUP(VALUE(RIGHT(C71,3)),'ADM-COMP'!B:J,9,FALSE),IF(LEFT(C71,5)="IMPER",VLOOKUP(VALUE(RIGHT(C71,3)),'IMPER-COMP'!B:J,9,FALSE),"")))))))))))))))) -> 16.36 | H71: =ROUND(F71*G71,2) -> 52751.18 | I71: =H71/$H$441 -> 0.0030843398
A72: 03.02.05 | B72: IOPES | C72: =40339 -> 40339 | D72: =IF(B72="IOPES",VLOOKUP(C72,'LABOR-SERVIÇOS'!A:H,5,FALSE),IF(B72="SINAPI",VLOOKUP(C72,'SINAPI-SERVIÇOS'!A:D,2,FALSE),IF(LEFT(C72,3)="ARQ",VLOOKUP(VALUE(RIGHT(C72,3)),'ARQ-COMP'!B:J,4,FALSE),IF(LEFT(C72,3)="SCI",VLOOKUP(VALUE(RIGHT(C72,3)),'GAS-COMP'!#REF!,4,FALSE),IF(LEFT(C72,3)="SCE",VLOOKUP(VALUE(RIGHT(C72,3)),'SCE-COMP'!B:J,4,FALSE),IF(LEFT(C72,3)="EST",VLOOKUP(VALUE(RIGHT(C72,3)),'EST-COMP'!B:J,4,FALSE),IF(LEFT(C72,3)="HID",VLOOKUP(VALUE(RIGHT(C72,3)),'HID-COMP'!B:J,4,FALSE),IF(LEFT(C72,3)="INC",VLOOKUP(VALUE(RIGHT(C72,3)),'INC-COMP'!B:J,4,FALSE),IF(LEFT(C72,3)="ELE",VLOOKUP(VALUE(RIGHT(C72,3)),#REF!,4,FALSE),IF(LEFT(C72,3)="CAB",VLOOKUP(VALUE(RIGHT(C72,3)),#REF!,4,FALSE),IF(LEFT(C72,3)="SEG",VLOOKUP(VALUE(RIGHT(C72,3)),'SEG-COMP'!B:J,4,FALSE),IF(LEFT(C72,3)="CLI",VLOOKUP(VALUE(RIGHT(C72,3)),'CLI-COMP'!B:J,4,FALSE),IF(LEFT(C72,4)="IMPL",VLOOKUP(VALUE(RIGHT(C72,3)),'IMPL-COMP'!B:J,4,FALSE),IF(LEFT(C72,4)="SPDA",VLOOKUP(VALUE(RIGHT(C72,3)),'SPDA-COMP'!B:J,4,FALSE),IF(LEFT(C72,4)="SDAI",VLOOKUP(VALUE(RIGHT(C72,3)),'ADM-COMP'!B:J,4,FALSE),IF(LEFT(C72,5)="IMPER",VLOOKUP(VALUE(RIGHT(C72,3)),'IMPER-COMP'!B:J,4,FALSE),"")))))))))))))))) -> FORMA DE CHAPAS MADEIRA COMPENSADA RESINADA, ESP. 12MM, LEVANDO-SE EM CONTA A UTILIZAÇÃO 3 VEZES, REFORÇADAS COM SARRAFOS DE MADEIRA DE 2.5 X 10.0CM (INCL MATERIAL, CORTE, MONTAGEM, ESCORAS EM EUCALIPTO E DESFORMA) | E72: =IF(B72="IOPES",VLOOKUP(C72,'LABOR-SERVIÇOS'!A:H,6,FALSE),IF(B72="SINAPI",VLOOKUP(C72,'SINAPI-SERVIÇOS'!A:D,3,FALSE),IF(LEFT(C72,3)="ARQ",VLOOKUP(VALUE(RIGHT(C72,3)),'ARQ-COMP'!B:J,5,FALSE),IF(LEFT(C72,3)="SCI",VLOOKUP(VALUE(RIGHT(C72,3)),'GAS-COMP'!#REF!,5,FALSE),IF(LEFT(C72,3)="SCE",VLOOKUP(VALUE(RIGHT(C72,3)),'SCE-COMP'!B:J,5,FALSE),IF(LEFT(C72,3)="EST",VLOOKUP(VALUE(RIGHT(C72,3)),'EST-COMP'!B:J,5,FALSE),IF(LEFT(C72,3)="HID",VLOOKUP(VALUE(RIGHT(C72,3)),'HID-COMP'!B:J,5,FALSE),IF(LEFT(C72,3)="INC",VLOOKUP(VALUE(RIGHT(C72,3)),'INC-COMP'!B:J,5,FALSE),IF(LEFT(C72,3)="ELE",VLOOKUP(VALUE(RIGHT(C72,3)),#REF!,5,FALSE),IF(LEFT(C72,3)="CAB",VLOOKUP(VALUE(RIGHT(C72,3)),#REF!,5,FALSE),IF(LEFT(C72,3)="SEG",VLOOKUP(VALUE(RIGHT(C72,3)),'SEG-COMP'!B:J,5,FALSE),IF(LEFT(C72,3)="CLI",VLOOKUP(VALUE(RIGHT(C72,3)),'CLI-COMP'!B:J,5,FALSE),IF(LEFT(C72,4)="IMPL",VLOOKUP(VALUE(RIGHT(C72,3)),'IMPL-COMP'!B:J,5,FALSE),IF(LEFT(C72,4)="SPDA",VLOOKUP(VALUE(RIGHT(C72,3)),'SPDA-COMP'!B:J,5,FALSE),IF(LEFT(C72,4)="SDAI",VLOOKUP(VALUE(RIGHT(C72,3)),'ADM-COMP'!B:J,5,FALSE),IF(LEFT(C72,5)="IMPER",VLOOKUP(VALUE(RIGHT(C72,3)),'IMPER-COMP'!B:J,5,FALSE),"")))))))))))))))) -> M2 | F72: =ROUND(VLOOKUP(A72,'MEM-LEVANT'!A79:I2666,9,FALSE),2) -> 1216.35 | G72: =IF(B72="IOPES",VLOOKUP(C72,'LABOR-SERVIÇOS'!A:H,7,FALSE),IF(B72="SINAPI",VLOOKUP(C72,'SINAPI-SERVIÇOS'!A:H,8,FALSE),IF(LEFT(C72,3)="ARQ",VLOOKUP(VALUE(RIGHT(C72,3)),'ARQ-COMP'!B:J,9,FALSE),IF(LEFT(C72,3)="SCI",VLOOKUP(VALUE(RIGHT(C72,3)),'GAS-COMP'!#REF!,9,FALSE),IF(LEFT(C72,3)="SCE",VLOOKUP(VALUE(RIGHT(C72,3)),'SCE-COMP'!B:J,9,FALSE),IF(LEFT(C72,3)="EST",VLOOKUP(VALUE(RIGHT(C72,3)),'EST-COMP'!B:J,9,FALSE),IF(LEFT(C72,3)="HID",VLOOKUP(VALUE(RIGHT(C72,3)),'HID-COMP'!B:J,9,FALSE),IF(LEFT(C72,3)="INC",VLOOKUP(VALUE(RIGHT(C72,3)),'INC-COMP'!B:J,9,FALSE),IF(LEFT(C72,3)="ELE",VLOOKUP(VALUE(RIGHT(C72,3)),#REF!,9,FALSE),IF(LEFT(C72,3)="CAB",VLOOKUP(VALUE(RIGHT(C72,3)),#REF!,9,FALSE),IF(LEFT(C72,3)="SEG",VLOOKUP(VALUE(RIGHT(C72,3)),'SEG-COMP'!B:J,9,FALSE),IF(LEFT(C72,3)="CLI",VLOOKUP(VALUE(RIGHT(C72,3)),'CLI-COMP'!B:J,9,FALSE),IF(LEFT(C72,4)="IMPL",VLOOKUP(VALUE(RIGHT(C72,3)),'IMPL-COMP'!B:J,9,FALSE),IF(LEFT(C72,4)="SPDA",VLOOKUP(VALUE(RIGHT(C72,3)),'SPDA-COMP'!B:J,9,FALSE),IF(LEFT(C72,4)="SDAI",VLOOKUP(VALUE(RIGHT(C72,3)),'ADM-COMP'!B:J,9,FALSE),IF(LEFT(C72,5)="IMPER",VLOOKUP(VALUE(RIGHT(C72,3)),'IMPER-COMP'!B:J,9,FALSE),"")))))))))))))))) -> 168.53 | H72: =ROUND(F72*G72,2) -> 204991.47 | I72: =H72/$H$441 -> 0.011985767
A73: 03.03 | D73: LAJES
A74: 03.03.01 | B74: SINAPI | C74: 92490 | D74: =IF(B74="IOPES",VLOOKUP(C74,'LABOR-SERVIÇOS'!A:H,5,FALSE),IF(B74="SINAPI",VLOOKUP(C74,'SINAPI-SERVIÇOS'!A:D,2,FALSE),IF(LEFT(C74,3)="ARQ",VLOOKUP(VALUE(RIGHT(C74,3)),'ARQ-COMP'!B:J,4,FALSE),IF(LEFT(C74,3)="SCI",VLOOKUP(VALUE(RIGHT(C74,3)),'GAS-COMP'!#REF!,4,FALSE),IF(LEFT(C74,3)="SCE",VLOOKUP(VALUE(RIGHT(C74,3)),'SCE-COMP'!B:J,4,FALSE),IF(LEFT(C74,3)="EST",VLOOKUP(VALUE(RIGHT(C74,3)),'EST-COMP'!B:J,4,FALSE),IF(LEFT(C74,3)="HID",VLOOKUP(VALUE(RIGHT(C74,3)),'HID-COMP'!B:J,4,FALSE),IF(LEFT(C74,3)="INC",VLOOKUP(VALUE(RIGHT(C74,3)),'INC-COMP'!B:J,4,FALSE),IF(LEFT(C74,3)="ELE",VLOOKUP(VALUE(RIGHT(C74,3)),#REF!,4,FALSE),IF(LEFT(C74,3)="CAB",VLOOKUP(VALUE(RIGHT(C74,3)),#REF!,4,FALSE),IF(LEFT(C74,3)="SEG",VLOOKUP(VALUE(RIGHT(C74,3)),'SEG-COMP'!B:J,4,FALSE),IF(LEFT(C74,3)="CLI",VLOOKUP(VALUE(RIGHT(C74,3)),'CLI-COMP'!B:J,4,FALSE),IF(LEFT(C74,4)="IMPL",VLOOKUP(VALUE(RIGHT(C74,3)),'IMPL-COMP'!B:J,4,FALSE),IF(LEFT(C74,4)="SPDA",VLOOKUP(VALUE(RIGHT(C74,3)),'SPDA-COMP'!B:J,4,FALSE),IF(LEFT(C74,4)="SDAI",VLOOKUP(VALUE(RIGHT(C74,3)),'ADM-COMP'!B:J,4,FALSE),IF(LEFT(C74,5)="IMPER",VLOOKUP(VALUE(RIGHT(C74,3)),'IMPER-COMP'!B:J,4,FALSE),"")))))))))))))))) -> MONTAGEM E DESMONTAGEM DE FÔRMA DE LAJE NERVURADA COM CUBETA E ASSOALHO, PÉ-DIREITO SIMPLES, EM CHAPA DE MADEIRA COMPENSADA RESINADA, 8 UTILIZAÇÕES. AF_09/2020 | E74: =IF(B74="IOPES",VLOOKUP(C74,'LABOR-SERVIÇOS'!A:H,6,FALSE),IF(B74="SINAPI",VLOOKUP(C74,'SINAPI-SERVIÇOS'!A:D,3,FALSE),IF(LEFT(C74,3)="ARQ",VLOOKUP(VALUE(RIGHT(C74,3)),'ARQ-COMP'!B:J,5,FALSE),IF(LEFT(C74,3)="SCI",VLOOKUP(VALUE(RIGHT(C74,3)),'GAS-COMP'!#REF!,5,FALSE),IF(LEFT(C74,3)="SCE",VLOOKUP(VALUE(RIGHT(C74,3)),'SCE-COMP'!B:J,5,FALSE),IF(LEFT(C74,3)="EST",VLOOKUP(VALUE(RIGHT(C74,3)),'EST-COMP'!B:J,5,FALSE),IF(LEFT(C74,3)="HID",VLOOKUP(VALUE(RIGHT(C74,3)),'HID-COMP'!B:J,5,FALSE),IF(LEFT(C74,3)="INC",VLOOKUP(VALUE(RIGHT(C74,3)),'INC-COMP'!B:J,5,FALSE),IF(LEFT(C74,3)="ELE",VLOOKUP(VALUE(RIGHT(C74,3)),#REF!,5,FALSE),IF(LEFT(C74,3)="CAB",VLOOKUP(VALUE(RIGHT(C74,3)),#REF!,5,FALSE),IF(LEFT(C74,3)="SEG",VLOOKUP(VALUE(RIGHT(C74,3)),'SEG-COMP'!B:J,5,FALSE),IF(LEFT(C74,3)="CLI",VLOOKUP(VALUE(RIGHT(C74,3)),'CLI-COMP'!B:J,5,FALSE),IF(LEFT(C74,4)="IMPL",VLOOKUP(VALUE(RIGHT(C74,3)),'IMPL-COMP'!B:J,5,FALSE),IF(LEFT(C74,4)="SPDA",VLOOKUP(VALUE(RIGHT(C74,3)),'SPDA-COMP'!B:J,5,FALSE),IF(LEFT(C74,4)="SDAI",VLOOKUP(VALUE(RIGHT(C74,3)),'ADM-COMP'!B:J,5,FALSE),IF(LEFT(C74,5)="IMPER",VLOOKUP(VALUE(RIGHT(C74,3)),'IMPER-COMP'!B:J,5,FALSE),"")))))))))))))))) -> M2 | F74: =ROUND(VLOOKUP(A74,'MEM-LEVANT'!A117:I2674,9,FALSE),2) -> 2656.5 | G74: =IF(B74="IOPES",VLOOKUP(C74,'LABOR-SERVIÇOS'!A:H,7,FALSE),IF(B74="SINAPI",VLOOKUP(C74,'SINAPI-SERVIÇOS'!A:H,8,FALSE),IF(LEFT(C74,3)="ARQ",VLOOKUP(VALUE(RIGHT(C74,3)),'ARQ-COMP'!B:J,9,FALSE),IF(LEFT(C74,3)="SCI",VLOOKUP(VALUE(RIGHT(C74,3)),'GAS-COMP'!#REF!,9,FALSE),IF(LEFT(C74,3)="SCE",VLOOKUP(VALUE(RIGHT(C74,3)),'SCE-COMP'!B:J,9,FALSE),IF(LEFT(C74,3)="EST",VLOOKUP(VALUE(RIGHT(C74,3)),'EST-COMP'!B:J,9,FALSE),IF(LEFT(C74,3)="HID",VLOOKUP(VALUE(RIGHT(C74,3)),'HID-COMP'!B:J,9,FALSE),IF(LEFT(C74,3)="INC",VLOOKUP(VALUE(RIGHT(C74,3)),'INC-COMP'!B:J,9,FALSE),IF(LEFT(C74,3)="ELE",VLOOKUP(VALUE(RIGHT(C74,3)),#REF!,9,FALSE),IF(LEFT(C74,3)="CAB",VLOOKUP(VALUE(RIGHT(C74,3)),#REF!,9,FALSE),IF(LEFT(C74,3)="SEG",VLOOKUP(VALUE(RIGHT(C74,3)),'SEG-COMP'!B:J,9,FALSE),IF(LEFT(C74,3)="CLI",VLOOKUP(VALUE(RIGHT(C74,3)),'CLI-COMP'!B:J,9,FALSE),IF(LEFT(C74,4)="IMPL",VLOOKUP(VALUE(RIGHT(C74,3)),'IMPL-COMP'!B:J,9,FALSE),IF(LEFT(C74,4)="SPDA",VLOOKUP(VALUE(RIGHT(C74,3)),'SPDA-COMP'!B:J,9,FALSE),IF(LEFT(C74,4)="SDAI",VLOOKUP(VALUE(RIGHT(C74,3)),'ADM-COMP'!B:J,9,FALSE),IF(LEFT(C74,5)="IMPER",VLOOKUP(VALUE(RIGHT(C74,3)),'IMPER-COMP'!B:J,9,FALSE),"")))))))))))))))) -> 105.67 | H74: =ROUND(F74*G74,2) -> 280712.36 | I74: =H74/$H$441 -> 0.016413136
A75: 03.03.02 | B75: IOPES | C75: =40332 -> 40332 | D75: =IF(B75="IOPES",VLOOKUP(C75,'LABOR-SERVIÇOS'!A:H,5,FALSE),IF(B75="SINAPI",VLOOKUP(C75,'SINAPI-SERVIÇOS'!A:D,2,FALSE),IF(LEFT(C75,3)="ARQ",VLOOKUP(VALUE(RIGHT(C75,3)),'ARQ-COMP'!B:J,4,FALSE),IF(LEFT(C75,3)="SCI",VLOOKUP(VALUE(RIGHT(C75,3)),'GAS-COMP'!#REF!,4,FALSE),IF(LEFT(C75,3)="SCE",VLOOKUP(VALUE(RIGHT(C75,3)),'SCE-COMP'!B:J,4,FALSE),IF(LEFT(C75,3)="EST",VLOOKUP(VALUE(RIGHT(C75,3)),'EST-COMP'!B:J,4,FALSE),IF(LEFT(C75,3)="HID",VLOOKUP(VALUE(RIGHT(C75,3)),'HID-COMP'!B:J,4,FALSE),IF(LEFT(C75,3)="INC",VLOOKUP(VALUE(RIGHT(C75,3)),'INC-COMP'!B:J,4,FALSE),IF(LEFT(C75,3)="ELE",VLOOKUP(VALUE(RIGHT(C75,3)),#REF!,4,FALSE),IF(LEFT(C75,3)="CAB",VLOOKUP(VALUE(RIGHT(C75,3)),#REF!,4,FALSE),IF(LEFT(C75,3)="SEG",VLOOKUP(VALUE(RIGHT(C75,3)),'SEG-COMP'!B:J,4,FALSE),IF(LEFT(C75,3)="CLI",VLOOKUP(VALUE(RIGHT(C75,3)),'CLI-COMP'!B:J,4,FALSE),IF(LEFT(C75,4)="IMPL",VLOOKUP(VALUE(RIGHT(C75,3)),'IMPL-COMP'!B:J,4,FALSE),IF(LEFT(C75,4)="SPDA",VLOOKUP(VALUE(RIGHT(C75,3)),'SPDA-COMP'!B:J,4,FALSE),IF(LEFT(C75,4)="SDAI",VLOOKUP(VALUE(RIGHT(C75,3)),'ADM-COMP'!B:J,4,FALSE),IF(LEFT(C75,5)="IMPER",VLOOKUP(VALUE(RIGHT(C75,3)),'IMPER-COMP'!B:J,4,FALSE),"")))))))))))))))) -> FORNECIMENTO, DOBRAGEM E COLOCAÇÃO EM FÔRMA, DE ARMADURA CA-50 A GROSSA, DIÂMETRO DE 12.5 A 25.0MM | E75: =IF(B75="IOPES",VLOOKUP(C75,'LABOR-SERVIÇOS'!A:H,6,FALSE),IF(B75="SINAPI",VLOOKUP(C75,'SINAPI-SERVIÇOS'!A:D,3,FALSE),IF(LEFT(C75,3)="ARQ",VLOOKUP(VALUE(RIGHT(C75,3)),'ARQ-COMP'!B:J,5,FALSE),IF(LEFT(C75,3)="SCI",VLOOKUP(VALUE(RIGHT(C75,3)),'GAS-COMP'!#REF!,5,FALSE),IF(LEFT(C75,3)="SCE",VLOOKUP(VALUE(RIGHT(C75,3)),'SCE-COMP'!B:J,5,FALSE),IF(LEFT(C75,3)="EST",VLOOKUP(VALUE(RIGHT(C75,3)),'EST-COMP'!B:J,5,FALSE),IF(LEFT(C75,3)="HID",VLOOKUP(VALUE(RIGHT(C75,3)),'HID-COMP'!B:J,5,FALSE),IF(LEFT(C75,3)="INC",VLOOKUP(VALUE(RIGHT(C75,3)),'INC-COMP'!B:J,5,FALSE),IF(LEFT(C75,3)="ELE",VLOOKUP(VALUE(RIGHT(C75,3)),#REF!,5,FALSE),IF(LEFT(C75,3)="CAB",VLOOKUP(VALUE(RIGHT(C75,3)),#REF!,5,FALSE),IF(LEFT(C75,3)="SEG",VLOOKUP(VALUE(RIGHT(C75,3)),'SEG-COMP'!B:J,5,FALSE),IF(LEFT(C75,3)="CLI",VLOOKUP(VALUE(RIGHT(C75,3)),'CLI-COMP'!B:J,5,FALSE),IF(LEFT(C75,4)="IMPL",VLOOKUP(VALUE(RIGHT(C75,3)),'IMPL-COMP'!B:J,5,FALSE),IF(LEFT(C75,4)="SPDA",VLOOKUP(VALUE(RIGHT(C75,3)),'SPDA-COMP'!B:J,5,FALSE),IF(LEFT(C75,4)="SDAI",VLOOKUP(VALUE(RIGHT(C75,3)),'ADM-COMP'!B:J,5,FALSE),IF(LEFT(C75,5)="IMPER",VLOOKUP(VALUE(RIGHT(C75,3)),'IMPER-COMP'!B:J,5,FALSE),"")))))))))))))))) -> KG | F75: =ROUND(VLOOKUP(A75,'MEM-LEVANT'!A118:I2675,9,FALSE),2) -> 11510.46 | G75: =IF(B75="IOPES",VLOOKUP(C75,'LABOR-SERVIÇOS'!A:H,7,FALSE),IF(B75="SINAPI",VLOOKUP(C75,'SINAPI-SERVIÇOS'!A:H,8,FALSE),IF(LEFT(C75,3)="ARQ",VLOOKUP(VALUE(RIGHT(C75,3)),'ARQ-COMP'!B:J,9,FALSE),IF(LEFT(C75,3)="SCI",VLOOKUP(VALUE(RIGHT(C75,3)),'GAS-COMP'!#REF!,9,FALSE),IF(LEFT(C75,3)="SCE",VLOOKUP(VALUE(RIGHT(C75,3)),'SCE-COMP'!B:J,9,FALSE),IF(LEFT(C75,3)="EST",VLOOKUP(VALUE(RIGHT(C75,3)),'EST-COMP'!B:J,9,FALSE),IF(LEFT(C75,3)="HID",VLOOKUP(VALUE(RIGHT(C75,3)),'HID-COMP'!B:J,9,FALSE),IF(LEFT(C75,3)="INC",VLOOKUP(VALUE(RIGHT(C75,3)),'INC-COMP'!B:J,9,FALSE),IF(LEFT(C75,3)="ELE",VLOOKUP(VALUE(RIGHT(C75,3)),#REF!,9,FALSE),IF(LEFT(C75,3)="CAB",VLOOKUP(VALUE(RIGHT(C75,3)),#REF!,9,FALSE),IF(LEFT(C75,3)="SEG",VLOOKUP(VALUE(RIGHT(C75,3)),'SEG-COMP'!B:J,9,FALSE),IF(LEFT(C75,3)="CLI",VLOOKUP(VALUE(RIGHT(C75,3)),'CLI-COMP'!B:J,9,FALSE),IF(LEFT(C75,4)="IMPL",VLOOKUP(VALUE(RIGHT(C75,3)),'IMPL-COMP'!B:J,9,FALSE),IF(LEFT(C75,4)="SPDA",VLOOKUP(VALUE(RIGHT(C75,3)),'SPDA-COMP'!B:J,9,FALSE),IF(LEFT(C75,4)="SDAI",VLOOKUP(VALUE(RIGHT(C75,3)),'ADM-COMP'!B:J,9,FALSE),IF(LEFT(C75,5)="IMPER",VLOOKUP(VALUE(RIGHT(C75,3)),'IMPER-COMP'!B:J,9,FALSE),"")))))))))))))))) -> 16.44 | H75: =ROUND(F75*G75,2) -> 189231.96 | I75: =H75/$H$441 -> 0.011064315
A76: 03.03.03 | B76: IOPES | C76: =40331 -> 40331 | D76: =IF(B76="IOPES",VLOOKUP(C76,'LABOR-SERVIÇOS'!A:H,5,FALSE),IF(B76="SINAPI",VLOOKUP(C76,'SINAPI-SERVIÇOS'!A:D,2,FALSE),IF(LEFT(C76,3)="ARQ",VLOOKUP(VALUE(RIGHT(C76,3)),'ARQ-COMP'!B:J,4,FALSE),IF(LEFT(C76,3)="SCI",VLOOKUP(VALUE(RIGHT(C76,3)),'GAS-COMP'!#REF!,4,FALSE),IF(LEFT(C76,3)="SCE",VLOOKUP(VALUE(RIGHT(C76,3)),'SCE-COMP'!B:J,4,FALSE),IF(LEFT(C76,3)="EST",VLOOKUP(VALUE(RIGHT(C76,3)),'EST-COMP'!B:J,4,FALSE),IF(LEFT(C76,3)="HID",VLOOKUP(VALUE(RIGHT(C76,3)),'HID-COMP'!B:J,4,FALSE),IF(LEFT(C76,3)="INC",VLOOKUP(VALUE(RIGHT(C76,3)),'INC-COMP'!B:J,4,FALSE),IF(LEFT(C76,3)="ELE",VLOOKUP(VALUE(RIGHT(C76,3)),#REF!,4,FALSE),IF(LEFT(C76,3)="CAB",VLOOKUP(VALUE(RIGHT(C76,3)),#REF!,4,FALSE),IF(LEFT(C76,3)="SEG",VLOOKUP(VALUE(RIGHT(C76,3)),'SEG-COMP'!B:J,4,FALSE),IF(LEFT(C76,3)="CLI",VLOOKUP(VALUE(RIGHT(C76,3)),'CLI-COMP'!B:J,4,FALSE),IF(LEFT(C76,4)="IMPL",VLOOKUP(VALUE(RIGHT(C76,3)),'IMPL-COMP'!B:J,4,FALSE),IF(LEFT(C76,4)="SPDA",VLOOKUP(VALUE(RIGHT(C76,3)),'SPDA-COMP'!B:J,4,FALSE),IF(LEFT(C76,4)="SDAI",VLOOKUP(VALUE(RIGHT(C76,3)),'ADM-COMP'!B:J,4,FALSE),IF(LEFT(C76,5)="IMPER",VLOOKUP(VALUE(RIGHT(C76,3)),'IMPER-COMP'!B:J,4,FALSE),"")))))))))))))))) -> FORNECIMENTO E APLICAÇÃO DE CONCRETO USINADO FCK=30 MPA - CONSIDERANDO BOMBEAMENTO (5% DE PERDAS JÁ INCLUÍDO NO CUSTO) (6% DE TAXA P/ CONCR. BOMBEAVEL) | E76: =IF(B76="IOPES",VLOOKUP(C76,'LABOR-SERVIÇOS'!A:H,6,FALSE),IF(B76="SINAPI",VLOOKUP(C76,'SINAPI-SERVIÇOS'!A:D,3,FALSE),IF(LEFT(C76,3)="ARQ",VLOOKUP(VALUE(RIGHT(C76,3)),'ARQ-COMP'!B:J,5,FALSE),IF(LEFT(C76,3)="SCI",VLOOKUP(VALUE(RIGHT(C76,3)),'GAS-COMP'!#REF!,5,FALSE),IF(LEFT(C76,3)="SCE",VLOOKUP(VALUE(RIGHT(C76,3)),'SCE-COMP'!B:J,5,FALSE),IF(LEFT(C76,3)="EST",VLOOKUP(VALUE(RIGHT(C76,3)),'EST-COMP'!B:J,5,FALSE),IF(LEFT(C76,3)="HID",VLOOKUP(VALUE(RIGHT(C76,3)),'HID-COMP'!B:J,5,FALSE),IF(LEFT(C76,3)="INC",VLOOKUP(VALUE(RIGHT(C76,3)),'INC-COMP'!B:J,5,FALSE),IF(LEFT(C76,3)="ELE",VLOOKUP(VALUE(RIGHT(C76,3)),#REF!,5,FALSE),IF(LEFT(C76,3)="CAB",VLOOKUP(VALUE(RIGHT(C76,3)),#REF!,5,FALSE),IF(LEFT(C76,3)="SEG",VLOOKUP(VALUE(RIGHT(C76,3)),'SEG-COMP'!B:J,5,FALSE),IF(LEFT(C76,3)="CLI",VLOOKUP(VALUE(RIGHT(C76,3)),'CLI-COMP'!B:J,5,FALSE),IF(LEFT(C76,4)="IMPL",VLOOKUP(VALUE(RIGHT(C76,3)),'IMPL-COMP'!B:J,5,FALSE),IF(LEFT(C76,4)="SPDA",VLOOKUP(VALUE(RIGHT(C76,3)),'SPDA-COMP'!B:J,5,FALSE),IF(LEFT(C76,4)="SDAI",VLOOKUP(VALUE(RIGHT(C76,3)),'ADM-COMP'!B:J,5,FALSE),IF(LEFT(C76,5)="IMPER",VLOOKUP(VALUE(RIGHT(C76,3)),'IMPER-COMP'!B:J,5,FALSE),"")))))))))))))))) -> M3 | F76: =ROUND(VLOOKUP(A76,'MEM-LEVANT'!A119:I2676,9,FALSE),2) -> 223.08 | G76: =IF(B76="IOPES",VLOOKUP(C76,'LABOR-SERVIÇOS'!A:H,7,FALSE),IF(B76="SINAPI",VLOOKUP(C76,'SINAPI-SERVIÇOS'!A:H,8,FALSE),IF(LEFT(C76,3)="ARQ",VLOOKUP(VALUE(RIGHT(C76,3)),'ARQ-COMP'!B:J,9,FALSE),IF(LEFT(C76,3)="SCI",VLOOKUP(VALUE(RIGHT(C76,3)),'GAS-COMP'!#REF!,9,FALSE),IF(LEFT(C76,3)="SCE",VLOOKUP(VALUE(RIGHT(C76,3)),'SCE-COMP'!B:J,9,FALSE),IF(LEFT(C76,3)="EST",VLOOKUP(VALUE(RIGHT(C76,3)),'EST-COMP'!B:J,9,FALSE),IF(LEFT(C76,3)="HID",VLOOKUP(VALUE(RIGHT(C76,3)),'HID-COMP'!B:J,9,FALSE),IF(LEFT(C76,3)="INC",VLOOKUP(VALUE(RIGHT(C76,3)),'INC-COMP'!B:J,9,FALSE),IF(LEFT(C76,3)="ELE",VLOOKUP(VALUE(RIGHT(C76,3)),#REF!,9,FALSE),IF(LEFT(C76,3)="CAB",VLOOKUP(VALUE(RIGHT(C76,3)),#REF!,9,FALSE),IF(LEFT(C76,3)="SEG",VLOOKUP(VALUE(RIGHT(C76,3)),'SEG-COMP'!B:J,9,FALSE),IF(LEFT(C76,3)="CLI",VLOOKUP(VALUE(RIGHT(C76,3)),'CLI-COMP'!B:J,9,FALSE),IF(LEFT(C76,4)="IMPL",VLOOKUP(VALUE(RIGHT(C76,3)),'IMPL-COMP'!B:J,9,FALSE),IF(LEFT(C76,4)="SPDA",VLOOKUP(VALUE(RIGHT(C76,3)),'SPDA-COMP'!B:J,9,FALSE),IF(LEFT(C76,4)="SDAI",VLOOKUP(VALUE(RIGHT(C76,3)),'ADM-COMP'!B:J,9,FALSE),IF(LEFT(C76,5)="IMPER",VLOOKUP(VALUE(RIGHT(C76,3)),'IMPER-COMP'!B:J,9,FALSE),"")))))))))))))))) -> 908.13 | H76: =ROUND(F76*G76,2) -> 202585.64 | I76: =H76/$H$441 -> 0.011845099
A77: 03.03.04 | B77: IOPES | C77: =40705 -> 40705 | D77: =IF(B77="IOPES",VLOOKUP(C77,'LABOR-SERVIÇOS'!A:H,5,FALSE),IF(B77="SINAPI",VLOOKUP(C77,'SINAPI-SERVIÇOS'!A:D,2,FALSE),IF(LEFT(C77,3)="ARQ",VLOOKUP(VALUE(RIGHT(C77,3)),'ARQ-COMP'!B:J,4,FALSE),IF(LEFT(C77,3)="SCI",VLOOKUP(VALUE(RIGHT(C77,3)),'GAS-COMP'!#REF!,4,FALSE),IF(LEFT(C77,3)="SCE",VLOOKUP(VALUE(RIGHT(C77,3)),'SCE-COMP'!B:J,4,FALSE),IF(LEFT(C77,3)="EST",VLOOKUP(VALUE(RIGHT(C77,3)),'EST-COMP'!B:J,4,FALSE),IF(LEFT(C77,3)="HID",VLOOKUP(VALUE(RIGHT(C77,3)),'HID-COMP'!B:J,4,FALSE),IF(LEFT(C77,3)="INC",VLOOKUP(VALUE(RIGHT(C77,3)),'INC-COMP'!B:J,4,FALSE),IF(LEFT(C77,3)="ELE",VLOOKUP(VALUE(RIGHT(C77,3)),#REF!,4,FALSE),IF(LEFT(C77,3)="CAB",VLOOKUP(VALUE(RIGHT(C77,3)),#REF!,4,FALSE),IF(LEFT(C77,3)="SEG",VLOOKUP(VALUE(RIGHT(C77,3)),'SEG-COMP'!B:J,4,FALSE),IF(LEFT(C77,3)="CLI",VLOOKUP(VALUE(RIGHT(C77,3)),'CLI-COMP'!B:J,4,FALSE),IF(LEFT(C77,4)="IMPL",VLOOKUP(VALUE(RIGHT(C77,3)),'IMPL-COMP'!B:J,4,FALSE),IF(LEFT(C77,4)="SPDA",VLOOKUP(VALUE(RIGHT(C77,3)),'SPDA-COMP'!B:J,4,FALSE),IF(LEFT(C77,4)="SDAI",VLOOKUP(VALUE(RIGHT(C77,3)),'ADM-COMP'!B:J,4,FALSE),IF(LEFT(C77,5)="IMPER",VLOOKUP(VALUE(RIGHT(C77,3)),'IMPER-COMP'!B:J,4,FALSE),"")))))))))))))))) -> EXECUÇÃO DE JUNTA DE DILATAÇÃO 2 X 2 CM CONSIDERANDO 1CM DE APLICAÇÃO DE ISOPOR E 1CM DE APLICAÇÃO DE MASTIQUE ELÁSTICO DO TIPO SIKAFLEX 1A OU EQUIVALENTE | E77: =IF(B77="IOPES",VLOOKUP(C77,'LABOR-SERVIÇOS'!A:H,6,FALSE),IF(B77="SINAPI",VLOOKUP(C77,'SINAPI-SERVIÇOS'!A:D,3,FALSE),IF(LEFT(C77,3)="ARQ",VLOOKUP(VALUE(RIGHT(C77,3)),'ARQ-COMP'!B:J,5,FALSE),IF(LEFT(C77,3)="SCI",VLOOKUP(VALUE(RIGHT(C77,3)),'GAS-COMP'!#REF!,5,FALSE),IF(LEFT(C77,3)="SCE",VLOOKUP(VALUE(RIGHT(C77,3)),'SCE-COMP'!B:J,5,FALSE),IF(LEFT(C77,3)="EST",VLOOKUP(VALUE(RIGHT(C77,3)),'EST-COMP'!B:J,5,FALSE),IF(LEFT(C77,3)="HID",VLOOKUP(VALUE(RIGHT(C77,3)),'HID-COMP'!B:J,5,FALSE),IF(LEFT(C77,3)="INC",VLOOKUP(VALUE(RIGHT(C77,3)),'INC-COMP'!B:J,5,FALSE),IF(LEFT(C77,3)="ELE",VLOOKUP(VALUE(RIGHT(C77,3)),#REF!,5,FALSE),IF(LEFT(C77,3)="CAB",VLOOKUP(VALUE(RIGHT(C77,3)),#REF!,5,FALSE),IF(LEFT(C77,3)="SEG",VLOOKUP(VALUE(RIGHT(C77,3)),'SEG-COMP'!B:J,5,FALSE),IF(LEFT(C77,3)="CLI",VLOOKUP(VALUE(RIGHT(C77,3)),'CLI-COMP'!B:J,5,FALSE),IF(LEFT(C77,4)="IMPL",VLOOKUP(VALUE(RIGHT(C77,3)),'IMPL-COMP'!B:J,5,FALSE),IF(LEFT(C77,4)="SPDA",VLOOKUP(VALUE(RIGHT(C77,3)),'SPDA-COMP'!B:J,5,FALSE),IF(LEFT(C77,4)="SDAI",VLOOKUP(VALUE(RIGHT(C77,3)),'ADM-COMP'!B:J,5,FALSE),IF(LEFT(C77,5)="IMPER",VLOOKUP(VALUE(RIGHT(C77,3)),'IMPER-COMP'!B:J,5,FALSE),"")))))))))))))))) -> M | F77: =ROUND(VLOOKUP(A77,'MEM-LEVANT'!A118:I2675,9,FALSE),2) -> 200 | G77: =IF(B77="IOPES",VLOOKUP(C77,'LABOR-SERVIÇOS'!A:H,7,FALSE),IF(B77="SINAPI",VLOOKUP(C77,'SINAPI-SERVIÇOS'!A:H,8,FALSE),IF(LEFT(C77,3)="ARQ",VLOOKUP(VALUE(RIGHT(C77,3)),'ARQ-COMP'!B:J,9,FALSE),IF(LEFT(C77,3)="SCI",VLOOKUP(VALUE(RIGHT(C77,3)),'GAS-COMP'!#REF!,9,FALSE),IF(LEFT(C77,3)="SCE",VLOOKUP(VALUE(RIGHT(C77,3)),'SCE-COMP'!B:J,9,FALSE),IF(LEFT(C77,3)="EST",VLOOKUP(VALUE(RIGHT(C77,3)),'EST-COMP'!B:J,9,FALSE),IF(LEFT(C77,3)="HID",VLOOKUP(VALUE(RIGHT(C77,3)),'HID-COMP'!B:J,9,FALSE),IF(LEFT(C77,3)="INC",VLOOKUP(VALUE(RIGHT(C77,3)),'INC-COMP'!B:J,9,FALSE),IF(LEFT(C77,3)="ELE",VLOOKUP(VALUE(RIGHT(C77,3)),#REF!,9,FALSE),IF(LEFT(C77,3)="CAB",VLOOKUP(VALUE(RIGHT(C77,3)),#REF!,9,FALSE),IF(LEFT(C77,3)="SEG",VLOOKUP(VALUE(RIGHT(C77,3)),'SEG-COMP'!B:J,9,FALSE),IF(LEFT(C77,3)="CLI",VLOOKUP(VALUE(RIGHT(C77,3)),'CLI-COMP'!B:J,9,FALSE),IF(LEFT(C77,4)="IMPL",VLOOKUP(VALUE(RIGHT(C77,3)),'IMPL-COMP'!B:J,9,FALSE),IF(LEFT(C77,4)="SPDA",VLOOKUP(VALUE(RIGHT(C77,3)),'SPDA-COMP'!B:J,9,FALSE),IF(LEFT(C77,4)="SDAI",VLOOKUP(VALUE(RIGHT(C77,3)),'ADM-COMP'!B:J,9,FALSE),IF(LEFT(C77,5)="IMPER",VLOOKUP(VALUE(RIGHT(C77,3)),'IMPER-COMP'!B:J,9,FALSE),"")))))))))))))))) -> 81.59 | H77: =ROUND(F77*G77,2) -> 16318 | I77: =H77/$H$441 -> 0.00095410676
A78: 03.03.05 | B78: IOPES | C78: ='LABOR-SERVIÇOS'!A194 -> 40602 | D78: =IF(B78="IOPES",VLOOKUP(C78,'LABOR-SERVIÇOS'!A:H,5,FALSE),IF(B78="SINAPI",VLOOKUP(C78,'SINAPI-SERVIÇOS'!A:D,2,FALSE),IF(LEFT(C78,3)="ARQ",VLOOKUP(VALUE(RIGHT(C78,3)),'ARQ-COMP'!B:J,4,FALSE),IF(LEFT(C78,3)="SCI",VLOOKUP(VALUE(RIGHT(C78,3)),'GAS-COMP'!#REF!,4,FALSE),IF(LEFT(C78,3)="SCE",VLOOKUP(VALUE(RIGHT(C78,3)),'SCE-COMP'!B:J,4,FALSE),IF(LEFT(C78,3)="EST",VLOOKUP(VALUE(RIGHT(C78,3)),'EST-COMP'!B:J,4,FALSE),IF(LEFT(C78,3)="HID",VLOOKUP(VALUE(RIGHT(C78,3)),'HID-COMP'!B:J,4,FALSE),IF(LEFT(C78,3)="INC",VLOOKUP(VALUE(RIGHT(C78,3)),'INC-COMP'!B:J,4,FALSE),IF(LEFT(C78,3)="ELE",VLOOKUP(VALUE(RIGHT(C78,3)),#REF!,4,FALSE),IF(LEFT(C78,3)="CAB",VLOOKUP(VALUE(RIGHT(C78,3)),#REF!,4,FALSE),IF(LEFT(C78,3)="SEG",VLOOKUP(VALUE(RIGHT(C78,3)),'SEG-COMP'!B:J,4,FALSE),IF(LEFT(C78,3)="CLI",VLOOKUP(VALUE(RIGHT(C78,3)),'CLI-COMP'!B:J,4,FALSE),IF(LEFT(C78,4)="IMPL",VLOOKUP(VALUE(RIGHT(C78,3)),'IMPL-COMP'!B:J,4,FALSE),IF(LEFT(C78,4)="SPDA",VLOOKUP(VALUE(RIGHT(C78,3)),'SPDA-COMP'!B:J,4,FALSE),IF(LEFT(C78,4)="SDAI",VLOOKUP(VALUE(RIGHT(C78,3)),'ADM-COMP'!B:J,4,FALSE),IF(LEFT(C78,5)="IMPER",VLOOKUP(VALUE(RIGHT(C78,3)),'IMPER-COMP'!B:J,4,FALSE),"")))))))))))))))) -> LAJE PRÉ-FABRICADA TRELIÇADA (H=8CM), SOBRECARGA 300 KG/M2, VÃO DE 3.5 A 4.3M, CAPEAMENTO 4CM, ELEMENTO DE ENCHIMENTO EM BLOCO CERÂMICO, ESPESSURA FINAL DA LAJE ? 12CM, FCK = 150 KG/CM2 | E78: =IF(B78="IOPES",VLOOKUP(C78,'LABOR-SERVIÇOS'!A:H,6,FALSE),IF(B78="SINAPI",VLOOKUP(C78,'SINAPI-SERVIÇOS'!A:D,3,FALSE),IF(LEFT(C78,3)="ARQ",VLOOKUP(VALUE(RIGHT(C78,3)),'ARQ-COMP'!B:J,5,FALSE),IF(LEFT(C78,3)="SCI",VLOOKUP(VALUE(RIGHT(C78,3)),'GAS-COMP'!#REF!,5,FALSE),IF(LEFT(C78,3)="SCE",VLOOKUP(VALUE(RIGHT(C78,3)),'SCE-COMP'!B:J,5,FALSE),IF(LEFT(C78,3)="EST",VLOOKUP(VALUE(RIGHT(C78,3)),'EST-COMP'!B:J,5,FALSE),IF(LEFT(C78,3)="HID",VLOOKUP(VALUE(RIGHT(C78,3)),'HID-COMP'!B:J,5,FALSE),IF(LEFT(C78,3)="INC",VLOOKUP(VALUE(RIGHT(C78,3)),'INC-COMP'!B:J,5,FALSE),IF(LEFT(C78,3)="ELE",VLOOKUP(VALUE(RIGHT(C78,3)),#REF!,5,FALSE),IF(LEFT(C78,3)="CAB",VLOOKUP(VALUE(RIGHT(C78,3)),#REF!,5,FALSE),IF(LEFT(C78,3)="SEG",VLOOKUP(VALUE(RIGHT(C78,3)),'SEG-COMP'!B:J,5,FALSE),IF(LEFT(C78,3)="CLI",VLOOKUP(VALUE(RIGHT(C78,3)),'CLI-COMP'!B:J,5,FALSE),IF(LEFT(C78,4)="IMPL",VLOOKUP(VALUE(RIGHT(C78,3)),'IMPL-COMP'!B:J,5,FALSE),IF(LEFT(C78,4)="SPDA",VLOOKUP(VALUE(RIGHT(C78,3)),'SPDA-COMP'!B:J,5,FALSE),IF(LEFT(C78,4)="SDAI",VLOOKUP(VALUE(RIGHT(C78,3)),'ADM-COMP'!B:J,5,FALSE),IF(LEFT(C78,5)="IMPER",VLOOKUP(VALUE(RIGHT(C78,3)),'IMPER-COMP'!B:J,5,FALSE),"")))))))))))))))) -> M2 | F78: =ROUND(VLOOKUP(A78,'MEM-LEVANT'!A119:I2676,9,FALSE),2) -> 324.23 | G78: =IF(B78="IOPES",VLOOKUP(C78,'LABOR-SERVIÇOS'!A:H,7,FALSE),IF(B78="SINAPI",VLOOKUP(C78,'SINAPI-SERVIÇOS'!A:H,8,FALSE),IF(LEFT(C78,3)="ARQ",VLOOKUP(VALUE(RIGHT(C78,3)),'ARQ-COMP'!B:J,9,FALSE),IF(LEFT(C78,3)="SCI",VLOOKUP(VALUE(RIGHT(C78,3)),'GAS-COMP'!#REF!,9,FALSE),IF(LEFT(C78,3)="SCE",VLOOKUP(VALUE(RIGHT(C78,3)),'SCE-COMP'!B:J,9,FALSE),IF(LEFT(C78,3)="EST",VLOOKUP(VALUE(RIGHT(C78,3)),'EST-COMP'!B:J,9,FALSE),IF(LEFT(C78,3)="HID",VLOOKUP(VALUE(RIGHT(C78,3)),'HID-COMP'!B:J,9,FALSE),IF(LEFT(C78,3)="INC",VLOOKUP(VALUE(RIGHT(C78,3)),'INC-COMP'!B:J,9,FALSE),IF(LEFT(C78,3)="ELE",VLOOKUP(VALUE(RIGHT(C78,3)),#REF!,9,FALSE),IF(LEFT(C78,3)="CAB",VLOOKUP(VALUE(RIGHT(C78,3)),#REF!,9,FALSE),IF(LEFT(C78,3)="SEG",VLOOKUP(VALUE(RIGHT(C78,3)),'SEG-COMP'!B:J,9,FALSE),IF(LEFT(C78,3)="CLI",VLOOKUP(VALUE(RIGHT(C78,3)),'CLI-COMP'!B:J,9,FALSE),IF(LEFT(C78,4)="IMPL",VLOOKUP(VALUE(RIGHT(C78,3)),'IMPL-COMP'!B:J,9,FALSE),IF(LEFT(C78,4)="SPDA",VLOOKUP(VALUE(RIGHT(C78,3)),'SPDA-COMP'!B:J,9,FALSE),IF(LEFT(C78,4)="SDAI",VLOOKUP(VALUE(RIGHT(C78,3)),'ADM-COMP'!B:J,9,FALSE),IF(LEFT(C78,5)="IMPER",VLOOKUP(VALUE(RIGHT(C78,3)),'IMPER-COMP'!B:J,9,FALSE),"")))))))))))))))) -> 191.99 | H78: =ROUND(F78*G78,2) -> 62248.92 | I78: =H78/$H$441 -> 0.0036396688
A79: 03.03.06 | B79: COMP | C79: ARQ-004 | D79: =IF(B79="IOPES",VLOOKUP(C79,'LABOR-SERVIÇOS'!A:H,5,FALSE),IF(B79="SINAPI",VLOOKUP(C79,'SINAPI-SERVIÇOS'!A:D,2,FALSE),IF(LEFT(C79,3)="ARQ",VLOOKUP(VALUE(RIGHT(C79,3)),'ARQ-COMP'!B:J,4,FALSE),IF(LEFT(C79,3)="SCI",VLOOKUP(VALUE(RIGHT(C79,3)),'GAS-COMP'!#REF!,4,FALSE),IF(LEFT(C79,3)="SCE",VLOOKUP(VALUE(RIGHT(C79,3)),'SCE-COMP'!B:J,4,FALSE),IF(LEFT(C79,3)="EST",VLOOKUP(VALUE(RIGHT(C79,3)),'EST-COMP'!B:J,4,FALSE),IF(LEFT(C79,3)="HID",VLOOKUP(VALUE(RIGHT(C79,3)),'HID-COMP'!B:J,4,FALSE),IF(LEFT(C79,3)="INC",VLOOKUP(VALUE(RIGHT(C79,3)),'INC-COMP'!B:J,4,FALSE),IF(LEFT(C79,3)="ELE",VLOOKUP(VALUE(RIGHT(C79,3)),#REF!,4,FALSE),IF(LEFT(C79,3)="CAB",VLOOKUP(VALUE(RIGHT(C79,3)),#REF!,4,FALSE),IF(LEFT(C79,3)="SEG",VLOOKUP(VALUE(RIGHT(C79,3)),'SEG-COMP'!B:J,4,FALSE),IF(LEFT(C79,3)="CLI",VLOOKUP(VALUE(RIGHT(C79,3)),'CLI-COMP'!B:J,4,FALSE),IF(LEFT(C79,4)="IMPL",VLOOKUP(VALUE(RIGHT(C79,3)),'IMPL-COMP'!B:J,4,FALSE),IF(LEFT(C79,4)="SPDA",VLOOKUP(VALUE(RIGHT(C79,3)),'SPDA-COMP'!B:J,4,FALSE),IF(LEFT(C79,4)="SDAI",VLOOKUP(VALUE(RIGHT(C79,3)),'ADM-COMP'!B:J,4,FALSE),IF(LEFT(C79,5)="IMPER",VLOOKUP(VALUE(RIGHT(C79,3)),'IMPER-COMP'!B:J,4,FALSE),"")))))))))))))))) -> ESCORAMENTO METÁLICO - LAJE NERVURADA | E79: =IF(B79="IOPES",VLOOKUP(C79,'LABOR-SERVIÇOS'!A:H,6,FALSE),IF(B79="SINAPI",VLOOKUP(C79,'SINAPI-SERVIÇOS'!A:D,3,FALSE),IF(LEFT(C79,3)="ARQ",VLOOKUP(VALUE(RIGHT(C79,3)),'ARQ-COMP'!B:J,5,FALSE),IF(LEFT(C79,3)="SCI",VLOOKUP(VALUE(RIGHT(C79,3)),'GAS-COMP'!#REF!,5,FALSE),IF(LEFT(C79,3)="SCE",VLOOKUP(VALUE(RIGHT(C79,3)),'SCE-COMP'!B:J,5,FALSE),IF(LEFT(C79,3)="EST",VLOOKUP(VALUE(RIGHT(C79,3)),'EST-COMP'!B:J,5,FALSE),IF(LEFT(C79,3)="HID",VLOOKUP(VALUE(RIGHT(C79,3)),'HID-COMP'!B:J,5,FALSE),IF(LEFT(C79,3)="INC",VLOOKUP(VALUE(RIGHT(C79,3)),'INC-COMP'!B:J,5,FALSE),IF(LEFT(C79,3)="ELE",VLOOKUP(VALUE(RIGHT(C79,3)),#REF!,5,FALSE),IF(LEFT(C79,3)="CAB",VLOOKUP(VALUE(RIGHT(C79,3)),#REF!,5,FALSE),IF(LEFT(C79,3)="SEG",VLOOKUP(VALUE(RIGHT(C79,3)),'SEG-COMP'!B:J,5,FALSE),IF(LEFT(C79,3)="CLI",VLOOKUP(VALUE(RIGHT(C79,3)),'CLI-COMP'!B:J,5,FALSE),IF(LEFT(C79,4)="IMPL",VLOOKUP(VALUE(RIGHT(C79,3)),'IMPL-COMP'!B:J,5,FALSE),IF(LEFT(C79,4)="SPDA",VLOOKUP(VALUE(RIGHT(C79,3)),'SPDA-COMP'!B:J,5,FALSE),IF(LEFT(C79,4)="SDAI",VLOOKUP(VALUE(RIGHT(C79,3)),'ADM-COMP'!B:J,5,FALSE),IF(LEFT(C79,5)="IMPER",VLOOKUP(VALUE(RIGHT(C79,3)),'IMPER-COMP'!B:J,5,FALSE),"")))))))))))))))) -> MENSAL | F79: =ROUND(VLOOKUP(A79,'MEM-LEVANT'!A120:I2677,9,FALSE),2) -> 1 | G79: =IF(B79="IOPES",VLOOKUP(C79,'LABOR-SERVIÇOS'!A:H,7,FALSE),IF(B79="SINAPI",VLOOKUP(C79,'SINAPI-SERVIÇOS'!A:H,8,FALSE),IF(LEFT(C79,3)="ARQ",VLOOKUP(VALUE(RIGHT(C79,3)),'ARQ-COMP'!B:J,9,FALSE),IF(LEFT(C79,3)="SCI",VLOOKUP(VALUE(RIGHT(C79,3)),'GAS-COMP'!#REF!,9,FALSE),IF(LEFT(C79,3)="SCE",VLOOKUP(VALUE(RIGHT(C79,3)),'SCE-COMP'!B:J,9,FALSE),IF(LEFT(C79,3)="EST",VLOOKUP(VALUE(RIGHT(C79,3)),'EST-COMP'!B:J,9,FALSE),IF(LEFT(C79,3)="HID",VLOOKUP(VALUE(RIGHT(C79,3)),'HID-COMP'!B:J,9,FALSE),IF(LEFT(C79,3)="INC",VLOOKUP(VALUE(RIGHT(C79,3)),'INC-COMP'!B:J,9,FALSE),IF(LEFT(C79,3)="ELE",VLOOKUP(VALUE(RIGHT(C79,3)),#REF!,9,FALSE),IF(LEFT(C79,3)="CAB",VLOOKUP(VALUE(RIGHT(C79,3)),#REF!,9,FALSE),IF(LEFT(C79,3)="SEG",VLOOKUP(VALUE(RIGHT(C79,3)),'SEG-COMP'!B:J,9,FALSE),IF(LEFT(C79,3)="CLI",VLOOKUP(VALUE(RIGHT(C79,3)),'CLI-COMP'!B:J,9,FALSE),IF(LEFT(C79,4)="IMPL",VLOOKUP(VALUE(RIGHT(C79,3)),'IMPL-COMP'!B:J,9,FALSE),IF(LEFT(C79,4)="SPDA",VLOOKUP(VALUE(RIGHT(C79,3)),'SPDA-COMP'!B:J,9,FALSE),IF(LEFT(C79,4)="SDAI",VLOOKUP(VALUE(RIGHT(C79,3)),'ADM-COMP'!B:J,9,FALSE),IF(LEFT(C79,5)="IMPER",VLOOKUP(VALUE(RIGHT(C79,3)),'IMPER-COMP'!B:J,9,FALSE),"")))))))))))))))) -> 436854.6 | H79: =ROUND(F79*G79,2) -> 436854.6 | I79: =H79/$H$441 -> 0.025542709
D80: TOTAL DO ITEM 3.0 | H80: =SUM(H61:H79) -> 3617688.8 | I80: =H80/$H$441 -> 0.21152478
A82: 04 | D82: PAREDES E PAINÉIS
A83: 04.01 | D83: ALVENARIA DE VEDAÇÃO
A84: 04.01.01 | B84: IOPES | C84: =50608 -> 50608 | D84: =IF(B84="IOPES",VLOOKUP(C84,'LABOR-SERVIÇOS'!A:H,5,FALSE),IF(B84="SINAPI",VLOOKUP(C84,'SINAPI-SERVIÇOS'!A:D,2,FALSE),IF(LEFT(C84,3)="ARQ",VLOOKUP(VALUE(RIGHT(C84,3)),'ARQ-COMP'!B:J,4,FALSE),IF(LEFT(C84,3)="SCI",VLOOKUP(VALUE(RIGHT(C84,3)),'GAS-COMP'!#REF!,4,FALSE),IF(LEFT(C84,3)="SCE",VLOOKUP(VALUE(RIGHT(C84,3)),'SCE-COMP'!B:J,4,FALSE),IF(LEFT(C84,3)="EST",VLOOKUP(VALUE(RIGHT(C84,3)),'EST-COMP'!B:J,4,FALSE),IF(LEFT(C84,3)="HID",VLOOKUP(VALUE(RIGHT(C84,3)),'HID-COMP'!B:J,4,FALSE),IF(LEFT(C84,3)="INC",VLOOKUP(VALUE(RIGHT(C84,3)),'INC-COMP'!B:J,4,FALSE),IF(LEFT(C84,3)="ELE",VLOOKUP(VALUE(RIGHT(C84,3)),#REF!,4,FALSE),IF(LEFT(C84,3)="CAB",VLOOKUP(VALUE(RIGHT(C84,3)),#REF!,4,FALSE),IF(LEFT(C84,3)="SEG",VLOOKUP(VALUE(RIGHT(C84,3)),'SEG-COMP'!B:J,4,FALSE),IF(LEFT(C84,3)="CLI",VLOOKUP(VALUE(RIGHT(C84,3)),'CLI-COMP'!B:J,4,FALSE),IF(LEFT(C84,4)="IMPL",VLOOKUP(VALUE(RIGHT(C84,3)),'IMPL-COMP'!B:J,4,FALSE),IF(LEFT(C84,4)="SPDA",VLOOKUP(VALUE(RIGHT(C84,3)),'SPDA-COMP'!B:J,4,FALSE),IF(LEFT(C84,4)="SDAI",VLOOKUP(VALUE(RIGHT(C84,3)),'ADM-COMP'!B:J,4,FALSE),IF(LEFT(C84,5)="IMPER",VLOOKUP(VALUE(RIGHT(C84,3)),'IMPER-COMP'!B:J,4,FALSE),"")))))))))))))))) -> ALVENARIA DE VEDAÇÃO COM BLOCOS CERÂMICOS FURADOS 9X19X19CM, ASSENTADOS C/ ARGAMASSA DE CIMENTO, CAL HIDRATADA CH1 E AREIA NO TRAÇO 1:0,5:8, PREPARO COM BETONEIRA, JUNTAS 10MM E ESP. DAS PAREDES S/REVESTIMENTO, 19CM, BLOCO DEITADO (BLOCO COMPRADO FÁBRICA, POSTO OBRA) | E84: =IF(B84="IOPES",VLOOKUP(C84,'LABOR-SERVIÇOS'!A:H,6,FALSE),IF(B84="SINAPI",VLOOKUP(C84,'SINAPI-SERVIÇOS'!A:D,3,FALSE),IF(LEFT(C84,3)="ARQ",VLOOKUP(VALUE(RIGHT(C84,3)),'ARQ-COMP'!B:J,5,FALSE),IF(LEFT(C84,3)="SCI",VLOOKUP(VALUE(RIGHT(C84,3)),'GAS-COMP'!#REF!,5,FALSE),IF(LEFT(C84,3)="SCE",VLOOKUP(VALUE(RIGHT(C84,3)),'SCE-COMP'!B:J,5,FALSE),IF(LEFT(C84,3)="EST",VLOOKUP(VALUE(RIGHT(C84,3)),'EST-COMP'!B:J,5,FALSE),IF(LEFT(C84,3)="HID",VLOOKUP(VALUE(RIGHT(C84,3)),'HID-COMP'!B:J,5,FALSE),IF(LEFT(C84,3)="INC",VLOOKUP(VALUE(RIGHT(C84,3)),'INC-COMP'!B:J,5,FALSE),IF(LEFT(C84,3)="ELE",VLOOKUP(VALUE(RIGHT(C84,3)),#REF!,5,FALSE),IF(LEFT(C84,3)="CAB",VLOOKUP(VALUE(RIGHT(C84,3)),#REF!,5,FALSE),IF(LEFT(C84,3)="SEG",VLOOKUP(VALUE(RIGHT(C84,3)),'SEG-COMP'!B:J,5,FALSE),IF(LEFT(C84,3)="CLI",VLOOKUP(VALUE(RIGHT(C84,3)),'CLI-COMP'!B:J,5,FALSE),IF(LEFT(C84,4)="IMPL",VLOOKUP(VALUE(RIGHT(C84,3)),'IMPL-COMP'!B:J,5,FALSE),IF(LEFT(C84,4)="SPDA",VLOOKUP(VALUE(RIGHT(C84,3)),'SPDA-COMP'!B:J,5,FALSE),IF(LEFT(C84,4)="SDAI",VLOOKUP(VALUE(RIGHT(C84,3)),'ADM-COMP'!B:J,5,FALSE),IF(LEFT(C84,5)="IMPER",VLOOKUP(VALUE(RIGHT(C84,3)),'IMPER-COMP'!B:J,5,FALSE),"")))))))))))))))) -> M2 | F84: =ROUND(VLOOKUP(A84,'MEM-LEVANT'!A128:I2683,9,FALSE),2) -> 2812.97 | G84: =IF(B84="IOPES",VLOOKUP(C84,'LABOR-SERVIÇOS'!A:H,7,FALSE),IF(B84="SINAPI",VLOOKUP(C84,'SINAPI-SERVIÇOS'!A:H,8,FALSE),IF(LEFT(C84,3)="ARQ",VLOOKUP(VALUE(RIGHT(C84,3)),'ARQ-COMP'!B:J,9,FALSE),IF(LEFT(C84,3)="SCI",VLOOKUP(VALUE(RIGHT(C84,3)),'GAS-COMP'!#REF!,9,FALSE),IF(LEFT(C84,3)="SCE",VLOOKUP(VALUE(RIGHT(C84,3)),'SCE-COMP'!B:J,9,FALSE),IF(LEFT(C84,3)="EST",VLOOKUP(VALUE(RIGHT(C84,3)),'EST-COMP'!B:J,9,FALSE),IF(LEFT(C84,3)="HID",VLOOKUP(VALUE(RIGHT(C84,3)),'HID-COMP'!B:J,9,FALSE),IF(LEFT(C84,3)="INC",VLOOKUP(VALUE(RIGHT(C84,3)),'INC-COMP'!B:J,9,FALSE),IF(LEFT(C84,3)="ELE",VLOOKUP(VALUE(RIGHT(C84,3)),#REF!,9,FALSE),IF(LEFT(C84,3)="CAB",VLOOKUP(VALUE(RIGHT(C84,3)),#REF!,9,FALSE),IF(LEFT(C84,3)="SEG",VLOOKUP(VALUE(RIGHT(C84,3)),'SEG-COMP'!B:J,9,FALSE),IF(LEFT(C84,3)="CLI",VLOOKUP(VALUE(RIGHT(C84,3)),'CLI-COMP'!B:J,9,FALSE),IF(LEFT(C84,4)="IMPL",VLOOKUP(VALUE(RIGHT(C84,3)),'IMPL-COMP'!B:J,9,FALSE),IF(LEFT(C84,4)="SPDA",VLOOKUP(VALUE(RIGHT(C84,3)),'SPDA-COMP'!B:J,9,FALSE),IF(LEFT(C84,4)="SDAI",VLOOKUP(VALUE(RIGHT(C84,3)),'ADM-COMP'!B:J,9,FALSE),IF(LEFT(C84,5)="IMPER",VLOOKUP(VALUE(RIGHT(C84,3)),'IMPER-COMP'!B:J,9,FALSE),"")))))))))))))))) -> 134.93 | H84: =ROUND(F84*G84,2) -> 379554.04 | I84: =H84/$H$441 -> 0.022192369
A85: 04.01.02 | B85: IOPES | C85: =50122 -> 50122 | D85: =IF(B85="IOPES",VLOOKUP(C85,'LABOR-SERVIÇOS'!A:H,5,FALSE),IF(B85="SINAPI",VLOOKUP(C85,'SINAPI-SERVIÇOS'!A:D,2,FALSE),IF(LEFT(C85,3)="ARQ",VLOOKUP(VALUE(RIGHT(C85,3)),'ARQ-COMP'!B:J,4,FALSE),IF(LEFT(C85,3)="SCI",VLOOKUP(VALUE(RIGHT(C85,3)),'GAS-COMP'!#REF!,4,FALSE),IF(LEFT(C85,3)="SCE",VLOOKUP(VALUE(RIGHT(C85,3)),'SCE-COMP'!B:J,4,FALSE),IF(LEFT(C85,3)="EST",VLOOKUP(VALUE(RIGHT(C85,3)),'EST-COMP'!B:J,4,FALSE),IF(LEFT(C85,3)="HID",VLOOKUP(VALUE(RIGHT(C85,3)),'HID-COMP'!B:J,4,FALSE),IF(LEFT(C85,3)="INC",VLOOKUP(VALUE(RIGHT(C85,3)),'INC-COMP'!B:J,4,FALSE),IF(LEFT(C85,3)="ELE",VLOOKUP(VALUE(RIGHT(C85,3)),#REF!,4,FALSE),IF(LEFT(C85,3)="CAB",VLOOKUP(VALUE(RIGHT(C85,3)),#REF!,4,FALSE),IF(LEFT(C85,3)="SEG",VLOOKUP(VALUE(RIGHT(C85,3)),'SEG-COMP'!B:J,4,FALSE),IF(LEFT(C85,3)="CLI",VLOOKUP(VALUE(RIGHT(C85,3)),'CLI-COMP'!B:J,4,FALSE),IF(LEFT(C85,4)="IMPL",VLOOKUP(VALUE(RIGHT(C85,3)),'IMPL-COMP'!B:J,4,FALSE),IF(LEFT(C85,4)="SPDA",VLOOKUP(VALUE(RIGHT(C85,3)),'SPDA-COMP'!B:J,4,FALSE),IF(LEFT(C85,4)="SDAI",VLOOKUP(VALUE(RIGHT(C85,3)),'ADM-COMP'!B:J,4,FALSE),IF(LEFT(C85,5)="IMPER",VLOOKUP(VALUE(RIGHT(C85,3)),'IMPER-COMP'!B:J,4,FALSE),"")))))))))))))))) -> ELEMENTO VAZADO DE CONCRETO (COBOGÓ) 20 X 20 X 10CM, TIPO CRUZETA,ASSENTADOS COM ARGAMASSA DE CIMENTO E AREIA PENEIRADA NO TRAÇO 1:3, ESPESSURA DAS JUNTAS 15 MM, PREPARO MANUAL | E85: =IF(B85="IOPES",VLOOKUP(C85,'LABOR-SERVIÇOS'!A:H,6,FALSE),IF(B85="SINAPI",VLOOKUP(C85,'SINAPI-SERVIÇOS'!A:D,3,FALSE),IF(LEFT(C85,3)="ARQ",VLOOKUP(VALUE(RIGHT(C85,3)),'ARQ-COMP'!B:J,5,FALSE),IF(LEFT(C85,3)="SCI",VLOOKUP(VALUE(RIGHT(C85,3)),'GAS-COMP'!#REF!,5,FALSE),IF(LEFT(C85,3)="SCE",VLOOKUP(VALUE(RIGHT(C85,3)),'SCE-COMP'!B:J,5,FALSE),IF(LEFT(C85,3)="EST",VLOOKUP(VALUE(RIGHT(C85,3)),'EST-COMP'!B:J,5,FALSE),IF(LEFT(C85,3)="HID",VLOOKUP(VALUE(RIGHT(C85,3)),'HID-COMP'!B:J,5,FALSE),IF(LEFT(C85,3)="INC",VLOOKUP(VALUE(RIGHT(C85,3)),'INC-COMP'!B:J,5,FALSE),IF(LEFT(C85,3)="ELE",VLOOKUP(VALUE(RIGHT(C85,3)),#REF!,5,FALSE),IF(LEFT(C85,3)="CAB",VLOOKUP(VALUE(RIGHT(C85,3)),#REF!,5,FALSE),IF(LEFT(C85,3)="SEG",VLOOKUP(VALUE(RIGHT(C85,3)),'SEG-COMP'!B:J,5,FALSE),IF(LEFT(C85,3)="CLI",VLOOKUP(VALUE(RIGHT(C85,3)),'CLI-COMP'!B:J,5,FALSE),IF(LEFT(C85,4)="IMPL",VLOOKUP(VALUE(RIGHT(C85,3)),'IMPL-COMP'!B:J,5,FALSE),IF(LEFT(C85,4)="SPDA",VLOOKUP(VALUE(RIGHT(C85,3)),'SPDA-COMP'!B:J,5,FALSE),IF(LEFT(C85,4)="SDAI",VLOOKUP(VALUE(RIGHT(C85,3)),'ADM-COMP'!B:J,5,FALSE),IF(LEFT(C85,5)="IMPER",VLOOKUP(VALUE(RIGHT(C85,3)),'IMPER-COMP'!B:J,5,FALSE),"")))))))))))))))) -> M2 | F85: =ROUND(VLOOKUP(A85,'MEM-LEVANT'!A130:I2685,9,FALSE),2) -> 50.49 | G85: =IF(B85="IOPES",VLOOKUP(C85,'LABOR-SERVIÇOS'!A:H,7,FALSE),IF(B85="SINAPI",VLOOKUP(C85,'SINAPI-SERVIÇOS'!A:H,8,FALSE),IF(LEFT(C85,3)="ARQ",VLOOKUP(VALUE(RIGHT(C85,3)),'ARQ-COMP'!B:J,9,FALSE),IF(LEFT(C85,3)="SCI",VLOOKUP(VALUE(RIGHT(C85,3)),'GAS-COMP'!#REF!,9,FALSE),IF(LEFT(C85,3)="SCE",VLOOKUP(VALUE(RIGHT(C85,3)),'SCE-COMP'!B:J,9,FALSE),IF(LEFT(C85,3)="EST",VLOOKUP(VALUE(RIGHT(C85,3)),'EST-COMP'!B:J,9,FALSE),IF(LEFT(C85,3)="HID",VLOOKUP(VALUE(RIGHT(C85,3)),'HID-COMP'!B:J,9,FALSE),IF(LEFT(C85,3)="INC",VLOOKUP(VALUE(RIGHT(C85,3)),'INC-COMP'!B:J,9,FALSE),IF(LEFT(C85,3)="ELE",VLOOKUP(VALUE(RIGHT(C85,3)),#REF!,9,FALSE),IF(LEFT(C85,3)="CAB",VLOOKUP(VALUE(RIGHT(C85,3)),#REF!,9,FALSE),IF(LEFT(C85,3)="SEG",VLOOKUP(VALUE(RIGHT(C85,3)),'SEG-COMP'!B:J,9,FALSE),IF(LEFT(C85,3)="CLI",VLOOKUP(VALUE(RIGHT(C85,3)),'CLI-COMP'!B:J,9,FALSE),IF(LEFT(C85,4)="IMPL",VLOOKUP(VALUE(RIGHT(C85,3)),'IMPL-COMP'!B:J,9,FALSE),IF(LEFT(C85,4)="SPDA",VLOOKUP(VALUE(RIGHT(C85,3)),'SPDA-COMP'!B:J,9,FALSE),IF(LEFT(C85,4)="SDAI",VLOOKUP(VALUE(RIGHT(C85,3)),'ADM-COMP'!B:J,9,FALSE),IF(LEFT(C85,5)="IMPER",VLOOKUP(VALUE(RIGHT(C85,3)),'IMPER-COMP'!B:J,9,FALSE),"")))))))))))))))) -> 462.95 | H85: =ROUND(F85*G85,2) -> 23374.35 | I85: =H85/$H$441 -> 0.0013666886
A86: 04.01.03 | B86: IOPES | C86: =50206 -> 50206 | D86: =IF(B86="IOPES",VLOOKUP(C86,'LABOR-SERVIÇOS'!A:H,5,FALSE),IF(B86="SINAPI",VLOOKUP(C86,'SINAPI-SERVIÇOS'!A:D,2,FALSE),IF(LEFT(C86,3)="ARQ",VLOOKUP(VALUE(RIGHT(C86,3)),'ARQ-COMP'!B:J,4,FALSE),IF(LEFT(C86,3)="SCI",VLOOKUP(VALUE(RIGHT(C86,3)),'GAS-COMP'!#REF!,4,FALSE),IF(LEFT(C86,3)="SCE",VLOOKUP(VALUE(RIGHT(C86,3)),'SCE-COMP'!B:J,4,FALSE),IF(LEFT(C86,3)="EST",VLOOKUP(VALUE(RIGHT(C86,3)),'EST-COMP'!B:J,4,FALSE),IF(LEFT(C86,3)="HID",VLOOKUP(VALUE(RIGHT(C86,3)),'HID-COMP'!B:J,4,FALSE),IF(LEFT(C86,3)="INC",VLOOKUP(VALUE(RIGHT(C86,3)),'INC-COMP'!B:J,4,FALSE),IF(LEFT(C86,3)="ELE",VLOOKUP(VALUE(RIGHT(C86,3)),#REF!,4,FALSE),IF(LEFT(C86,3)="CAB",VLOOKUP(VALUE(RIGHT(C86,3)),#REF!,4,FALSE),IF(LEFT(C86,3)="SEG",VLOOKUP(VALUE(RIGHT(C86,3)),'SEG-COMP'!B:J,4,FALSE),IF(LEFT(C86,3)="CLI",VLOOKUP(VALUE(RIGHT(C86,3)),'CLI-COMP'!B:J,4,FALSE),IF(LEFT(C86,4)="IMPL",VLOOKUP(VALUE(RIGHT(C86,3)),'IMPL-COMP'!B:J,4,FALSE),IF(LEFT(C86,4)="SPDA",VLOOKUP(VALUE(RIGHT(C86,3)),'SPDA-COMP'!B:J,4,FALSE),IF(LEFT(C86,4)="SDAI",VLOOKUP(VALUE(RIGHT(C86,3)),'ADM-COMP'!B:J,4,FALSE),IF(LEFT(C86,5)="IMPER",VLOOKUP(VALUE(RIGHT(C86,3)),'IMPER-COMP'!B:J,4,FALSE),"")))))))))))))))) -> DIVISÓRIA SANITÁRIA DE GRANITO CINZA ANDORINHA ESP. 3 CM, FIXADA COM CANTONEIRA DE FERRO CROMADO | E86: =IF(B86="IOPES",VLOOKUP(C86,'LABOR-SERVIÇOS'!A:H,6,FALSE),IF(B86="SINAPI",VLOOKUP(C86,'SINAPI-SERVIÇOS'!A:D,3,FALSE),IF(LEFT(C86,3)="ARQ",VLOOKUP(VALUE(RIGHT(C86,3)),'ARQ-COMP'!B:J,5,FALSE),IF(LEFT(C86,3)="SCI",VLOOKUP(VALUE(RIGHT(C86,3)),'GAS-COMP'!#REF!,5,FALSE),IF(LEFT(C86,3)="SCE",VLOOKUP(VALUE(RIGHT(C86,3)),'SCE-COMP'!B:J,5,FALSE),IF(LEFT(C86,3)="EST",VLOOKUP(VALUE(RIGHT(C86,3)),'EST-COMP'!B:J,5,FALSE),IF(LEFT(C86,3)="HID",VLOOKUP(VALUE(RIGHT(C86,3)),'HID-COMP'!B:J,5,FALSE),IF(LEFT(C86,3)="INC",VLOOKUP(VALUE(RIGHT(C86,3)),'INC-COMP'!B:J,5,FALSE),IF(LEFT(C86,3)="ELE",VLOOKUP(VALUE(RIGHT(C86,3)),#REF!,5,FALSE),IF(LEFT(C86,3)="CAB",VLOOKUP(VALUE(RIGHT(C86,3)),#REF!,5,FALSE),IF(LEFT(C86,3)="SEG",VLOOKUP(VALUE(RIGHT(C86,3)),'SEG-COMP'!B:J,5,FALSE),IF(LEFT(C86,3)="CLI",VLOOKUP(VALUE(RIGHT(C86,3)),'CLI-COMP'!B:J,5,FALSE),IF(LEFT(C86,4)="IMPL",VLOOKUP(VALUE(RIGHT(C86,3)),'IMPL-COMP'!B:J,5,FALSE),IF(LEFT(C86,4)="SPDA",VLOOKUP(VALUE(RIGHT(C86,3)),'SPDA-COMP'!B:J,5,FALSE),IF(LEFT(C86,4)="SDAI",VLOOKUP(VALUE(RIGHT(C86,3)),'ADM-COMP'!B:J,5,FALSE),IF(LEFT(C86,5)="IMPER",VLOOKUP(VALUE(RIGHT(C86,3)),'IMPER-COMP'!B:J,5,FALSE),"")))))))))))))))) -> M2 | F86: =ROUND(VLOOKUP(A86,'MEM-LEVANT'!A134:I2687,9,FALSE),2) -> 176.26 | G86: =IF(B86="IOPES",VLOOKUP(C86,'LABOR-SERVIÇOS'!A:H,7,FALSE),IF(B86="SINAPI",VLOOKUP(C86,'SINAPI-SERVIÇOS'!A:H,8,FALSE),IF(LEFT(C86,3)="ARQ",VLOOKUP(VALUE(RIGHT(C86,3)),'ARQ-COMP'!B:J,9,FALSE),IF(LEFT(C86,3)="SCI",VLOOKUP(VALUE(RIGHT(C86,3)),'GAS-COMP'!#REF!,9,FALSE),IF(LEFT(C86,3)="SCE",VLOOKUP(VALUE(RIGHT(C86,3)),'SCE-COMP'!B:J,9,FALSE),IF(LEFT(C86,3)="EST",VLOOKUP(VALUE(RIGHT(C86,3)),'EST-COMP'!B:J,9,FALSE),IF(LEFT(C86,3)="HID",VLOOKUP(VALUE(RIGHT(C86,3)),'HID-COMP'!B:J,9,FALSE),IF(LEFT(C86,3)="INC",VLOOKUP(VALUE(RIGHT(C86,3)),'INC-COMP'!B:J,9,FALSE),IF(LEFT(C86,3)="ELE",VLOOKUP(VALUE(RIGHT(C86,3)),#REF!,9,FALSE),IF(LEFT(C86,3)="CAB",VLOOKUP(VALUE(RIGHT(C86,3)),#REF!,9,FALSE),IF(LEFT(C86,3)="SEG",VLOOKUP(VALUE(RIGHT(C86,3)),'SEG-COMP'!B:J,9,FALSE),IF(LEFT(C86,3)="CLI",VLOOKUP(VALUE(RIGHT(C86,3)),'CLI-COMP'!B:J,9,FALSE),IF(LEFT(C86,4)="IMPL",VLOOKUP(VALUE(RIGHT(C86,3)),'IMPL-COMP'!B:J,9,FALSE),IF(LEFT(C86,4)="SPDA",VLOOKUP(VALUE(RIGHT(C86,3)),'SPDA-COMP'!B:J,9,FALSE),IF(LEFT(C86,4)="SDAI",VLOOKUP(VALUE(RIGHT(C86,3)),'ADM-COMP'!B:J,9,FALSE),IF(LEFT(C86,5)="IMPER",VLOOKUP(VALUE(RIGHT(C86,3)),'IMPER-COMP'!B:J,9,FALSE),"")))))))))))))))) -> 610.26 | H86: =ROUND(F86*G86,2) -> 107564.43 | I86: =H86/$H$441 -> 0.0062892481
A87: 04.01.04 | B87: SINAPI | C87: 104724 | D87: PAREDE COM SISTEMA EM CHAPAS DE GESSO PARA DRYWALL, USO INTERNO, COM UMA FACE SIMPLES E ESTRUTURA METÁLICA COM GUIAS SIMPLES PARA PAREDES COM ÁREA LÍQUIDA MENOR QUE 6 M2, COM VÃOS. AF_07/2023_PS | E87: M2 | F87: =ROUND(VLOOKUP(A87,'MEM-LEVANT'!A135:I2688,9,FALSE),2) -> 1799.62 | G87: =85.03*(1+$K$4) -> 111.3978 | H87: =ROUND(F87*G87,2) -> 200473.71 | I87: =H87/$H$441 -> 0.011721616
A88: 04.01.05 | B88: ORSE | C88: 14034 | D88: =UPPER("Fornecimento e montagem de drywall montado com placa cimentícia e=12,5mm, inclusive perfi l = 0,95mm. Inclusive montagem") -> FORNECIMENTO E MONTAGEM DE DRYWALL MONTADO COM PLACA CIMENTÍCIA E=12,5MM, INCLUSIVE PERFI L = 0,95MM. INCLUSIVE MONTAGEM | E88: M2 | F88: =ROUND(VLOOKUP(A88,'MEM-LEVANT'!A136:I2689,9,FALSE),2) -> 628.12 | G88: =280*(1+$K$4) -> 366.828 | H88: =ROUND(F88*G88,2) -> 230412 | I88: =H88/$H$441 -> 0.013472095
A89: 04.02 | D89: VERGAS/CONTRAVERGA
A90: 04.02.01 | B90: IOPES | C90: =50301 -> 50301 | D90: =IF(B90="IOPES",VLOOKUP(C90,'LABOR-SERVIÇOS'!A:H,5,FALSE),IF(B90="SINAPI",VLOOKUP(C90,'SINAPI-SERVIÇOS'!A:D,2,FALSE),IF(LEFT(C90,3)="ARQ",VLOOKUP(VALUE(RIGHT(C90,3)),'ARQ-COMP'!B:J,4,FALSE),IF(LEFT(C90,3)="SCI",VLOOKUP(VALUE(RIGHT(C90,3)),'GAS-COMP'!#REF!,4,FALSE),IF(LEFT(C90,3)="SCE",VLOOKUP(VALUE(RIGHT(C90,3)),'SCE-COMP'!B:J,4,FALSE),IF(LEFT(C90,3)="EST",VLOOKUP(VALUE(RIGHT(C90,3)),'EST-COMP'!B:J,4,FALSE),IF(LEFT(C90,3)="HID",VLOOKUP(VALUE(RIGHT(C90,3)),'HID-COMP'!B:J,4,FALSE),IF(LEFT(C90,3)="INC",VLOOKUP(VALUE(RIGHT(C90,3)),'INC-COMP'!B:J,4,FALSE),IF(LEFT(C90,3)="ELE",VLOOKUP(VALUE(RIGHT(C90,3)),#REF!,4,FALSE),IF(LEFT(C90,3)="CAB",VLOOKUP(VALUE(RIGHT(C90,3)),#REF!,4,FALSE),IF(LEFT(C90,3)="SEG",VLOOKUP(VALUE(RIGHT(C90,3)),'SEG-COMP'!B:J,4,FALSE),IF(LEFT(C90,3)="CLI",VLOOKUP(VALUE(RIGHT(C90,3)),'CLI-COMP'!B:J,4,FALSE),IF(LEFT(C90,4)="IMPL",VLOOKUP(VALUE(RIGHT(C90,3)),'IMPL-COMP'!B:J,4,FALSE),IF(LEFT(C90,4)="SPDA",VLOOKUP(VALUE(RIGHT(C90,3)),'SPDA-COMP'!B:J,4,FALSE),IF(LEFT(C90,4)="SDAI",VLOOKUP(VALUE(RIGHT(C90,3)),'ADM-COMP'!B:J,4,FALSE),IF(LEFT(C90,5)="IMPER",VLOOKUP(VALUE(RIGHT(C90,3)),'IMPER-COMP'!B:J,4,FALSE),"")))))))))))))))) -> VERGA/CONTRAVERGA RETA DE CONCRETO ARMADO MOLDADA IN LOCO 10 X 5 CM, FCK = 15 MPA, INCLUSIVE FORMA, ARMAÇÃO E DESFORMA, COMPRIMENTO INFERIOR A 2.0 METROS | E90: =IF(B90="IOPES",VLOOKUP(C90,'LABOR-SERVIÇOS'!A:H,6,FALSE),IF(B90="SINAPI",VLOOKUP(C90,'SINAPI-SERVIÇOS'!A:D,3,FALSE),IF(LEFT(C90,3)="ARQ",VLOOKUP(VALUE(RIGHT(C90,3)),'ARQ-COMP'!B:J,5,FALSE),IF(LEFT(C90,3)="SCI",VLOOKUP(VALUE(RIGHT(C90,3)),'GAS-COMP'!#REF!,5,FALSE),IF(LEFT(C90,3)="SCE",VLOOKUP(VALUE(RIGHT(C90,3)),'SCE-COMP'!B:J,5,FALSE),IF(LEFT(C90,3)="EST",VLOOKUP(VALUE(RIGHT(C90,3)),'EST-COMP'!B:J,5,FALSE),IF(LEFT(C90,3)="HID",VLOOKUP(VALUE(RIGHT(C90,3)),'HID-COMP'!B:J,5,FALSE),IF(LEFT(C90,3)="INC",VLOOKUP(VALUE(RIGHT(C90,3)),'INC-COMP'!B:J,5,FALSE),IF(LEFT(C90,3)="ELE",VLOOKUP(VALUE(RIGHT(C90,3)),#REF!,5,FALSE),IF(LEFT(C90,3)="CAB",VLOOKUP(VALUE(RIGHT(C90,3)),#REF!,5,FALSE),IF(LEFT(C90,3)="SEG",VLOOKUP(VALUE(RIGHT(C90,3)),'SEG-COMP'!B:J,5,FALSE),IF(LEFT(C90,3)="CLI",VLOOKUP(VALUE(RIGHT(C90,3)),'CLI-COMP'!B:J,5,FALSE),IF(LEFT(C90,4)="IMPL",VLOOKUP(VALUE(RIGHT(C90,3)),'IMPL-COMP'!B:J,5,FALSE),IF(LEFT(C90,4)="SPDA",VLOOKUP(VALUE(RIGHT(C90,3)),'SPDA-COMP'!B:J,5,FALSE),IF(LEFT(C90,4)="SDAI",VLOOKUP(VALUE(RIGHT(C90,3)),'ADM-COMP'!B:J,5,FALSE),IF(LEFT(C90,5)="IMPER",VLOOKUP(VALUE(RIGHT(C90,3)),'IMPER-COMP'!B:J,5,FALSE),"")))))))))))))))) -> M | F90: =ROUND(VLOOKUP(A90,'MEM-LEVANT'!A131:I2686,9,FALSE),2) -> 20.7 | G90: =IF(B90="IOPES",VLOOKUP(C90,'LABOR-SERVIÇOS'!A:H,7,FALSE),IF(B90="SINAPI",VLOOKUP(C90,'SINAPI-SERVIÇOS'!A:H,8,FALSE),IF(LEFT(C90,3)="ARQ",VLOOKUP(VALUE(RIGHT(C90,3)),'ARQ-COMP'!B:J,9,FALSE),IF(LEFT(C90,3)="SCI",VLOOKUP(VALUE(RIGHT(C90,3)),'GAS-COMP'!#REF!,9,FALSE),IF(LEFT(C90,3)="SCE",VLOOKUP(VALUE(RIGHT(C90,3)),'SCE-COMP'!B:J,9,FALSE),IF(LEFT(C90,3)="EST",VLOOKUP(VALUE(RIGHT(C90,3)),'EST-COMP'!B:J,9,FALSE),IF(LEFT(C90,3)="HID",VLOOKUP(VALUE(RIGHT(C90,3)),'HID-COMP'!B:J,9,FALSE),IF(LEFT(C90,3)="INC",VLOOKUP(VALUE(RIGHT(C90,3)),'INC-COMP'!B:J,9,FALSE),IF(LEFT(C90,3)="ELE",VLOOKUP(VALUE(RIGHT(C90,3)),#REF!,9,FALSE),IF(LEFT(C90,3)="CAB",VLOOKUP(VALUE(RIGHT(C90,3)),#REF!,9,FALSE),IF(LEFT(C90,3)="SEG",VLOOKUP(VALUE(RIGHT(C90,3)),'SEG-COMP'!B:J,9,FALSE),IF(LEFT(C90,3)="CLI",VLOOKUP(VALUE(RIGHT(C90,3)),'CLI-COMP'!B:J,9,FALSE),IF(LEFT(C90,4)="IMPL",VLOOKUP(VALUE(RIGHT(C90,3)),'IMPL-COMP'!B:J,9,FALSE),IF(LEFT(C90,4)="SPDA",VLOOKUP(VALUE(RIGHT(C90,3)),'SPDA-COMP'!B:J,9,FALSE),IF(LEFT(C90,4)="SDAI",VLOOKUP(VALUE(RIGHT(C90,3)),'ADM-COMP'!B:J,9,FALSE),IF(LEFT(C90,5)="IMPER",VLOOKUP(VALUE(RIGHT(C90,3)),'IMPER-COMP'!B:J,9,FALSE),"")))))))))))))))) -> 56.6 | H90: =ROUND(F90*G90,2) -> 1171.62 | I90: =H90/$H$441 -> 6.850414e-05
D91: TOTAL DO ITEM 4.0 | H91: =SUM(H84:H90) -> 942550.15 | I91: =H91/$H$441 -> 0.05511052
A93: 05 | D93: ESQUADRIAS
A94: 05.01 | D94: ESQUADRIAS DE MADEIRA
